Workbook
Name \0: #REF!
Name \00: #REF!
Name \a: #REF!
Name \AA: [1]LIQUIDACION!#REF!
Name \b: [2]STRSUMM0!#REF!
Name \bb: [2]STRSUMM0!#REF!
Name \c: #REF!
Name \d: #REF!
Name \E: #REF!
Name \EE: #REF!
Name \G: #REF!
Name \i: #REF!
Name \k: '[3]7422CW00'!#REF!
Name \l: [4]STRSUMM0!#REF!
Name \M: #REF!
Name \n: #REF!
Name \ñ: '[5]7422CW00'!#REF!
Name \P: #REF!
Name \PX: #REF!
Name \q: #REF!
Name \R: #REF!
Name \s: #REF!
Name \t: #REF!
Name \V: #REF!
Name \w: #N/A
Name \X: [0]!ERR
Name \Z: [0]!ERR
Name ____________________________________APU221: #REF!
Name ____________________________________APU465: #REF!
Name ____________________________________PJ50: #REF!
Name ____________________________________pj51: #REF!
Name __________________________________APU221: #REF!
Name __________________________________APU465: #REF!
Name __________________________________PJ50: #REF!
Name __________________________________pj51: #REF!
Name _________________________________APU221: #REF!
Name _________________________________APU465: #REF!
Name _________________________________PJ50: #REF!
Name _________________________________pj51: #REF!
Name ________________________________APU221: #REF!
Name ________________________________APU465: #REF!
Name ________________________________PJ50: #REF!
Name ________________________________pj51: #REF!
Name _______________________________APU221: #REF!
Name _______________________________APU465: #REF!
Name _______________________________PJ50: #REF!
Name _______________________________pj51: #REF!
Name _____________________________APU221: #REF!
Name _____________________________APU465: #REF!
Name _____________________________PJ50: #REF!
Name _____________________________pj51: #REF!
Name ____________________________APU221: #REF!
Name ____________________________APU465: #REF!
Name ____________________________PJ50: #REF!
Name ____________________________pj51: #REF!
Name ___________________________APU221: #REF!
Name ___________________________APU465: #REF!
Name ___________________________PJ50: #REF!
Name ___________________________pj51: #REF!
Name _________________________APU221: #REF!

Sheet PRESUPUESTO RESUMIDO
A1: =ROTULOS!B2 -> DEPARTAMENTO DEL HUILA
A2: =ROTULOS!B3 -> MUNICIPIO DE PALERMO
A3: =ROTULOS!B4 -> AMPLIACIÓN DE LA SEDE PRINCIPAL DE LA INSTITUCION EDUCATIVA JOSÉ REINEL DEL MUNICIPIO DE PALERMO HUILA
A4: ITEM | B4: CUBS | C4: ACTIVIDAD | D4: UND | E4: VR. UNT. | F4: CANT. | G4: VR. PARCIAL
B5: 1 | C5: PRELIMINARES
B6: 3.3.1.6.0 | C6: Localización y replanteo topografico | D6: M2 | E6: ='1-2 PRELIMINARES-DEMOLICION'!#REF! -> #REF! | G6: =E6*F6 -> #REF!
B7: 3,3.1,6,0 | C7: =+'1-2 PRELIMINARES-DEMOLICION'!#REF! -> #REF! | D7: M2 | E7: =+'1-2 PRELIMINARES-DEMOLICION'!#REF! -> #REF! | G7: =E7*F7 -> #REF!
B8: 3.3.1.6.0 | C8: =+'1-2 PRELIMINARES-DEMOLICION'!#REF! -> #REF! | D8: =+'1-2 PRELIMINARES-DEMOLICION'!#REF! -> #REF! | E8: =+'1-2 PRELIMINARES-DEMOLICION'!#REF! -> #REF! | G8: =E8*F8 -> #REF!
B9: 3.3.1.2.2 | C9: =+'1-2 PRELIMINARES-DEMOLICION'!#REF! -> #REF! | D9: M2 | E9: ='1-2 PRELIMINARES-DEMOLICION'!#REF! -> #REF! | G9: =E9*F9 -> #REF!
B11: 2 | C11: DEMOLICIONES Y DESMONTE DE ELEMENTOS
B12: 3.3.1.1.8 | C12: Demolición muros e-0.15m, con retiro | D12: M2 | E12: ='1-2 PRELIMINARES-DEMOLICION'!#REF! -> #REF! | G12: =E12*F12 -> #REF!
B13: 3.3.1.1.7 | C13: Demolición muros e=0.25m, con retiro | D13: M2 | E13: ='1-2 PRELIMINARES-DEMOLICION'!F55 -> 26467 | G13: =E13*F13 -> 0
B14: 3.3-1.1.0 | C14: Demolición de enchape y revoque, con retiro | D14: M2 | E14: ='1-2 PRELIMINARES-DEMOLICION'!#REF! -> #REF! | G14: =E14*F14 -> #REF!
B15: 3.3.1.1.12 | C15: Demolición placa de piso concreto e=0.10m, incluye retiro | D15: M2 | E15: ='1-2 PRELIMINARES-DEMOLICION'!#REF! -> #REF! | G15: =E15*F15 -> #REF!
B16: 3.3.1.1.0 | C16: Demolición mecánica placa concreto e = .20m, incluye retiro | D16: M2 | E16: ='1-2 PRELIMINARES-DEMOLICION'!#REF! -> #REF! | G16: =E16*F16 -> #REF!
B17: 3.3.1.1.0 | C17: =+'1-2 PRELIMINARES-DEMOLICION'!#REF! -> #REF! | D17: M2 | E17: ='1-2 PRELIMINARES-DEMOLICION'!#REF! -> #REF! | G17: =E17*F17 -> #REF!
B18: 3.3.1.1.0 | C18: Retiro de escombros hasta 3Km | D18: M3 | E18: ='1-2 PRELIMINARES-DEMOLICION'!#REF! -> #REF! | G18: =E18*F18 -> #REF!
B19: 3.3.1.1.0 | C19: Demolición mecánica de concreto ciclópeo | D19: M3 | E19: ='1-2 PRELIMINARES-DEMOLICION'!#REF! -> #REF! | G19: =E19*F19 -> #REF!
B20: 3.3.1.1.0 | C20: Demolición mecánica viga concreto armado | D20: M3 | E20: ='1-2 PRELIMINARES-DEMOLICION'!#REF! -> #REF! | G20: =E20*F20 -> #REF!
B21: 3.3.1.1.2 | C21: =+'1-2 PRELIMINARES-DEMOLICION'!#REF! -> #REF! | D21: =+'1-2 PRELIMINARES-DEMOLICION'!#REF! -> #REF! | E21: ='1-2 PRELIMINARES-DEMOLICION'!#REF! -> #REF! | G21: =E21*F21 -> #REF!
B22: 3.3.1.1.3 | C22: =+'1-2 PRELIMINARES-DEMOLICION'!#REF! -> #REF! | D22: =+'1-2 PRELIMINARES-DEMOLICION'!#REF! -> #REF! | E22: =+'1-2 PRELIMINARES-DEMOLICION'!#REF! -> #REF! | G22: =E22*F22 -> #REF!
C23: Desmonte de cielo falso en madera,incluye desmonte de estructura en madera y retiro de escombros | D23: M2 | E23: ='1-2 PRELIMINARES-DEMOLICION'!#REF! -> #REF! | G23: =E23*F23 -> #REF!
C24: Desmonte de cubierta en teja de barro ,incluye desmonte de estructura en madera y retiro de escombros | D24: M2 | E24: ='1-2 PRELIMINARES-DEMOLICION'!#REF! -> #REF! | G24: =E24*F24 -> #REF!
B25: 3.3.1.1.0 | C25: Desmonte cubierta teja de zinc con estructura | D25: M2 | E25: ='1-2 PRELIMINARES-DEMOLICION'!#REF! -> #REF! | G25: =E25*F25 -> #REF!
B27: 3 | C27: MOVIMIENTO DE TIERRA
B28: 3.3.2.2.0 | C28: Excavación manual con retiro hasta h=2,9m | D28: M3 | E28: =#REF! -> #REF! | G28: =E28*F28 -> #REF!
B29: 3.3.2.2.0 | C29: Excavación mecánica con retiro | D29: M3 | E29: =#REF! -> #REF! | G29: =E29*F29 -> #REF!
B30: 3.3.2.2.0 | C30: Excavación en roca | D30: M3 | E30: =#REF! -> #REF! | G30: =E30*F30 -> #REF!
B31: 3.3.2.1.2 | C31: Explanación con retiro | D31: M3 | E31: =#REF! -> #REF! | G31: =E31*F31 -> #REF!
B32: 3.3.2.1.0 | C32: Explanación corte extendida | D32: M3 | E32: =#REF! -> #REF! | G32: =E32*F32 -> #REF!
B33: 3.3.2.6.0 | C33: Relleno compactado con material de sitio | D33: M3 | E33: =#REF! -> #REF! | G33: =E33*F33 -> #REF!
B35: 4 | C35: CIMIENTOS
B36: 3.3.6.1.0 | C36: =+#REF! -> #REF! | D36: =+#REF! -> #REF! | E36: =+#REF! -> #REF! | G36: =E36*F36 -> #REF!
B37: 3.3.6.3.0 | C37: =+#REF! -> #REF! | D37: =+#REF! -> #REF! | E37: =+#REF! -> #REF! | G37: =E37*F37 -> #REF!
B38: 3.3.6.3.0 | C38: Concreto muro de contención 3000 PSI | D38: M3 | E38: =#REF! -> #REF! | G38: =E38*F38 -> #REF!
B39: 3.3.6.1.4 | C39: Cimentacion tipo zapatas en concreto de 3000 P.S.I | D39: M3 | E39: =#REF! -> #REF! | G39: =E39*F39 -> #REF!
B40: 3.3.6.1.0 | C40: Cimentacion tipo viga de amarre, concreto 3000 psi. 0.25x0.25, Incluye acero | D40: ML | E40: =#REF! -> #REF! | G40: =E40*F40 -> #REF!
B41: 3.3.6.1.0 | C41: Cimentacion tipo viga de amarre, concreto 3000 psi. 0.15x0.25, Incluye acero | D41: ML | E41: =#REF! -> #REF! | G41: =E41*F41 -> #REF!
B42: 3.3.6.1.0 | C42: Cimentacion tipo viga de amarre, concreto 3000 psi. 0.30x0.30, Incluye acero (4No.5, E-3/8" C/0,20m) | D42: ML | E42: =#REF! -> #REF! | G42: =E42*F42 -> #REF!
B43: 3.3.6.1.12 | C43: Cimentacion tipo viga de amarre, concreto 3000 psi. | D43: M3 | E43: =#REF! -> #REF! | G43: =E43*F43 -> #REF!
B44: 3.3.6.1.0 | C44: Cimentacion tipo solado de limpieza concreto 1700 psi. | D44: M3 | E44: =#REF! -> #REF! | G44: =E44*F44 -> #REF!
B45: 3.3.6.1.0 | C45: Cimentacion tipo solado de limpieza concreto 1700 psi e=0,05m | D45: =+#REF! -> #REF! | E45: =+#REF! -> #REF! | G45: =E45*F45 -> #REF!
B47: 5 | C47: MAMPOSTERIA
C48: Muro en ladrillo tolete comun e=0,07m | D48: M2 | E48: ='3-4 MAMPOSTERIA-ESTRUCTURA'!#REF! -> #REF! | G48: =E48*F48 -> #REF!
B49: 3.3.4.2.1 | C49: Muro ladrillo tolete común e=0.12m | D49: M2 | E49: ='3-4 MAMPOSTERIA-ESTRUCTURA'!F23 -> 79329 | G49: =E49*F49 -> 0
B50: 3.3.4.2.2 | C50: Muro ladrillo tolete común e=0.25m | D50: M2 | E50: ='3-4 MAMPOSTERIA-ESTRUCTURA'!#REF! -> #REF! | G50: =E50*F50 -> #REF!
B51: 3.3.4.0.0. | C51: Muro en bloque de cemento e=0.15m | D51: M2 | E51: ='3-4 MAMPOSTERIA-ESTRUCTURA'!#REF! -> #REF! | G51: =E51*F51 -> #REF!
B52: 3.3.4.3.1 | C52: Muro ladrillo prensado e=0.12m rejilla santafé, visto por dos caras | D52: M2 | E52: ='3-4 MAMPOSTERIA-ESTRUCTURA'!#REF! -> #REF! | G52: =E52*F52 -> #REF!
B53: 3.3.4.1.17 | C53: Muro ladrillo prensado e=0.12m de ladrillera, visto por dos caras | D53: M2 | E53: ='3-4 MAMPOSTERIA-ESTRUCTURA'!#REF! -> #REF! | G53: =E53*F53 -> #REF!
B54: 3.3.4.0.0 | C54: Muro ladrillo semiprensado e-0.12 de ladrillera, visto una cara | D54: M2 | E54: ='3-4 MAMPOSTERIA-ESTRUCTURA'!#REF! -> #REF! | G54: =E54*F54 -> #REF!
B55: 3.3.4.4.3 | C55: Bloque de arcilla No . 4 e-0.20m | D55: M2 | E55: ='3-4 MAMPOSTERIA-ESTRUCTURA'!#REF! -> #REF! | G55: =E55*F55 -> #REF!
B56: 3.3.4.4.2 | C56: Bloque de arcilla No. 5 e-0.12m (12x20x30) | D56: M2 | E56: ='3-4 MAMPOSTERIA-ESTRUCTURA'!#REF! -> #REF! | G56: =E56*F56 -> #REF!
B57: 3.3.4.8.1 | C57: Alfajia en concreto 3000 PSI, e= 0.15x0.25 incluye acero de refuerzo de 60000 P.S.I (2Ø3/8" refuerzo y E=Ø1/4" c. 0,20 m) | D57: ML | E57: ='3-4 MAMPOSTERIA-ESTRUCTURA'!F40 -> 71518 | G57: =E57*F57 -> 0
B58: 3.3.4.8.2 | C58: Alfajia en ladrillo a la vista | D58: ML | E58: ='3-4 MAMPOSTERIA-ESTRUCTURA'!#REF! -> #REF! | G58: =E58*F58 -> #REF!
B59: 3.3.6.0.0 | C59: Mesón en concreto 3.000PSI, a=0.60m, e=0.10m, enchapado | D59: ML | E59: ='3-4 MAMPOSTERIA-ESTRUCTURA'!#REF! -> #REF! | G59: =E59*F59 -> #REF!
B60: 3.3.6.0.0 | C60: Mesón en concreto 0.60m, revestido granito | D60: ML | E60: ='3-4 MAMPOSTERIA-ESTRUCTURA'!#REF! -> #REF! | G60: =E60*F60 -> #REF!
B61: 3.3.6.0.0 | C61: Pedestal en concreto para luminaria | D61: UND | E61: ='3-4 MAMPOSTERIA-ESTRUCTURA'!#REF! -> #REF! | G61: =E61*F61 -> #REF!
B62: 3.3.4.0.0 | C62: Muro en calados de gres | D62: M2 | E62: ='3-4 MAMPOSTERIA-ESTRUCTURA'!#REF! -> #REF! | G62: =E62*F62 -> #REF!
B63: 3.3.4.4.1 | C63: Muro de arcilla No 4 E=0.10m | D63: M2 | E63: ='3-4 MAMPOSTERIA-ESTRUCTURA'!#REF! -> #REF! | G63: =E63*F63 -> #REF!
B65: 6 | C65: ESTRUCTURA
B66: 3.3.6.8.0 | C66: Acero de refuerzo de 37000 P.S.I | D66: Kg | E66: ='3-4 MAMPOSTERIA-ESTRUCTURA'!#REF! -> #REF! | G66: =E66*F66 -> #REF!
B67: 3.3.6.8.2 | C67: Acero de refuerzo de 60000 P.s.I | D67: Kg | E67: ='3-4 MAMPOSTERIA-ESTRUCTURA'!F58 -> 7599 | G67: =E67*F67 -> 0
B68: 3.3.6.2.1 | C68: Concreto para escaleras de 3000 P.S.I | D68: M3 | E68: ='3-4 MAMPOSTERIA-ESTRUCTURA'!#REF! -> #REF! | G68: =E68*F68 -> #REF!
B69: 3.3.6.4.3 | C69: Muro para tanque en concreto armado de 3000 P.S.I e=0.25m | D69: M3 | E69: ='3-4 MAMPOSTERIA-ESTRUCTURA'!#REF! -> #REF! | G69: =E69*F69 -> #REF!
B70: 3.3.6.4.2 | C70: Placa para tapa de tanque en concreto armado de 3000 P.S.I e=0.25m | D70: M3 | E70: ='3-4 MAMPOSTERIA-ESTRUCTURA'!#REF! -> #REF! | G70: =E70*F70 -> #REF!
B71: 3.3.6.4.1 | C71: Placa para fondo de tanque en concreto armado de 3000 P.S.I e=0.15m / | D71: M3 | E71: ='3-4 MAMPOSTERIA-ESTRUCTURA'!#REF! -> #REF! | G71: =E71*F71 -> #REF!
B72: 3.3.6.0.0 | C72: Junta en p.v.c base tanque | D72: ML | E72: ='3-4 MAMPOSTERIA-ESTRUCTURA'!#REF! -> #REF! | G72: =E72*F72 -> #REF!
B73: 3.3.6.0.0 | C73: Placa aligerada con casetón (0.30m), incluye acero temperatura y malla cíelorao | D73: M2 | E73: ='3-4 MAMPOSTERIA-ESTRUCTURA'!#REF! -> #REF! | G73: =E73*F73 -> #REF!
B74: 3.3.6.0.0 | C74: Placa aligerada con casetón (0.45m), incluye acero temperatura y malla cieloraso | D74: M2 | E74: ='3-4 MAMPOSTERIA-ESTRUCTURA'!#REF! -> #REF! | G74: =E74*F74 -> #REF!
B75: 3.3.6.0.0 | C75: Placa aligerada con casetón (0.50m), incluye acero temperatura y malla cieloraso | D75: =+'3-4 MAMPOSTERIA-ESTRUCTURA'!#REF! -> #REF! | E75: =+'3-4 MAMPOSTERIA-ESTRUCTURA'!#REF! -> #REF! | G75: =E75*F75 -> #REF!
B76: 3.3.6.0.0 | C76: Placa Steel-deck (a-0.09 mm) | D76: M2 | E76: ='3-4 MAMPOSTERIA-ESTRUCTURA'!#REF! -> #REF! | G76: =E76*F76 -> #REF!
B77: 3.3.6.5.2 | C77: Placa Aerea,maciza, en concreto de 3.000PSI, e-0.15m | D77: M2 | E77: ='3-4 MAMPOSTERIA-ESTRUCTURA'!#REF! -> #REF! | G77: =E77*F77 -> #REF!
B78: 3.3.4.7.0 | C78: Dintel en concreto 0.15x0.12m, incl. acero | D78: ML | E78: ='3-4 MAMPOSTERIA-ESTRUCTURA'!F75 -> 63184 | G78: =E78*F78 -> 0
B79: 3.3.6.7.0 | C79: Viga en concreto 0.30x0.12m, incl. acero | D79: ML | E79: ='3-4 MAMPOSTERIA-ESTRUCTURA'!#REF! -> #REF! | G79: =E79*F79 -> #REF!
B80: 3.3.6.7.0 | C80: Viga en concreto 0.30x0.30m,3000 PSI, incluye acero (4No5-E 3/8" C/ 0.15) | D80: ML | E80: ='3-4 MAMPOSTERIA-ESTRUCTURA'!#REF! -> #REF! | G80: =E80*F80 -> #REF!
B81: 3.3.6.7.0 | C81: Viga en concreto 0.25x0.25m,3000 PSI, incluye acero (4No5-E 3/8" C/ 0.15) | D81: ML | E81: ='3-4 MAMPOSTERIA-ESTRUCTURA'!#REF! -> #REF! | G81: =E81*F81 -> #REF!
B82: 3.3.6.7.2 | C82: Viga en concreto de 3000 P.S.I | D82: M3 | E82: ='3-4 MAMPOSTERIA-ESTRUCTURA'!#REF! -> #REF! | G82: =E82*F82 -> #REF!
B83: 3.3.6.7.6 | C83: Viga canal en concreto 3000 P.S.I | D83: M3 | E83: ='3-4 MAMPOSTERIA-ESTRUCTURA'!#REF! -> #REF! | G83: =E83*F83 -> #REF!
B84: 3.3.6.6.0 | C84: Columna en concreto 0.30x0.30m, 3000PSI | D84: ML | E84: ='3-4 MAMPOSTERIA-ESTRUCTURA'!#REF! -> #REF! | G84: =E84*F84 -> #REF!
B85: 3.3.6.6.0 | C85: Columna en concreto 0.30x0.30m, 3000PSI, incluye refuerzo (4No5-E 3/8" C/ 0.15) | D85: ML | E85: ='3-4 MAMPOSTERIA-ESTRUCTURA'!#REF! -> #REF! | G85: =E85*F85 -> #REF!
B86: 3.3.6.6.0 | C86: Columna en concreto 0.30x0.40m, 3000PSI, incluye refuerzo (6No5-E 3/8" C/ 0.15) para Tanque | D86: ML | E86: ='3-4 MAMPOSTERIA-ESTRUCTURA'!#REF! -> #REF! | G86: =E86*F86 -> #REF!
B87: 3.3.6.6.1 | C87: Columna en concreto de 3000 P.S.I | D87: M3 | E87: ='3-4 MAMPOSTERIA-ESTRUCTURA'!#REF! -> #REF! | G87: =E87*F87 -> #REF!
B88: 3.3.6.6.0 | C88: Columneta concreto 0.20x0.12m, incl. acero (4No4-E 3/8" C/ 0.15) | D88: ML | E88: ='3-4 MAMPOSTERIA-ESTRUCTURA'!#REF! -> #REF! | G88: =E88*F88 -> #REF!
B89: 3.3.6.6.0 | C89: Columneta concreto 0.25x0.12m, incl. acero (4No4-E 3/8" C/ 0.15) | D89: ML | E89: =+'3-4 MAMPOSTERIA-ESTRUCTURA'!#REF! -> #REF! | G89: =E89*F89 -> #REF!
B90: 3.3.6.6.0 | C90: Columneta concreto 0.30x0.12m, incl. acero (4No4-E 3/8" C/ 0.15) | D90: ML | E90: ='3-4 MAMPOSTERIA-ESTRUCTURA'!#REF! -> #REF! | G90: =E90*F90 -> #REF!
B91: 3.3.6.7.0 | C91: Viga culata 0.12x0.10m, incl. Acero (2-3/8",E-1/4" c/,20) | D91: ML | E91: ='3-4 MAMPOSTERIA-ESTRUCTURA'!#REF! -> #REF! | G91: =E91*F91 -> #REF!
B92: 3.3.6.7.0 | C92: Viga culata 0.12x0.10m, incl. Acero (2No.4,E-3/8" c/,20) | D92: ML | E92: ='3-4 MAMPOSTERIA-ESTRUCTURA'!#REF! -> #REF! | G92: =E92*F92 -> #REF!
B93: 3.3.6.7.0 | C93: Viga de confinamiento de muros 0.20x0.12m, incluye acero (4-E 3/8",E 1/4" C/ 0.15) | D93: ML | E93: ='3-4 MAMPOSTERIA-ESTRUCTURA'!#REF! -> #REF! | G93: =E93*F93 -> #REF!
B94: 3.3.6.6.0 | C94: Columna perfil metálico doble cal 16 | D94: ML | E94: ='3-4 MAMPOSTERIA-ESTRUCTURA'!#REF! -> #REF! | G94: =E94*F94 -> #REF!
B95: 3.3.6.6.0 | C95: Columna metálica en ángulo | D95: ML | E95: ='3-4 MAMPOSTERIA-ESTRUCTURA'!#REF! -> #REF! | G95: =E95*F95 -> #REF!
B96: 3.3.6.6.0 | C96: Columna en tubo 2" y varilla 5/8", pórtico de 18 mts de luz | D96: ML | E96: ='3-4 MAMPOSTERIA-ESTRUCTURA'!#REF! -> #REF! | G96: =E96*F96 -> #REF!
B98: 7 | C98: INSTALACIONES ELÉCTRICAS
B99: 3.3.13.0.0. | C99: Acometida Electrica Iluminacion monofasica | D99: UN | E99: =+'5 ELECTRICAS'!#REF! -> #REF! | G99: =E99*F99 -> #REF!
C100: Salida parcial monofásica tablero 2 circuitos, Incluye tablero y Breakers | D100: UN | E100: ='5 ELECTRICAS'!#REF! -> #REF! | G100: =E100*F100 -> #REF!
B101: 3.3.13.0.0. | C101: =+'5 ELECTRICAS'!#REF! -> #REF! | D101: =+'5 ELECTRICAS'!#REF! -> #REF! | E101: =+'5 ELECTRICAS'!#REF! -> #REF! | G101: =E101*F101 -> #REF!
B102: 3.3.13.0.0. | C102: Salida parcial hasta 30m | D102: UN | E102: ='5 ELECTRICAS'!#REF! -> #REF! | G102: =E102*F102 -> #REF!
B103: 3.3.13.0.0 | C103: Salida parcial hasta 60m | D103: UN | E103: ='5 ELECTRICAS'!#REF! -> #REF! | G103: =E103*F103 -> #REF!
C104: Cable concentrico monofasico | D104: ML | E104: ='5 ELECTRICAS'!#REF! -> #REF! | G104: =E104*F104 -> #REF!
B105: 3.3.13.0.0 | C105: Tablero de automáticos 12 circuitos | D105: UN | E105: ='5 ELECTRICAS'!F22 -> 631358 | G105: =E105*F105 -> 0
B106: 3.3.13.0.0 | C106: Tablero de automáticos 4 circuitos | D106: UN | E106: ='5 ELECTRICAS'!#REF! -> #REF! | G106: =E106*F106 -> #REF!
...

Sheet Cronograma
A1: ACTIVIDADES | B1: VALOR | C1: ETAPA PRECONTRACTUAL | E1: ETAPA DE EJECUCIÓN | G1: ETAPA DE LIQUIDACIÓN
C2: MES 1 | D2: MES 2 | E2: MES 3 | F2: MES 4 | G2: MES 5 | H2: MES 6 | I2: MES 7 | J2: MES 8
A3: =C1 -> ETAPA PRECONTRACTUAL
A4: ETAPA DE EJECUCIÓN
A5: Realizar Preliminares | B5: 1409954 | E5: 1409954 | K5: =SUM(E5:J5) -> 1409954 | L5: =K5-B5 -> 0
A6: Realizar Demoliciones y desmonte de elementos | B6: 328301 | E6: 328301 | K6: =SUM(E6:J6) -> 328301 | L6: =K6-B6 -> 0
A7: Construir Mampostería | B7: 13820063 | E7: 6910031 | F7: 6910032 | K7: =SUM(E7:J7) -> 13820063 | L7: =K7-B7 -> 0
A8: Construir Estructuras | B8: 2847516 | E8: 949173 | F8: 1898343 | K8: =SUM(E8:J8) -> 2847516 | L8: =K8-B8 -> 0
A9: Construir Instalaciones Eléctricas | B9: 16505066 | F9: 16505066 | K9: =SUM(E9:J9) -> 16505066 | L9: =K9-B9 -> 0
A10: Realizar pañetes e impermeabilización | B10: 13186268 | F10: 13186268 | K10: =SUM(E10:J10) -> 13186268 | L10: =K10-B10 -> 0
A11: Instalar cubiertas | B11: 8274924 | F11: 8274924 | K11: =SUM(E11:J11) -> 8274924 | L11: =K11-B11 -> 0
A12: Realizar acabados | B12: 10294674 | F12: 10294674 | K12: =SUM(E12:J12) -> 10294674 | L12: =K12-B12 -> 0
A13: Realizar pisos y enchapes | B13: 28431077 | F13: 28431077 | K13: =SUM(E13:J13) -> 28431077 | L13: =K13-B13 -> 0
A14: Instalar carpintería metálica | B14: 7761639 | F14: 7761639 | K14: =SUM(E14:J14) -> 7761639 | L14: =K14-B14 -> 0
A15: Realizar pintura general | B15: 6627286 | F15: 6627286 | K15: =SUM(E15:J15) -> 6627286 | L15: =K15-B15 -> 0
A16: Realizar limpieza general | B16: 431899 | F16: 431899 | K16: =SUM(E16:J16) -> 431899 | L16: =K16-B16 -> 0
A17: Realizar apoyo a la supervisión | B17: 2500000 | E17: 1250000 | F17: 1250000 | K17: =SUM(E17:J17) -> 2500000 | L17: =K17-B17 -> 0
A18: VALOR TOTAL | B18: =SUM(B5:B17) -> 112418667 | E18: =SUM(E5:E17) -> 10847459 | F18: =SUM(F5:F17) -> 101571208 | K18: =SUM(E18:J18) -> 112418667 | L18: =K18-B18 -> 0
A19: ETAPA DE LIQUIDACIÓN

Sheet Cadena de Valor 3
B2: Programa | C2: Producto | D2: Actividad | E2: Mano O Calificada | F2: Mano O no Calificada | G2: Materiales | H2: Maq, Herr, Equipos | I2: Total
B3: 2201 Calidad, cobertura y fortalecimiento de la educación inicial, prescolar, básica y media | C3: 2201052 Infraestructura educativa mejorada | D3: Realizar Preliminares | E3: 230621 | F3: 538115 | G3: 569504 | H3: 71714 | I3: =ROUND(SUM(E3:H3),2) -> 1409954
D4: Realizar Demoliciones y desmonte de elementos | E4: 62384 | F4: 145563 | H4: 120354 | I4: =ROUND(SUM(E4:H4),2) -> 328301
D5: Construir Mampostería | E5: 1108596 | F5: 2586724 | G5: 9701780 | H5: 422963 | I5: =ROUND(SUM(E5:H5),2) -> 13820063
D6: Construir Estructuras | E6: 137632 | F6: 321141 | G6: 2259861 | H6: 128882 | I6: =ROUND(SUM(E6:H6),2) -> 2847516
D7: Construir Instalaciones Eléctricas | E7: 1606818 | F7: 3749243 | G7: 10950105 | H7: 198900 | I7: =ROUND(SUM(E7:H7),2) -> 16505066
D8: Realizar pañetes e impermeabilización | E8: 990089 | F8: 2310207 | G8: 8784641 | H8: 1101331 | I8: =ROUND(SUM(E8:H8),2) -> 13186268
D9: Instalar cubiertas | E9: 818364 | F9: 1909516 | G9: 4996169 | H9: 550875 | I9: =ROUND(SUM(E9:H9),2) -> 8274924
D10: Realizar acabados | E10: 693357 | F10: 1617834 | G10: 7728524 | H10: 254959 | I10: =ROUND(SUM(E10:H10),2) -> 10294674
D11: Realizar pisos y enchapes | E11: 2303596 | F11: 5375058 | G11: 17096496 | H11: 3655927 | I11: =ROUND(SUM(E11:H11),2) -> 28431077
D12: Instalar carpintería metálica | E12: 738180 | F12: 1722421 | G12: 5265564 | H12: 35474 | I12: =ROUND(SUM(E12:H12),2) -> 7761639
D13: Realizar pintura general | E13: 1072864 | F13: 2503350 | G13: 2821943 | H13: 229129 | I13: =ROUND(SUM(E13:H13),2) -> 6627286
D14: Realizar limpieza general | E14: 17566 | F14: 40988 | H14: 373345 | I14: =ROUND(SUM(E14:H14),2) -> 431899
D15: Realizar apoyo a la supervisión | E15: 2500000 | I15: =E15 -> 2500000
B16: VALOR TOTAL PROYECTO | I16: =SUM(I3:I15) -> 112418667 | K16: 109918667
I20: 644 | K20: Jose Reinel Cerquera | L20: =475/635*100 -> 75 | M20: =160*L20% -> 120
K21: 0/14 años:475 | L21: =160/635*100 -> 25 | M21: =160*L21% -> 40
I22: =4000*5 -> 20000 | K22: 15/19 años : 160
D23: Fuente | E23: Valor | F23: Total | K23: 20/59 años 0
D24: Recursos propios | E24: =K16 -> 109918667 | F24: =E24 -> 109918667 | I24: =I16*34% -> 38222347 | K24: Total: 635 | L24: =290/635*100 -> 46 | M24: =160*L24% -> 74
D25: Bienes y servicios | E25: 2500000 | F25: =E25 -> 2500000 | I25: =I24/160 -> 238890
D26: Total | F26: =SUM(F24:F25) -> 112418667 | I26: 238890 | K26: Femenino: 290 | L26: =345/635*100 -> 54 | M26: =160*L26% -> 86
K27: Masculino: 345
K28: Total 635

Sheet Cadena de Valor 2
B2: Programa | C2: Producto | D2: Actividad | E2: Mano Cal | F2: Mano no Cal | G2: Materiales | H2: Maq, Herr, Equipos | I2: Transporte | J2: Total
D3: Realizar Preliminares | E3: ='Cadena de Valor'!T9 -> 230621 | F3: ='Cadena de Valor'!S9 -> 538115 | G3: ='Cadena de Valor'!R9 -> 569504 | H3: ='Cadena de Valor'!Q9 -> 71714 | J3: =ROUND(SUM(E3:I3),2) -> 1409954
D4: Realizar Demoliciones y desmonte de elementos | E4: ='Cadena de Valor'!T12 -> 62384 | F4: ='Cadena de Valor'!S12 -> 145563 | G4: ='Cadena de Valor'!R12 -> 0 | H4: ='Cadena de Valor'!Q12 -> 120354 | J4: =ROUND(SUM(E4:I4),2) -> 328301
D5: Construir Mamposteria | E5: ='Cadena de Valor'!T15 -> 1108596 | F5: ='Cadena de Valor'!S15 -> 2586724 | G5: ='Cadena de Valor'!R15 -> 9701780 | H5: ='Cadena de Valor'!Q15 -> 422963 | J5: =ROUND(SUM(E5:I5),2) -> 13820063
D6: Construir Estructuras | E6: ='Cadena de Valor'!T18 -> 137632 | F6: ='Cadena de Valor'!S18 -> 321141 | G6: ='Cadena de Valor'!R18 -> 2259861 | H6: ='Cadena de Valor'!Q18 -> 128882 | J6: =ROUND(SUM(E6:I6),2) -> 2847516
D7: Construir Instalaciones Electricas | E7: ='Cadena de Valor'!T21 -> 1606818 | F7: ='Cadena de Valor'!S21 -> 3749243 | G7: ='Cadena de Valor'!R21 -> 10950105 | H7: ='Cadena de Valor'!Q21 -> 198900 | J7: =ROUND(SUM(E7:I7),2) -> 16505066
D8: Realizar pañetes e impermeabilizacion | E8: ='Cadena de Valor'!T32 -> 990089 | F8: ='Cadena de Valor'!S32 -> 2310207 | G8: ='Cadena de Valor'!R32 -> 8784641 | H8: ='Cadena de Valor'!Q32 -> 1101331 | J8: =ROUND(SUM(E8:I8),2) -> 13186268
D9: Instalar cubiertas | E9: ='Cadena de Valor'!T37 -> 818364 | F9: ='Cadena de Valor'!S37 -> 1909516 | G9: ='Cadena de Valor'!R37 -> 4996169 | H9: ='Cadena de Valor'!Q37 -> 550875 | J9: =ROUND(SUM(E9:I9),2) -> 8274924
D10: Realizar acabados | E10: ='Cadena de Valor'!T42 -> 693357 | F10: ='Cadena de Valor'!S42 -> 1617834 | G10: ='Cadena de Valor'!R42 -> 7728524 | H10: ='Cadena de Valor'!Q42 -> 254959 | J10: =ROUND(SUM(E10:I10),2) -> 10294674
D11: Realizar pisos y enchapes | E11: ='Cadena de Valor'!T45 -> 2303596 | F11: ='Cadena de Valor'!S45 -> 5375058 | G11: ='Cadena de Valor'!R45 -> 17096496 | H11: ='Cadena de Valor'!Q45 -> 3655927 | J11: =ROUND(SUM(E11:I11),2) -> 28431077
D12: Instalar carpinteria metalica | E12: ='Cadena de Valor'!T50 -> 738180 | F12: ='Cadena de Valor'!S50 -> 1722421 | G12: ='Cadena de Valor'!R50 -> 5265564 | H12: ='Cadena de Valor'!Q50 -> 35474 | J12: =ROUND(SUM(E12:I12),2) -> 7761639
D13: Realizar pintura general | E13: ='Cadena de Valor'!T54 -> 1072864 | F13: ='Cadena de Valor'!S54 -> 2503350 | G13: ='Cadena de Valor'!R54 -> 2821943 | H13: ='Cadena de Valor'!Q54 -> 229129 | J13: =ROUND(SUM(E13:I13),2) -> 6627286
D14: Realizar limpieza general | E14: ='Cadena de Valor'!T57 -> 17566 | F14: ='Cadena de Valor'!S57 -> 40988 | G14: ='Cadena de Valor'!R57 -> 0 | H14: ='Cadena de Valor'!Q57 -> 373345 | J14: =ROUND(SUM(E14:I14),2) -> 431899
B15: VALOR TOTAL PROYECTO | J15: =ROUND(SUM(J3:J14),0) -> 109918667 | M15: ='Cadena de Valor'!U59 -> 109918667 | N15: =M15-J15 -> 0
E18: =SUM(E3:E17) -> 9780067 | F18: =SUM(F3:F17) -> 22820160 | G18: =SUM(G3:G17) -> 70174587 | H18: =SUM(H3:H17) -> 7143853 | J18: =J15 -> 109918667
E19: =E18/$J$15 -> 0.089 | F19: =F18/$J$15 -> 0.2076 | G19: =G18/$J$15 -> 0.6384 | H19: =H18/$J$15 -> 0.065 | J19: =J18/$M$15 -> 1

Sheet Cadena de  Valor
B3: =ROTULOS!C8 -> MUNICIPIO DE PALERMO
B4: =ROTULOS!C9 -> SECRETARÍA DE PLANEACIÓN E INFRAESTRUCTURA
B5: =ROTULOS!C10 -> AMPLIACIÓN DE LA SEDE PRINCIPAL DE LA INSTITUCIÓN EDUCATIVA JOSÉ REINEL CERQUERA DEL MUNICIPIO DE PALERMO HUILA | W5: AIU
B6: CADENA DE VALOR | W6: 0.3
B7: ITEM | C7: DESCRIPCIÓN | D7: UNIDAD | E7: CANTIDAD | F7: VR/UNITARIO | G7: VR/TOTAL | H7: CHEQUEO (SI / NO) (F=L) | I7: VR UNITARIO SEGÚN APU | M7: VR TOTAL COSTO DIRECTO | Q7: VR TOTAL INCLUIDO AIU
I8: VR. UNITARIO MAQUINARIA, HERRAMIENTA Y EQUIPO PUESTO EN OBRA | J8: VR. UNITARIO MATERIALES PUESTOS EN OBRA | K8: VR UNITARIO MANO DE OBRA | L8: VR TOTAL APU | M8: VR TOTAL MAQUINARIA, HERRAMIENTA Y EQUIPO PUESTO EN OBRA | N8: VR TOTAL MATERIALES PUESTOS EN OBRA | O8: VR TOTAL MANO DE OBRA | P8: VR TOTAL OBRA COSTO DIRECTO | Q8: VR TOTAL MAQUINARIA, HERRAMIENTA Y EQUIPO PUESTO EN OBRA | R8: VR TOTAL MATERIALES PUESTOS EN OBRA | S8: VR TOTAL MANO DE OBRA NO CALIFICADA | T8: VR TOTAL MANO DE OBRA CALIFICADA | U8: VR TOTAL OBRA | W8: CHEQUEO (SI / NO) (G=P)
B9: ='PPTO I.E JOSE REINEL'!B6 -> 1 | C9: ='PPTO I.E JOSE REINEL'!C6 -> PRELIMINARES | G9: ='PPTO I.E JOSE REINEL'!G6 -> 1084580 | P9: =ROUND(SUM(P10:P11),2) -> 1084580 | Q9: =ROUND(SUM(Q10:Q11),2) -> 71714.08 | R9: =ROUND(SUM(R10:R11),2) -> 569504 | S9: =ROUND(SUM(S10:S11),2) -> 538115.14 | T9: =ROUND(SUM(T10:T11),2) -> 230620.77 | U9: =ROUND(SUM(Q9:T9),2) -> 1409954
B10: ='PPTO I.E JOSE REINEL'!B7 -> 1.1 | C10: ='PPTO I.E JOSE REINEL'!C7 -> Suministro e instalación de cerca en lona verde h=2.10 m | D10: ='PPTO I.E JOSE REINEL'!D7 -> ML | E10: ='PPTO I.E JOSE REINEL'!E7 -> 20 | F10: ='PPTO I.E JOSE REINEL'!F7 -> 28711 | G10: ='PPTO I.E JOSE REINEL'!G7 -> 574220 | H10: =IF(F10=L10,"SI","NO") -> SI | I10: ='1-2 PRELIMINARES-DEMOLICION'!F19 -> 300 | J10: ='1-2 PRELIMINARES-DEMOLICION'!F13 -> 21904 | K10: ='1-2 PRELIMINARES-DEMOLICION'!F22 -> 6507 | L10: =ROUND(SUM(I10:K10),0) -> 28711 | M10: =$E10*I10 -> 6000 | N10: =$E10*J10 -> 438080 | O10: =$E10*K10 -> 130140 | P10: =SUM(M10:O10) -> 574220 | Q10: =M10*(1+$W$6) -> 7800 | R10: =N10*(1+$W$6) -> 569504 | S10: =O10*(1+$W$6)*0.7 -> 118427.4 | T10: =O10*(1+$W$6)*0.3 -> 50754.6 | U10: =SUM(Q10:T10) -> 746486 | W10: =IF(G10=P10,"SI","NO") -> SI
B11: ='PPTO I.E JOSE REINEL'!B8 -> 1.2 | C11: ='PPTO I.E JOSE REINEL'!C8 -> Desmonte de manto zetal existene | D11: ='PPTO I.E JOSE REINEL'!D8 -> M2 | E11: ='PPTO I.E JOSE REINEL'!E8 -> 42.53 | F11: ='PPTO I.E JOSE REINEL'!F8 -> 12000 | G11: ='PPTO I.E JOSE REINEL'!G8 -> 510360 | H11: =IF(F11=L11,"SI","NO") -> SI | I11: ='1-2 PRELIMINARES-DEMOLICION'!F34 -> 1156 | J11: ='1-2 PRELIMINARES-DEMOLICION'!F31 -> 0 | K11: ='1-2 PRELIMINARES-DEMOLICION'!F37 -> 10844 | L11: =ROUND(SUM(I11:K11),0) -> 12000 | M11: =$E11*I11 -> 49164.68 | N11: =$E11*J11 -> 0 | O11: =$E11*K11 -> 461195.32 | P11: =SUM(M11:O11) -> 510360 | Q11: =M11*(1+$W$6) -> 63914.08 | R11: =N11*(1+$W$6) -> 0 | S11: =O11*(1+$W$6)*0.7 -> 419687.74 | T11: =O11*(1+$W$6)*0.3 -> 179866.17 | U11: =SUM(Q11:T11) -> 663467.99 | W11: =IF(G11=P11,"SI","NO") -> SI
B12: ='PPTO I.E JOSE REINEL'!B9 -> 2 | C12: ='PPTO I.E JOSE REINEL'!C9 -> DEMOLICIONES Y DESMONTE DE ELEMENTOS | G12: ='PPTO I.E JOSE REINEL'!G9 -> 252539 | P12: =ROUND(SUM(P13:P14),2) -> 252539 | Q12: =ROUND(SUM(Q13:Q14),2) -> 120354 | R12: =ROUND(SUM(R13:R14),2) -> 0 | S12: =ROUND(SUM(S13:S14),2) -> 145562.69 | T12: =ROUND(SUM(T13:T14),2) -> 62384.01 | U12: =ROUND(SUM(Q12:T12),2) -> 328300.7
B13: ='PPTO I.E JOSE REINEL'!B10 -> 2.1 | C13: ='PPTO I.E JOSE REINEL'!C10 -> Demolición muros e-0.15m, con retiro | D13: ='PPTO I.E JOSE REINEL'!D10 -> M2 | E13: ='PPTO I.E JOSE REINEL'!E10 -> 9 | F13: ='PPTO I.E JOSE REINEL'!F10 -> 26467 | G13: ='PPTO I.E JOSE REINEL'!G10 -> 238203 | H13: =IF(F13=L13,"SI","NO") -> SI | I13: ='1-2 PRELIMINARES-DEMOLICION'!F48 -> 10200 | J13: 0 | K13: ='1-2 PRELIMINARES-DEMOLICION'!F52 -> 16267 | L13: =ROUND(SUM(I13:K13),0) -> 26467 | M13: =$E13*I13 -> 91800 | N13: =$E13*J13 -> 0 | O13: =$E13*K13 -> 146403 | P13: =SUM(M13:O13) -> 238203 | Q13: =M13*(1+$W$6) -> 119340 | R13: =N13*(1+$W$6) -> 0 | S13: =O13*(1+$W$6)*0.7 -> 133226.73 | T13: =O13*(1+$W$6)*0.3 -> 57097.17 | U13: =SUM(Q13:T13) -> 309663.9 | W13: =IF(G13=P13,"SI","NO") -> SI
B14: ='PPTO I.E JOSE REINEL'!B11 -> 2.2 | C14: ='PPTO I.E JOSE REINEL'!C11 -> Desmonte de ventanas, ventana-rejas con marco. | D14: ='PPTO I.E JOSE REINEL'!D11 -> UN | E14: ='PPTO I.E JOSE REINEL'!E11 -> 1 | F14: ='PPTO I.E JOSE REINEL'!F11 -> 14336 | G14: ='PPTO I.E JOSE REINEL'!G11 -> 14336 | H14: =IF(F14=L14,"SI","NO") -> SI | I14: ='1-2 PRELIMINARES-DEMOLICION'!F61 -> 780 | J14: 0 | K14: ='1-2 PRELIMINARES-DEMOLICION'!F65 -> 13556 | L14: =ROUND(SUM(I14:K14),0) -> 14336 | M14: =$E14*I14 -> 780 | N14: =$E14*J14 -> 0 | O14: =$E14*K14 -> 13556 | P14: =SUM(M14:O14) -> 14336 | Q14: =M14*(1+$W$6) -> 1014 | R14: =N14*(1+$W$6) -> 0 | S14: =O14*(1+$W$6)*0.7 -> 12335.96 | T14: =O14*(1+$W$6)*0.3 -> 5286.84 | U14: =SUM(Q14:T14) -> 18636.8 | W14: =IF(G14=P14,"SI","NO") -> SI
B15: ='PPTO I.E JOSE REINEL'!B12 -> 3 | C15: ='PPTO I.E JOSE REINEL'!C12 -> MAMPOSTERIA | G15: ='PPTO I.E JOSE REINEL'!G12 -> 10630817 | P15: =ROUND(SUM(P16:P17),2) -> 10630817 | Q15: =ROUND(SUM(Q16:Q17),2) -> 422962.8 | R15: =ROUND(SUM(R16:R17),2) -> 9701779.9 | S15: =ROUND(SUM(S16:S17),2) -> 2586724 | T15: =ROUND(SUM(T16:T17),2) -> 1108596 | U15: =ROUND(SUM(Q15:T15),2) -> 13820063
B16: ='PPTO I.E JOSE REINEL'!B13 -> 3.1 | C16: ='PPTO I.E JOSE REINEL'!C13 -> Construcción de Muro en ladrillo igual al existente de 30x10 de e=0.15m | D16: ='PPTO I.E JOSE REINEL'!D13 -> M2 | E16: ='PPTO I.E JOSE REINEL'!E13 -> 128.6 | F16: ='PPTO I.E JOSE REINEL'!F13 -> 79329 | G16: ='PPTO I.E JOSE REINEL'!G13 -> 10201709 | H16: =IF(F16=L16,"SI","NO") -> SI | I16: ='3-4 MAMPOSTERIA-ESTRUCTURA'!F16 -> 2460 | J16: ='3-4 MAMPOSTERIA-ESTRUCTURA'!F12 -> 56536 | K16: ='3-4 MAMPOSTERIA-ESTRUCTURA'!F20 -> 20333 | L16: =ROUND(SUM(I16:K16),0) -> 79329 | M16: =$E16*I16 -> 316356 | N16: =$E16*J16 -> 7270529.6 | O16: =$E16*K16 -> 2614823.8 | P16: =SUM(M16:O16) -> 10201709 | Q16: =M16*(1+$W$6) -> 411262.8 | R16: =N16*(1+$W$6) -> 9451688.5 | S16: =O16*(1+$W$6)*0.7 -> 2379489.7 | T16: =O16*(1+$W$6)*0.3 -> 1019781.3 | U16: =SUM(Q16:T16) -> 13262222 | W16: =IF(G16=P16,"SI","NO") -> SI
B17: ='PPTO I.E JOSE REINEL'!B14 -> 3.2 | C17: ='PPTO I.E JOSE REINEL'!C14 -> Construcción de Alfajía en concreto 3000 psi, e= 0.15x0.25 incluye acero de refuerzo de 60000 p.s.i (2ø3/8" refuerzo y e=ø1/4" c. 0,20 m) | D17: ='PPTO I.E JOSE REINEL'!D14 -> ML | E17: ='PPTO I.E JOSE REINEL'!E14 -> 6 | F17: ='PPTO I.E JOSE REINEL'!F14 -> 71518 | G17: ='PPTO I.E JOSE REINEL'!G14 -> 429108 | H17: =IF(F17=L17,"SI","NO") -> SI | I17: ='3-4 MAMPOSTERIA-ESTRUCTURA'!F34 -> 1500 | J17: ='3-4 MAMPOSTERIA-ESTRUCTURA'!F28 -> 32063 | K17: ='3-4 MAMPOSTERIA-ESTRUCTURA'!F37 -> 37955 | L17: =ROUND(SUM(I17:K17),0) -> 71518 | M17: =$E17*I17 -> 9000 | N17: =$E17*J17 -> 192378 | O17: =$E17*K17 -> 227730 | P17: =SUM(M17:O17) -> 429108 | Q17: =M17*(1+$W$6) -> 11700 | R17: =N17*(1+$W$6) -> 250091.4 | S17: =O17*(1+$W$6)*0.7 -> 207234.3 | T17: =O17*(1+$W$6)*0.3 -> 88814.7 | U17: =SUM(Q17:T17) -> 557840.4 | W17: =IF(G17=P17,"SI","NO") -> SI
B18: ='PPTO I.E JOSE REINEL'!B15 -> 4 | C18: ='PPTO I.E JOSE REINEL'!C15 -> ESTRUCTURA | G18: ='PPTO I.E JOSE REINEL'!G15 -> 2190396.4 | P18: =ROUND(SUM(P19:P20),2) -> 2190396.4 | Q18: =ROUND(SUM(Q19:Q20),2) -> 128882 | R18: =ROUND(SUM(R19:R20),2) -> 2259861 | S18: =ROUND(SUM(S19:S20),2) -> 321140.64 | T18: =ROUND(SUM(T19:T20),2) -> 137631.7 | U18: =ROUND(SUM(Q18:T18),2) -> 2847515.3
B19: ='PPTO I.E JOSE REINEL'!B16 -> 4.1 | C19: ='PPTO I.E JOSE REINEL'!C16 -> Suministro de Acero de refuerzo de 60000 p.s.i | D19: ='PPTO I.E JOSE REINEL'!D16 -> Kg | E19: ='PPTO I.E JOSE REINEL'!E16 -> 250 | F19: ='PPTO I.E JOSE REINEL'!F16 -> 7599 | G19: ='PPTO I.E JOSE REINEL'!G16 -> 1899750 | H19: =IF(F19=L19,"SI","NO") -> SI | I19: ='3-4 MAMPOSTERIA-ESTRUCTURA'!F51 -> 380 | J19: ='3-4 MAMPOSTERIA-ESTRUCTURA'!F47 -> 6406 | K19: ='3-4 MAMPOSTERIA-ESTRUCTURA'!F55 -> 813 | L19: =ROUND(SUM(I19:K19),0) -> 7599 | M19: =$E19*I19 -> 95000 | N19: =$E19*J19 -> 1601500 | O19: =$E19*K19 -> 203250 | P19: =SUM(M19:O19) -> 1899750 | Q19: =M19*(1+$W$6) -> 123500 | R19: =N19*(1+$W$6) -> 2081950 | S19: =O19*(1+$W$6)*0.7 -> 184957.5 | T19: =O19*(1+$W$6)*0.3 -> 79267.5 | U19: =SUM(Q19:T19) -> 2469675 | W19: =IF(G19=P19,"SI","NO") -> SI
B20: ='PPTO I.E JOSE REINEL'!B17 -> 4.2 | C20: ='PPTO I.E JOSE REINEL'!C17 -> Construcción de Dintel en concreto 0.15x0.12m, incl. Acero | D20: ='PPTO I.E JOSE REINEL'!D17 -> ML | E20: ='PPTO I.E JOSE REINEL'!E17 -> 4.6 | F20: ='PPTO I.E JOSE REINEL'!F17 -> 63184 | G20: ='PPTO I.E JOSE REINEL'!G17 -> 290646.4 | H20: =IF(F20=L20,"SI","NO") -> SI | I20: ='3-4 MAMPOSTERIA-ESTRUCTURA'!F69 -> 900 | J20: ='3-4 MAMPOSTERIA-ESTRUCTURA'!F63 -> 29751 | K20: ='3-4 MAMPOSTERIA-ESTRUCTURA'!F72 -> 32533 | L20: =ROUND(SUM(I20:K20),0) -> 63184 | M20: =$E20*I20 -> 4140 | N20: =$E20*J20 -> 136854.6 | O20: =$E20*K20 -> 149651.8 | P20: =SUM(M20:O20) -> 290646.4 | Q20: =M20*(1+$W$6) -> 5382 | R20: =N20*(1+$W$6) -> 177910.98 | S20: =O20*(1+$W$6)*0.7 -> 136183.14 | T20: =O20*(1+$W$6)*0.3 -> 58364.2 | U20: =SUM(Q20:T20) -> 377840.32 | W20: =IF(G20=P20,"SI","NO") -> SI
B21: ='PPTO I.E JOSE REINEL'!B18 -> 5 | C21: ='PPTO I.E JOSE REINEL'!C18 -> INSTALACIONES ELÉCTRICAS | G21: ='PPTO I.E JOSE REINEL'!G18 -> 12696205 | P21: =ROUND(SUM(P22:P31),2) -> 12696205 | Q21: =ROUND(SUM(Q22:Q31),2) -> 198900 | R21: =ROUND(SUM(R22:R31),2) -> 10950105 | S21: =ROUND(SUM(S22:S31),2) -> 3749242.8 | T21: =ROUND(SUM(T22:T31),2) -> 1606818.3 | U21: =ROUND(SUM(Q21:T21),2) -> 16505066
B22: ='PPTO I.E JOSE REINEL'!B19 -> 5.1 | C22: ='PPTO I.E JOSE REINEL'!C19 -> Suministro e Instalación de Tablero de automáticos 12 circuitos.Incluye Tacos. | D22: ='PPTO I.E JOSE REINEL'!D19 -> UN | E22: ='PPTO I.E JOSE REINEL'!E19 -> 1 | F22: ='PPTO I.E JOSE REINEL'!F19 -> 631358 | G22: ='PPTO I.E JOSE REINEL'!G19 -> 631358 | H22: =IF(F22=L22,"SI","NO") -> SI | I22: ='5 ELECTRICAS'!F16 -> 18000 | J22: ='5 ELECTRICAS'!F12 -> 410000 | K22: ='5 ELECTRICAS'!F19 -> 203358 | L22: =ROUND(SUM(I22:K22),0) -> 631358 | M22: =$E22*I22 -> 18000 | N22: =$E22*J22 -> 410000 | O22: =$E22*K22 -> 203358 | P22: =SUM(M22:O22) -> 631358 | Q22: =M22*(1+$W$6) -> 23400 | R22: =N22*(1+$W$6) -> 533000 | S22: =O22*(1+$W$6)*0.7 -> 185055.78 | T22: =O22*(1+$W$6)*0.3 -> 79309.62 | U22: =SUM(Q22:T22) -> 820765.4 | W22: =IF(G22=P22,"SI","NO") -> SI
B23: ='PPTO I.E JOSE REINEL'!B20 -> 5.2 | C23: ='PPTO I.E JOSE REINEL'!C20 -> Suministro e Instalación de Salida bifásica | D23: ='PPTO I.E JOSE REINEL'!D20 -> UN | E23: ='PPTO I.E JOSE REINEL'!E20 -> 12 | F23: ='PPTO I.E JOSE REINEL'!F20 -> 118293 | G23: ='PPTO I.E JOSE REINEL'!G20 -> 1419516 | H23: =IF(F23=L23,"SI","NO") -> SI | I23: ='5 ELECTRICAS'!F35 -> 900 | J23: ='5 ELECTRICAS'!F27 -> 89198 | K23: ='5 ELECTRICAS'!F38 -> 28195 | L23: =ROUND(SUM(I23:K23),0) -> 118293 | M23: =$E23*I23 -> 10800 | N23: =$E23*J23 -> 1070376 | O23: =$E23*K23 -> 338340 | P23: =SUM(M23:O23) -> 1419516 | Q23: =M23*(1+$W$6) -> 14040 | R23: =N23*(1+$W$6) -> 1391488.8 | S23: =O23*(1+$W$6)*0.7 -> 307889.4 | T23: =O23*(1+$W$6)*0.3 -> 131952.6 | U23: =SUM(Q23:T23) -> 1845370.8 | W23: =IF(G23=P23,"SI","NO") -> SI
B24: ='PPTO I.E JOSE REINEL'!B21 -> 5.3 | C24: ='PPTO I.E JOSE REINEL'!C21 -> Suministro e Instalación de Salida toma corriente doble 110v | D24: ='PPTO I.E JOSE REINEL'!D21 -> UN | E24: ='PPTO I.E JOSE REINEL'!E21 -> 12 | F24: ='PPTO I.E JOSE REINEL'!F21 -> 67596 | G24: ='PPTO I.E JOSE REINEL'!G21 -> 811152 | H24: =IF(F24=L24,"SI","NO") -> SI | I24: ='5 ELECTRICAS'!F58 -> 600 | J24: ='5 ELECTRICAS'!F47 -> 42325 | K24: ='5 ELECTRICAS'!F61 -> 24671 | L24: =ROUND(SUM(I24:K24),0) -> 67596 | M24: =$E24*I24 -> 7200 | N24: =$E24*J24 -> 507900 | O24: =$E24*K24 -> 296052 | P24: =SUM(M24:O24) -> 811152 | Q24: =M24*(1+$W$6) -> 9360 | R24: =N24*(1+$W$6) -> 660270 | S24: =O24*(1+$W$6)*0.7 -> 269407.32 | T24: =O24*(1+$W$6)*0.3 -> 115460.28 | U24: =SUM(Q24:T24) -> 1054497.6 | W24: =IF(G24=P24,"SI","NO") -> SI
B25: ='PPTO I.E JOSE REINEL'!B22 -> 5.4 | C25: ='PPTO I.E JOSE REINEL'!C22 -> Suministro e Instalación de luminaria panel LED de 0.6x0.6 incluye conectores de resorte cinta, accesorios de fijaciòn y soporte, instalado según reglamento NTC 2050 | D25: ='PPTO I.E JOSE REINEL'!D22 -> UN | E25: ='PPTO I.E JOSE REINEL'!E22 -> 18 | F25: ='PPTO I.E JOSE REINEL'!F22 -> 173984 | G25: ='PPTO I.E JOSE REINEL'!G22 -> 3131712 | H25: =IF(F25=L25,"SI","NO") -> SI | I25: ='5 ELECTRICAS'!F76 -> 900 | J25: ='5 ELECTRICAS'!F69 -> 113169 | K25: ='5 ELECTRICAS'!F79 -> 59915 | L25: =ROUND(SUM(I25:K25),0) -> 173984 | M25: =$E25*I25 -> 16200 | N25: =$E25*J25 -> 2037042 | O25: =$E25*K25 -> 1078470 | P25: =SUM(M25:O25) -> 3131712 | Q25: =M25*(1+$W$6) -> 21060 | R25: =N25*(1+$W$6) -> 2648154.6 | S25: =O25*(1+$W$6)*0.7 -> 981407.7 | T25: =O25*(1+$W$6)*0.3 -> 420603.3 | U25: =SUM(Q25:T25) -> 4071225.6 | W25: =IF(G25=P25,"SI","NO") -> SI
B26: ='PPTO I.E JOSE REINEL'!B23 -> 5.5 | C26: ='PPTO I.E JOSE REINEL'!C23 -> Suministro e instalación de Puesta a tierra de tablero de distribución, polo a tierra, varilla c. W. 2,40 ml | D26: ='PPTO I.E JOSE REINEL'!D23 -> UN | E26: ='PPTO I.E JOSE REINEL'!E23 -> 1 | F26: ='PPTO I.E JOSE REINEL'!F23 -> 196275 | G26: ='PPTO I.E JOSE REINEL'!G23 -> 196275 | H26: =IF(F26=L26,"SI","NO") -> SI | I26: ='5 ELECTRICAS'!F94 -> 3000 | J26: ='5 ELECTRICAS'!F88 -> 115738 | K26: ='5 ELECTRICAS'!F97 -> 77537 | L26: =ROUND(SUM(I26:K26),0) -> 196275 | M26: =$E26*I26 -> 3000 | N26: =$E26*J26 -> 115738 | O26: =$E26*K26 -> 77537 | P26: =SUM(M26:O26) -> 196275 | Q26: =M26*(1+$W$6) -> 3900 | R26: =N26*(1+$W$6) -> 150459.4 | S26: =O26*(1+$W$6)*0.7 -> 70558.67 | T26: =O26*(1+$W$6)*0.3 -> 30239.43 | U26: =SUM(Q26:T26) -> 255157.5 | W26: =IF(G26=P26,"SI","NO") -> SI
B27: ='PPTO I.E JOSE REINEL'!B24 -> 5.6 | C27: ='PPTO I.E JOSE REINEL'!C24 -> Red electrica en tuberia pvc de 1/2", incluye 2 No 12 , para luminarias | D27: ='PPTO I.E JOSE REINEL'!D24 -> ML | E27: ='PPTO I.E JOSE REINEL'!E24 -> 80 | F27: ='PPTO I.E JOSE REINEL'!F24 -> 43951 | G27: ='PPTO I.E JOSE REINEL'!G24 -> 3516080 | H27: =IF(F27=L27,"SI","NO") -> SI | I27: ='5 ELECTRICAS'!F114 -> 900 | J27: ='5 ELECTRICAS'!F105 -> 26275 | K27: ='5 ELECTRICAS'!F117 -> 16776 | L27: =ROUND(SUM(I27:K27),0) -> 43951 | M27: =$E27*I27 -> 72000 | N27: =$E27*J27 -> 2102000 | O27: =$E27*K27 -> 1342080 | P27: =SUM(M27:O27) -> 3516080 | Q27: =M27*(1+$W$6) -> 93600 | R27: =N27*(1+$W$6) -> 2732600 | S27: =O27*(1+$W$6)*0.7 -> 1221292.8 | T27: =O27*(1+$W$6)*0.3 -> 523411.2 | U27: =SUM(Q27:T27) -> 4570904 | W27: =IF(G27=P27,"SI","NO") -> SI
B28: ='PPTO I.E JOSE REINEL'!B25 -> 5.7 | C28: ='PPTO I.E JOSE REINEL'!C25 -> Instalacion salida interruptor doble 110 V | D28: ='PPTO I.E JOSE REINEL'!D25 -> UN | E28: ='PPTO I.E JOSE REINEL'!E25 -> 3 | F28: ='PPTO I.E JOSE REINEL'!F25 -> 62428 | G28: ='PPTO I.E JOSE REINEL'!G25 -> 187284 | H28: =IF(F28=L28,"SI","NO") -> SI | I28: ='5 ELECTRICAS'!F136 -> 600 | J28: ='5 ELECTRICAS'!F126 -> 49486 | K28: ='5 ELECTRICAS'!F139 -> 12342 | L28: =ROUND(SUM(I28:K28),0) -> 62428 | M28: =$E28*I28 -> 1800 | N28: =$E28*J28 -> 148458 | O28: =$E28*K28 -> 37026 | P28: =SUM(M28:O28) -> 187284 | Q28: =M28*(1+$W$6) -> 2340 | R28: =N28*(1+$W$6) -> 192995.4 | S28: =O28*(1+$W$6)*0.7 -> 33693.66 | T28: =O28*(1+$W$6)*0.3 -> 14440.14 | U28: =SUM(Q28:T28) -> 243469.2 | W28: =IF(G28=P28,"SI","NO") -> SI
B29: ='PPTO I.E JOSE REINEL'!B26 -> 5.8 | C29: ='PPTO I.E JOSE REINEL'!C26 -> Red electrica en tuberia pvc de 1/2", incluye 1 linea No 12 + 1 neutro No 12 + 1 Linea No 12 | D29: ='PPTO I.E JOSE REINEL'!D26 -> ML | E29: ='PPTO I.E JOSE REINEL'!E26 -> 10 | F29: ='PPTO I.E JOSE REINEL'!F26 -> 47019 | G29: ='PPTO I.E JOSE REINEL'!G26 -> 470190 | H29: =IF(F29=L29,"SI","NO") -> SI | I29: ='5 ELECTRICAS'!F156 -> 600 | J29: ='5 ELECTRICAS'!F147 -> 26682 | K29: ='5 ELECTRICAS'!F159 -> 19737 | L29: =ROUND(SUM(I29:K29),0) -> 47019 | M29: =$E29*I29 -> 6000 | N29: =$E29*J29 -> 266820 | O29: =$E29*K29 -> 197370 | P29: =SUM(M29:O29) -> 470190 | Q29: =M29*(1+$W$6) -> 7800 | R29: =N29*(1+$W$6) -> 346866 | S29: =O29*(1+$W$6)*0.7 -> 179606.7 | T29: =O29*(1+$W$6)*0.3 -> 76974.3 | U29: =SUM(Q29:T29) -> 611247 | W29: =IF(G29=P29,"SI","NO") -> SI
B30: ='PPTO I.E JOSE REINEL'!B27 -> 5.9 | C30: ='PPTO I.E JOSE REINEL'!C27 -> Red electrica en tuberia EMT de 1/2", incluye 1 linea No 12 + 1 neutro No 12 + 1 Linea No 12 | D30: ='PPTO I.E JOSE REINEL'!D27 -> ML | E30: ='PPTO I.E JOSE REINEL'!E27 -> 20 | F30: ='PPTO I.E JOSE REINEL'!F27 -> 53133 | G30: ='PPTO I.E JOSE REINEL'!G27 -> 1062660 | H30: =IF(F30=L30,"SI","NO") -> SI | I30: ='5 ELECTRICAS'!F177 -> 600 | J30: ='5 ELECTRICAS'!F168 -> 32796 | K30: ='5 ELECTRICAS'!F180 -> 19737 | L30: =ROUND(SUM(I30:K30),0) -> 53133 | M30: =$E30*I30 -> 12000 | N30: =$E30*J30 -> 655920 | O30: =$E30*K30 -> 394740 | P30: =SUM(M30:O30) -> 1062660 | Q30: =M30*(1+$W$6) -> 15600 | R30: =N30*(1+$W$6) -> 852696 | S30: =O30*(1+$W$6)*0.7 -> 359213.4 | T30: =O30*(1+$W$6)*0.3 -> 153948.6 | U30: =SUM(Q30:T30) -> 1381458 | W30: =IF(G30=P30,"SI","NO") -> SI
B31: ='PPTO I.E JOSE REINEL'!B28 -> 5.10 | C31: ='PPTO I.E JOSE REINEL'!C28 -> Suministro e Instalación de Acometida eléctrica bifasica trifilar | D31: ='PPTO I.E JOSE REINEL'!D28 -> UN | E31: ='PPTO I.E JOSE REINEL'!E28 -> 1 | F31: ='PPTO I.E JOSE REINEL'!F28 -> 1269978 | G31: ='PPTO I.E JOSE REINEL'!G28 -> 1269978 | H31: =IF(F31=L31,"SI","NO") -> SI | I31: ='5 ELECTRICAS'!F203 -> 6000 | J31: ='5 ELECTRICAS'!F188 -> 1108904 | K31: ='5 ELECTRICAS'!F206 -> 155074 | L31: =ROUND(SUM(I31:K31),0) -> 1269978 | M31: =$E31*I31 -> 6000 | N31: =$E31*J31 -> 1108904 | O31: =$E31*K31 -> 155074 | P31: =SUM(M31:O31) -> 1269978 | Q31: =M31*(1+$W$6) -> 7800 | R31: =N31*(1+$W$6) -> 1441575.2 | S31: =O31*(1+$W$6)*0.7 -> 141117.34 | T31: =O31*(1+$W$6)*0.3 -> 60478.86 | U31: =SUM(Q31:T31) -> 1650971.4 | W31: =IF(G31=P31,"SI","NO") -> SI
B32: ='PPTO I.E JOSE REINEL'!B29 -> 6 | C32: ='PPTO I.E JOSE REINEL'!C29 -> PAÑETES E IMPERMEABILIZACION | G32: ='PPTO I.E JOSE REINEL'!G29 -> 10143283 | P32: =ROUND(SUM(P33:P36),2) -> 10143283 | Q32: =ROUND(SUM(Q33:Q36),2) -> 1101331.1 | R32: =ROUND(SUM(R33:R36),2) -> 8784640.9 | S32: =ROUND(SUM(S33:S36),2) -> 2310206.9 | T32: =ROUND(SUM(T33:T36),2) -> 990088.67 | U32: =ROUND(SUM(Q32:T32),2) -> 13186268
B33: ='PPTO I.E JOSE REINEL'!B30 -> 6.1 | C33: ='PPTO I.E JOSE REINEL'!C30 -> Suministro y Aplicación de Pañete muros 1:4; incluye filo y dilataciones | D33: ='PPTO I.E JOSE REINEL'!D30 -> M2 | E33: ='PPTO I.E JOSE REINEL'!E30 -> 10 | F33: ='PPTO I.E JOSE REINEL'!F30 -> 27145 | G33: ='PPTO I.E JOSE REINEL'!G30 -> 271450 | H33: =IF(F33=L33,"SI","NO") -> SI | I33: ='6-7-8 PAÑETES-CUBIERTA-'!F15 -> 4440 | J33: ='6-7-8 PAÑETES-CUBIERTA-'!F12 -> 9149 | K33: ='6-7-8 PAÑETES-CUBIERTA-'!F19 -> 13556 | L33: =ROUND(SUM(I33:K33),0) -> 27145 | M33: =$E33*I33 -> 44400 | N33: =$E33*J33 -> 91490 | O33: =$E33*K33 -> 135560 | P33: =SUM(M33:O33) -> 271450 | Q33: =M33*(1+$W$6) -> 57720 | R33: =N33*(1+$W$6) -> 118937 | S33: =O33*(1+$W$6)*0.7 -> 123359.6 | T33: =O33*(1+$W$6)*0.3 -> 52868.4 | U33: =SUM(Q33:T33) -> 352885 | W33: =IF(G33=P33,"SI","NO") -> SI
B34: ='PPTO I.E JOSE REINEL'!B31 -> 6.2 | C34: ='PPTO I.E JOSE REINEL'!C31 -> Suministro y Aplicación de Alistado pendientado en mortero para placa | D34: ='PPTO I.E JOSE REINEL'!D31 -> M2 | E34: ='PPTO I.E JOSE REINEL'!E31 -> 122.73 | F34: ='PPTO I.E JOSE REINEL'!F31 -> 64023 | G34: ='PPTO I.E JOSE REINEL'!G31 -> 7857542.8 | H34: =IF(F34=L34,"SI","NO") -> SI | I34: ='6-7-8 PAÑETES-CUBIERTA-'!F30 -> 1860 | J34: ='6-7-8 PAÑETES-CUBIERTA-'!F27 -> 45896 | K34: ='6-7-8 PAÑETES-CUBIERTA-'!F34 -> 16267 | L34: =ROUND(SUM(I34:K34),0) -> 64023 | M34: =$E34*I34 -> 228277.8 | N34: =$E34*J34 -> 5632816.1 | O34: =$E34*K34 -> 1996448.9 | P34: =SUM(M34:O34) -> 7857542.8 | Q34: =M34*(1+$W$6) -> 296761.14 | R34: =N34*(1+$W$6) -> 7322660.9 | S34: =O34*(1+$W$6)*0.7 -> 1816768.5 | T34: =O34*(1+$W$6)*0.3 -> 778615.07 | U34: =SUM(Q34:T34) -> 10214806 | W34: =IF(G34=P34,"SI","NO") -> SI
B35: ='PPTO I.E JOSE REINEL'!B32 -> 6.3 | C35: ='PPTO I.E JOSE REINEL'!C32 -> Suministro y Aplicación de Pañete impermeabilizado 1:4 | D35: ='PPTO I.E JOSE REINEL'!D32 -> M2 | E35: ='PPTO I.E JOSE REINEL'!E32 -> 10 | F35: ='PPTO I.E JOSE REINEL'!F32 -> 34561 | G35: ='PPTO I.E JOSE REINEL'!G32 -> 345610 | H35: =IF(F35=L35,"SI","NO") -> SI | I35: ='6-7-8 PAÑETES-CUBIERTA-'!F45 -> 450 | J35: ='6-7-8 PAÑETES-CUBIERTA-'!F42 -> 20555 | K35: ='6-7-8 PAÑETES-CUBIERTA-'!F48 -> 13556 | L35: =ROUND(SUM(I35:K35),0) -> 34561 | M35: =$E35*I35 -> 4500 | N35: =$E35*J35 -> 205550 | O35: =$E35*K35 -> 135560 | P35: =SUM(M35:O35) -> 345610 | Q35: =M35*(1+$W$6) -> 5850 | R35: =N35*(1+$W$6) -> 267215 | S35: =O35*(1+$W$6)*0.7 -> 123359.6 | T35: =O35*(1+$W$6)*0.3 -> 52868.4 | U35: =SUM(Q35:T35) -> 449293 | W35: =IF(G35=P35,"SI","NO") -> SI
B36: ='PPTO I.E JOSE REINEL'!B33 -> 6.4 | C36: ='PPTO I.E JOSE REINEL'!C33 -> Suministro e Impermeabilización manto zetal 600 terraza | D36: ='PPTO I.E JOSE REINEL'!D33 -> M2 | E36: ='PPTO I.E JOSE REINEL'!E33 -> 20 | F36: ='PPTO I.E JOSE REINEL'!F33 -> 83434 | G36: ='PPTO I.E JOSE REINEL'!G33 -> 1668680 | H36: =IF(F36=L36,"SI","NO") -> SI | I36: ='6-7-8 PAÑETES-CUBIERTA-'!F61 -> 28500 | J36: ='6-7-8 PAÑETES-CUBIERTA-'!F57 -> 41378 | K36: ='6-7-8 PAÑETES-CUBIERTA-'!F65 -> 13556 | L36: =ROUND(SUM(I36:K36),0) -> 83434 | M36: =$E36*I36 -> 570000 | N36: =$E36*J36 -> 827560 | O36: =$E36*K36 -> 271120 | P36: =SUM(M36:O36) -> 1668680 | Q36: =M36*(1+$W$6) -> 741000 | R36: =N36*(1+$W$6) -> 1075828 | S36: =O36*(1+$W$6)*0.7 -> 246719.2 | T36: =O36*(1+$W$6)*0.3 -> 105736.8 | U36: =SUM(Q36:T36) -> 2169284 | W36: =IF(G36=P36,"SI","NO") -> SI
B37: ='PPTO I.E JOSE REINEL'!B34 -> 7 | C37: ='PPTO I.E JOSE REINEL'!C34 -> CUBIERTAS | G37: ='PPTO I.E JOSE REINEL'!G34 -> 6365326 | P37: =ROUND(SUM(P38:P41),2) -> 6365326 | Q37: =ROUND(SUM(Q38:Q41),2) -> 550875 | R37: =ROUND(SUM(R38:R41),2) -> 4996169.1 | S37: =ROUND(SUM(S38:S41),2) -> 1909515.8 | T37: =ROUND(SUM(T38:T41),2) -> 818363.91 | U37: =ROUND(SUM(Q37:T37),2) -> 8274923.8
B38: ='PPTO I.E JOSE REINEL'!B35 -> 7.1 | C38: ='PPTO I.E JOSE REINEL'!C35 -> Suministro e instalación de Cubierta en teja con trapecios, valles h=35mm cal.28, color, 1080 mm ancho total, incluye tornillos fijadores. | D38: ='PPTO I.E JOSE REINEL'!D35 -> M2 | E38: ='PPTO I.E JOSE REINEL'!E35 -> 40.5 | F38: ='PPTO I.E JOSE REINEL'!F35 -> 75678 | G38: ='PPTO I.E JOSE REINEL'!G35 -> 3064959 | H38: =IF(F38=L38,"SI","NO") -> SI | I38: ='6-7-8 PAÑETES-CUBIERTA-'!F81 -> 3900 | J38: ='6-7-8 PAÑETES-CUBIERTA-'!F76 -> 60934 | K38: ='6-7-8 PAÑETES-CUBIERTA-'!F85 -> 10844 | L38: =ROUND(SUM(I38:K38),0) -> 75678 | M38: =$E38*I38 -> 157950 | N38: =$E38*J38 -> 2467827 | O38: =$E38*K38 -> 439182 | P38: =SUM(M38:O38) -> 3064959 | Q38: =M38*(1+$W$6) -> 205335 | R38: =N38*(1+$W$6) -> 3208175.1 | S38: =O38*(1+$W$6)*0.7 -> 399655.62 | T38: =O38*(1+$W$6)*0.3 -> 171280.98 | U38: =SUM(Q38:T38) -> 3984446.7 | W38: =IF(G38=P38,"SI","NO") -> SI
B39: ='PPTO I.E JOSE REINEL'!B36 -> 7.2 | C39: ='PPTO I.E JOSE REINEL'!C36 -> Suministro e Instalación de Flanche remate cubierta | D39: ='PPTO I.E JOSE REINEL'!D36 -> ML | E39: ='PPTO I.E JOSE REINEL'!E36 -> 14 | F39: ='PPTO I.E JOSE REINEL'!F36 -> 21893 | G39: ='PPTO I.E JOSE REINEL'!G36 -> 306502 | H39: =IF(F39=L39,"SI","NO") -> SI | I39: ='6-7-8 PAÑETES-CUBIERTA-'!F98 -> 1200 | J39: ='6-7-8 PAÑETES-CUBIERTA-'!F94 -> 12560 | K39: ='6-7-8 PAÑETES-CUBIERTA-'!F101 -> 8133 | L39: =ROUND(SUM(I39:K39),0) -> 21893 | M39: =$E39*I39 -> 16800 | N39: =$E39*J39 -> 175840 | O39: =$E39*K39 -> 113862 | P39: =SUM(M39:O39) -> 306502 | Q39: =M39*(1+$W$6) -> 21840 | R39: =N39*(1+$W$6) -> 228592 | S39: =O39*(1+$W$6)*0.7 -> 103614.42 | T39: =O39*(1+$W$6)*0.3 -> 44406.18 | U39: =SUM(Q39:T39) -> 398452.6 | W39: =IF(G39=P39,"SI","NO") -> SI
B40: ='PPTO I.E JOSE REINEL'!B37 -> 7.3 | C40: ='PPTO I.E JOSE REINEL'!C37 -> Suministro e Instalación de Cercha para cubierta en perfil metalico | D40: ='PPTO I.E JOSE REINEL'!D37 -> ML | E40: ='PPTO I.E JOSE REINEL'!E37 -> 15 | F40: ='PPTO I.E JOSE REINEL'!F37 -> 152521 | G40: ='PPTO I.E JOSE REINEL'!G37 -> 2287815 | H40: =IF(F40=L40,"SI","NO") -> SI | I40: ='6-7-8 PAÑETES-CUBIERTA-'!F116 -> 15600 | J40: ='6-7-8 PAÑETES-CUBIERTA-'!F109 -> 55588 | K40: ='6-7-8 PAÑETES-CUBIERTA-'!F121 -> 81333 | L40: =ROUND(SUM(I40:K40),0) -> 152521 | M40: =$E40*I40 -> 234000 | N40: =$E40*J40 -> 833820 | O40: =$E40*K40 -> 1219995 | P40: =SUM(M40:O40) -> 2287815 | Q40: =M40*(1+$W$6) -> 304200 | R40: =N40*(1+$W$6) -> 1083966 | S40: =O40*(1+$W$6)*0.7 -> 1110195.4 | T40: =O40*(1+$W$6)*0.3 -> 475798.05 | U40: =SUM(Q40:T40) -> 2974159.5 | W40: =IF(G40=P40,"SI","NO") -> SI
B41: ='PPTO I.E JOSE REINEL'!B38 -> 7.4 | C41: ='PPTO I.E JOSE REINEL'!C38 -> Instalación de Canal en lámina galvanizada cal. 22; ds=50 | D41: ='PPTO I.E JOSE REINEL'!D38 -> ML | E41: ='PPTO I.E JOSE REINEL'!E38 -> 10 | F41: ='PPTO I.E JOSE REINEL'!F38 -> 70605 | G41: ='PPTO I.E JOSE REINEL'!G38 -> 706050 | H41: =IF(F41=L41,"SI","NO") -> SI | I41: ='6-7-8 PAÑETES-CUBIERTA-'!F135 -> 1500 | J41: ='6-7-8 PAÑETES-CUBIERTA-'!F129 -> 36572 | K41: ='6-7-8 PAÑETES-CUBIERTA-'!F138 -> 32533 | L41: =ROUND(SUM(I41:K41),0) -> 70605 | M41: =$E41*I41 -> 15000 | N41: =$E41*J41 -> 365720 | O41: =$E41*K41 -> 325330 | P41: =SUM(M41:O41) -> 706050 | Q41: =M41*(1+$W$6) -> 19500 | R41: =N41*(1+$W$6) -> 475436 | S41: =O41*(1+$W$6)*0.7 -> 296050.3 | T41: =O41*(1+$W$6)*0.3 -> 126878.7 | U41: =SUM(Q41:T41) -> 917865 | W41: =IF(G41=P41,"SI","NO") -> SI
B42: ='PPTO I.E JOSE REINEL'!B39 -> 8 | C42: ='PPTO I.E JOSE REINEL'!C39 -> ACABADOS | G42: ='PPTO I.E JOSE REINEL'!G39 -> 7918979.9 | P42: =ROUND(SUM(P43:P44),2) -> 7918979.9 | Q42: =ROUND(SUM(Q43:Q44),2) -> 254958.6 | R42: =ROUND(SUM(R43:R44),2) -> 7728524 | S42: =ROUND(SUM(S43:S44),2) -> 1617833.9 | T42: =ROUND(SUM(T43:T44),2) -> 693357.37 | U42: =ROUND(SUM(Q42:T42),2) -> 10294674
B43: ='PPTO I.E JOSE REINEL'!B40 -> 8.1 | C43: ='PPTO I.E JOSE REINEL'!C40 -> Suministro e Instalación de Cieloraso en drywall | D43: ='PPTO I.E JOSE REINEL'!D40 -> M2 | E43: ='PPTO I.E JOSE REINEL'!E40 -> 15 | F43: ='PPTO I.E JOSE REINEL'!F40 -> 82921 | G43: ='PPTO I.E JOSE REINEL'!G40 -> 1243815 | H43: =IF(F43=L43,"SI","NO") -> SI | I43: ='6-7-8 PAÑETES-CUBIERTA-'!F161 -> 8400 | J43: ='6-7-8 PAÑETES-CUBIERTA-'!F147 -> 37244 | K43: ='6-7-8 PAÑETES-CUBIERTA-'!F165 -> 37277 | L43: =ROUND(SUM(I43:K43),0) -> 82921 | M43: =$E43*I43 -> 126000 | N43: =$E43*J43 -> 558660 | O43: =$E43*K43 -> 559155 | P43: =SUM(M43:O43) -> 1243815 | Q43: =M43*(1+$W$6) -> 163800 | R43: =N43*(1+$W$6) -> 726258 | S43: =O43*(1+$W$6)*0.7 -> 508831.05 | T43: =O43*(1+$W$6)*0.3 -> 218070.45 | U43: =SUM(Q43:T43) -> 1616959.5 | W43: =IF(G43=P43,"SI","NO") -> SI
B44: ='PPTO I.E JOSE REINEL'!B41 -> 8.2 | C44: ='PPTO I.E JOSE REINEL'!C41 -> Suministro e instalación de cielo raso blanco en PVC. (El gravado o detalle del material esta sujeto a aprobación del supervisor). | D44: ='PPTO I.E JOSE REINEL'!D41 -> M2 | E44: ='PPTO I.E JOSE REINEL'!E41 -> 89.9 | F44: ='PPTO I.E JOSE REINEL'!F41 -> 74251 | G44: ='PPTO I.E JOSE REINEL'!G41 -> 6675164.9 | H44: =IF(F44=L44,"SI","NO") -> SI | I44: ='6-7-8 PAÑETES-CUBIERTA-'!F183 -> 780 | J44: ='6-7-8 PAÑETES-CUBIERTA-'!F174 -> 59915 | K44: ='6-7-8 PAÑETES-CUBIERTA-'!F187 -> 13556 | L44: =ROUND(SUM(I44:K44),0) -> 74251 | M44: =$E44*I44 -> 70122 | N44: =$E44*J44 -> 5386358.5 | O44: =$E44*K44 -> 1218684.4 | P44: =SUM(M44:O44) -> 6675164.9 | Q44: =M44*(1+$W$6) -> 91158.6 | R44: =N44*(1+$W$6) -> 7002266 | S44: =O44*(1+$W$6)*0.7 -> 1109002.8 | T44: =O44*(1+$W$6)*0.3 -> 475286.92 | U44: =SUM(Q44:T44) -> 8677714.4 | W44: =IF(G44=P44,"SI","NO") -> SI
B45: ='PPTO I.E JOSE REINEL'!B42 -> 9 | C45: ='PPTO I.E JOSE REINEL'!C42 -> PISOS Y ENCHAPES | G45: ='PPTO I.E JOSE REINEL'!G42 -> 21870061 | P45: =ROUND(SUM(P46:P49),2) -> 21870061 | Q45: =ROUND(SUM(Q46:Q49),2) -> 3655927.5 | R45: =ROUND(SUM(R46:R49),2) -> 17096496 | S45: =ROUND(SUM(S46:S49),2) -> 5375058.4 | T45: =ROUND(SUM(T46:T49),2) -> 2303596.4 | U45: =ROUND(SUM(Q45:T45),2) -> 28431079
B46: ='PPTO I.E JOSE REINEL'!B43 -> 9.1 | C46: ='PPTO I.E JOSE REINEL'!C43 -> Alistado de pisos en mortero | D46: ='PPTO I.E JOSE REINEL'!D43 -> M2 | E46: ='PPTO I.E JOSE REINEL'!E43 -> 112.73 | F46: ='PPTO I.E JOSE REINEL'!F43 -> 23571 | G46: ='PPTO I.E JOSE REINEL'!G43 -> 2657158.8 | H46: =IF(F46=L46,"SI","NO") -> SI | I46: ='9 PISOS-ENCHAPES'!F16 -> 630 | J46: ='9 PISOS-ENCHAPES'!F13 -> 13723 | K46: ='9 PISOS-ENCHAPES'!F19 -> 9218 | L46: =ROUND(SUM(I46:K46),0) -> 23571 | M46: =$E46*I46 -> 71019.9 | N46: =$E46*J46 -> 1546993.8 | O46: =$E46*K46 -> 1039145.1 | P46: =SUM(M46:O46) -> 2657158.8 | Q46: =M46*(1+$W$6) -> 92325.87 | R46: =N46*(1+$W$6) -> 2011091.9 | S46: =O46*(1+$W$6)*0.7 -> 945622.08 | T46: =O46*(1+$W$6)*0.3 -> 405266.6 | U46: =SUM(Q46:T46) -> 3454306.5 | W46: =IF(G46=P46,"SI","NO") -> SI
B47: ='PPTO I.E JOSE REINEL'!B44 -> 9.2 | C47: ='PPTO I.E JOSE REINEL'!C44 -> Suministro e Instalación de Piso en granito pulido y brillado | D47: ='PPTO I.E JOSE REINEL'!D44 -> M2 | E47: ='PPTO I.E JOSE REINEL'!E44 -> 112.73 | F47: ='PPTO I.E JOSE REINEL'!F44 -> 159114 | G47: ='PPTO I.E JOSE REINEL'!G44 -> 17936921 | H47: =IF(F47=L47,"SI","NO") -> SI | I47: ='9 PISOS-ENCHAPES'!F37 -> 23400 | J47: ='9 PISOS-ENCHAPES'!F27 -> 95047 | K47: ='9 PISOS-ENCHAPES'!F41 -> 40667 | L47: =ROUND(SUM(I47:K47),0) -> 159114 | M47: =$E47*I47 -> 2637882 | N47: =$E47*J47 -> 10714648 | O47: =$E47*K47 -> 4584390.9 | P47: =SUM(M47:O47) -> 17936921 | Q47: =M47*(1+$W$6) -> 3429246.6 | R47: =N47*(1+$W$6) -> 13929043 | S47: =O47*(1+$W$6)*0.7 -> 4171795.7 | T47: =O47*(1+$W$6)*0.3 -> 1787912.4 | U47: =SUM(Q47:T47) -> 23317998 | W47: =IF(G47=P47,"SI","NO") -> SI
B48: ='PPTO I.E JOSE REINEL'!B45 -> 9.3 | C48: ='PPTO I.E JOSE REINEL'!C45 -> Suministro e Instalación de Guardaescoba en cerámica tráfico #5, tipo granilla | D48: ='PPTO I.E JOSE REINEL'!D45 -> ML | E48: ='PPTO I.E JOSE REINEL'!E45 -> 68.5 | F48: ='PPTO I.E JOSE REINEL'!F45 -> 17429 | G48: ='PPTO I.E JOSE REINEL'!G45 -> 1193886.5 | H48: =IF(F48=L48,"SI","NO") -> SI | I48: ='9 PISOS-ENCHAPES'!F54 -> 1500 | J48: ='9 PISOS-ENCHAPES'!F50 -> 11862 | K48: ='9 PISOS-ENCHAPES'!F57 -> 4067 | L48: =ROUND(SUM(I48:K48),0) -> 17429 | M48: =$E48*I48 -> 102750 | N48: =$E48*J48 -> 812547 | O48: =$E48*K48 -> 278589.5 | P48: =SUM(M48:O48) -> 1193886.5 | Q48: =M48*(1+$W$6) -> 133575 | R48: =N48*(1+$W$6) -> 1056311.1 | S48: =O48*(1+$W$6)*0.7 -> 253516.45 | T48: =O48*(1+$W$6)*0.3 -> 108649.91 | U48: =SUM(Q48:T48) -> 1552052.5 | W48: =IF(G48=P48,"SI","NO") -> SI
B49: ='PPTO I.E JOSE REINEL'!B46 -> 9.4 | C49: ='PPTO I.E JOSE REINEL'!C46 -> Acabado boca puerta en concreto | D49: ='PPTO I.E JOSE REINEL'!D46 -> M2 | E49: ='PPTO I.E JOSE REINEL'!E46 -> 2 | F49: ='PPTO I.E JOSE REINEL'!F46 -> 41047 | G49: ='PPTO I.E JOSE REINEL'!G46 -> 82094 | H49: =IF(F49=L49,"SI","NO") -> SI | I49: ='9 PISOS-ENCHAPES'!F70 -> 300 | J49: ='9 PISOS-ENCHAPES'!F66 -> 38481 | K49: ='9 PISOS-ENCHAPES'!F73 -> 2266 | L49: =ROUND(SUM(I49:K49),0) -> 41047 | M49: =$E49*I49 -> 600 | N49: =$E49*J49 -> 76962 | O49: =$E49*K49 -> 4532 | P49: =SUM(M49:O49) -> 82094 | Q49: =M49*(1+$W$6) -> 780 | R49: =N49*(1+$W$6) -> 100050.6 | S49: =O49*(1+$W$6)*0.7 -> 4124.12 | T49: =O49*(1+$W$6)*0.3 -> 1767.48 | U49: =SUM(Q49:T49) -> 106722.2 | W49: =IF(G49=P49,"SI","NO") -> SI
B50: ='PPTO I.E JOSE REINEL'!B47 -> 10 | C50: ='PPTO I.E JOSE REINEL'!C47 -> CARPINTERÍA METÁLICA | G50: ='PPTO I.E JOSE REINEL'!G47 -> 5970491.7 | P50: =ROUND(SUM(P51:P53),2) -> 5970491.7 | Q50: =ROUND(SUM(Q51:Q53),2) -> 35474.4 | R50: =ROUND(SUM(R51:R53),2) -> 5265564 | S50: =ROUND(SUM(S51:S53),2) -> 1722420.6 | T50: =ROUND(SUM(T51:T53),2) -> 738180.24 | U50: =ROUND(SUM(Q50:T50),2) -> 7761639.2
B51: ='PPTO I.E JOSE REINEL'!B48 -> 10.1 | C51: ='PPTO I.E JOSE REINEL'!C48 -> Suministro e Instalación de Luceta metálica en lamina cal. 18-tubo cuadrado 1" | D51: ='PPTO I.E JOSE REINEL'!D48 -> M2 | E51: ='PPTO I.E JOSE REINEL'!E48 -> 8.74 | F51: ='PPTO I.E JOSE REINEL'!F48 -> 208309 | G51: ='PPTO I.E JOSE REINEL'!G48 -> 1820620.7 | H51: =IF(F51=L51,"SI","NO") -> SI | I51: ='10 CARPI- METAL'!F18 -> 1200 | J51: ='10 CARPI- METAL'!F12 -> 142043 | K51: ='10 CARPI- METAL'!F21 -> 65066 | L51: =ROUND(SUM(I51:K51),0) -> 208309 | M51: =$E51*I51 -> 10488 | N51: =$E51*J51 -> 1241455.8 | O51: =$E51*K51 -> 568676.84 | P51: =SUM(M51:O51) -> 1820620.7 | Q51: =M51*(1+$W$6) -> 13634.4 | R51: =N51*(1+$W$6) -> 1613892.6 | S51: =O51*(1+$W$6)*0.7 -> 517495.92 | T51: =O51*(1+$W$6)*0.3 -> 221783.97 | U51: =SUM(Q51:T51) -> 2366806.9 | W51: =IF(G51=P51,"SI","NO") -> SI
B52: ='PPTO I.E JOSE REINEL'!B49 -> 10.2 | C52: ='PPTO I.E JOSE REINEL'!C49 -> Suministro e Instalación de Puerta con marco metálico cal. 18 y vidrio 1.50-2.60x2.20 | D52: ='PPTO I.E JOSE REINEL'!D49 -> UN | E52: ='PPTO I.E JOSE REINEL'!E49 -> 3 | F52: ='PPTO I.E JOSE REINEL'!F49 -> 1305749 | G52: ='PPTO I.E JOSE REINEL'!G49 -> 3917247 | H52: =IF(F52=L52,"SI","NO") -> SI | I52: ='10 CARPI- METAL'!F37 -> 3600 | J52: ='10 CARPI- METAL'!F29 -> 895486 | K52: ='10 CARPI- METAL'!F40 -> 406663 | L52: =ROUND(SUM(I52:K52),0) -> 1305749 | M52: =$E52*I52 -> 10800 | N52: =$E52*J52 -> 2686458 | O52: =$E52*K52 -> 1219989 | P52: =SUM(M52:O52) -> 3917247 | Q52: =M52*(1+$W$6) -> 14040 | R52: =N52*(1+$W$6) -> 3492395.4 | S52: =O52*(1+$W$6)*0.7 -> 1110190 | T52: =O52*(1+$W$6)*0.3 -> 475795.71 | U52: =SUM(Q52:T52) -> 5092421.1 | W52: =IF(G52=P52,"SI","NO") -> SI
B53: ='PPTO I.E JOSE REINEL'!B50 -> 10.3 | C53: ='PPTO I.E JOSE REINEL'!C50 -> Suministro e Instalación de Bajante en pvc de 4" | D53: ='PPTO I.E JOSE REINEL'!D50 -> ML | E53: ='PPTO I.E JOSE REINEL'!E50 -> 4 | F53: ='PPTO I.E JOSE REINEL'!F50 -> 58156 | G53: ='PPTO I.E JOSE REINEL'!G50 -> 232624 | H53: =IF(F53=L53,"SI","NO") -> SI | I53: ='10 CARPI- METAL'!F55 -> 1500 | J53: ='10 CARPI- METAL'!F49 -> 30630 | K53: ='10 CARPI- METAL'!F58 -> 26026 | L53: =ROUND(SUM(I53:K53),0) -> 58156 | M53: =$E53*I53 -> 6000 | N53: =$E53*J53 -> 122520 | O53: =$E53*K53 -> 104104 | P53: =SUM(M53:O53) -> 232624 | Q53: =M53*(1+$W$6) -> 7800 | R53: =N53*(1+$W$6) -> 159276 | S53: =O53*(1+$W$6)*0.7 -> 94734.64 | T53: =O53*(1+$W$6)*0.3 -> 40600.56 | U53: =SUM(Q53:T53) -> 302411.2 | W53: =IF(G53=P53,"SI","NO") -> SI
B54: ='PPTO I.E JOSE REINEL'!B51 -> 11 | C54: ='PPTO I.E JOSE REINEL'!C51 -> PINTURA GENERAL | G54: ='PPTO I.E JOSE REINEL'!G51 -> 5097912.6 | P54: =ROUND(SUM(P55:P56),2) -> 5097912.6 | Q54: =ROUND(SUM(Q55:Q56),2) -> 229129.16 | R54: =ROUND(SUM(R55:R56),2) -> 2821943.5 | S54: =ROUND(SUM(S55:S56),2) -> 2503349.6 | T54: =ROUND(SUM(T55:T56),2) -> 1072864.1 | U54: =ROUND(SUM(Q54:T54),2) -> 6627286.4
B55: ='PPTO I.E JOSE REINEL'!B52 -> 11.1 | C55: ='PPTO I.E JOSE REINEL'!C52 -> Limpieza de muro en ladrillo a la vista y pintura en sika transparente | D55: ='PPTO I.E JOSE REINEL'!D52 -> M2 | E55: ='PPTO I.E JOSE REINEL'!E52 -> 257.2 | F55: ='PPTO I.E JOSE REINEL'!F52 -> 18625 | G55: ='PPTO I.E JOSE REINEL'!G52 -> 4790350 | H55: =IF(F55=L55,"SI","NO") -> SI | I55: ='11 PINTURA'!F17 -> 626 | J55: ='11 PINTURA'!F13 -> 8022 | K55: ='11 PINTURA'!F20 -> 9977 | L55: =ROUND(SUM(I55:K55),0) -> 18625 | M55: =$E55*I55 -> 161007.2 | N55: =$E55*J55 -> 2063258.4 | O55: =$E55*K55 -> 2566084.4 | P55: =SUM(M55:O55) -> 4790350 | Q55: =M55*(1+$W$6) -> 209309.36 | R55: =N55*(1+$W$6) -> 2682235.9 | S55: =O55*(1+$W$6)*0.7 -> 2335136.8 | T55: =O55*(1+$W$6)*0.3 -> 1000772.9 | U55: =SUM(Q55:T55) -> 6227455 | W55: =IF(G55=P55,"SI","NO") -> SI
B56: ='PPTO I.E JOSE REINEL'!B53 -> 11.2 | C56: ='PPTO I.E JOSE REINEL'!C53 -> Suministro y Aplicación de Esmalte sobre sobre puertas y ventanas metalicas. Incluye anticorrosivo | D56: ='PPTO I.E JOSE REINEL'!D53 -> M2 | E56: ='PPTO I.E JOSE REINEL'!E53 -> 16.94 | F56: ='PPTO I.E JOSE REINEL'!F53 -> 18156 | G56: ='PPTO I.E JOSE REINEL'!G53 -> 307562.64 | H56: =IF(F56=L56,"SI","NO") -> SI | I56: ='11 PINTURA'!F34 -> 900 | J56: ='11 PINTURA'!F29 -> 6344 | K56: ='11 PINTURA'!F37 -> 10912 | L56: =ROUND(SUM(I56:K56),0) -> 18156 | M56: =$E56*I56 -> 15246 | N56: =$E56*J56 -> 107467.36 | O56: =$E56*K56 -> 184849.28 | P56: =SUM(M56:O56) -> 307562.64 | Q56: =M56*(1+$W$6) -> 19819.8 | R56: =N56*(1+$W$6) -> 139707.57 | S56: =O56*(1+$W$6)*0.7 -> 168212.84 | T56: =O56*(1+$W$6)*0.3 -> 72091.22 | U56: =SUM(Q56:T56) -> 399831.43 | W56: =IF(G56=P56,"SI","NO") -> SI
B57: ='PPTO I.E JOSE REINEL'!B54 -> 12 | C57: ='PPTO I.E JOSE REINEL'!C54 -> LIMPIEZA GENERAL | G57: ='PPTO I.E JOSE REINEL'!G54 -> 332230.11 | P57: =ROUND(SUM(P58),2) -> 332230.11 | Q57: =ROUND(SUM(Q58),2) -> 373344.66 | R57: =ROUND(SUM(R58),2) -> 0 | S57: =ROUND(SUM(S58),2) -> 40988.14 | T57: =ROUND(SUM(T58),2) -> 17566.34 | U57: =ROUND(SUM(Q57:T57),2) -> 431899.14
B58: ='PPTO I.E JOSE REINEL'!B55 -> 12.1 | C58: ='PPTO I.E JOSE REINEL'!C55 -> Aseo final de obra | D58: ='PPTO I.E JOSE REINEL'!D55 -> M2 | E58: ='PPTO I.E JOSE REINEL'!E55 -> 122.73 | F58: ='PPTO I.E JOSE REINEL'!F55 -> 2707 | G58: ='PPTO I.E JOSE REINEL'!G55 -> 332230.11 | H58: =IF(F58=L58,"SI","NO") -> SI | I58: ='12 LIMPIEZA'!F12 -> 2340 | J58: 0 | K58: ='12 LIMPIEZA'!F16 -> 367 | L58: =ROUND(SUM(I58:K58),0) -> 2707 | M58: =$E58*I58 -> 287188.2 | N58: =$E58*J58 -> 0 | O58: =$E58*K58 -> 45041.91 | P58: =SUM(M58:O58) -> 332230.11 | Q58: =M58*(1+$W$6) -> 373344.66 | R58: =N58*(1+$W$6) -> 0 | S58: =O58*(1+$W$6)*0.7 -> 40988.14 | T58: =O58*(1+$W$6)*0.3 -> 17566.34 | U58: =SUM(Q58:T58) -> 431899.14 | W58: =IF(G58=P58,"SI","NO") -> SI
C59: =[127]CONSOLIDADO!C22 -> VALOR TOTAL PROYECTO | P59: =ROUND(P9+P12+P15+P18+P21+P32+P37+P42+P45+P50+P54+P57,0) -> 84552821 | U59: =ROUND(U9+U12+U15+U18+U21+U32+U37+U42+U45+U50+U54+U57-1,0) -> 109918667 | W59: ='PPTO I.E JOSE REINEL'!G61 -> 109918667 | X59: =IF(U59=W59,"SI","NO") -> SI
B61: Elaboró:
B67: =ROTULOS!$C$11 -> ING. YOALVETH LOZANO LOSADA
B68: =ROTULOS!$C$12 -> Profesional Universitario de Apoyo Técnico
B69: =ROTULOS!$C$13 -> M.P 70202-137680 TLM

Sheet ROTULOS
B2: DEPARTAMENTO DEL HUILA
B3: MUNICIPIO DE PALERMO
B4: AMPLIACIÓN DE LA SEDE PRINCIPAL DE LA INSTITUCION EDUCATIVA JOSÉ REINEL DEL MUNICIPIO DE PALERMO HUILA
B6: FECHA PRESENTACION: | C6: NOVIEMBRE DE 2025
B7: DEPARTAMENTO | C7: HUILA
B8: CONTRATANTE | C8: MUNICIPIO DE PALERMO
B9: DEPENDENCIA ENCARGADA | C9: SECRETARÍA DE PLANEACIÓN E INFRAESTRUCTURA
B10: NOMBRE DEL PROYECTO: | C10: AMPLIACIÓN DE LA SEDE PRINCIPAL DE LA INSTITUCIÓN EDUCATIVA JOSÉ REINEL CERQUERA DEL MUNICIPIO DE PALERMO HUILA
B11: PROYECTO / FORMULADOR | C11: ING. YOALVETH LOZANO LOSADA
B12: CARGO | C12: Profesional Universitario de Apoyo Técnico
B13: MATRICULA PROFESIONAL | C13: M.P 70202-137680 TLM
B14: PROFESIÓN | C14: Ingeniero Civil
B16: REVISÓ | C16: Ing. Jesus Maria Lozada Camacho
B17: CARGO | C17: Secretario de Planeación e Infraestructura

Sheet PPTO I.E JOSE REINEL
B3: =ROTULOS!B4 -> AMPLIACIÓN DE LA SEDE PRINCIPAL DE LA INSTITUCION EDUCATIVA JOSÉ REINEL DEL MUNICIPIO DE PALERMO HUILA
B4: PRESUPUESTO GENERAL | F4: FECHA | G4: =ROTULOS!C6 -> NOVIEMBRE DE 2025
B5: ITEM | C5: DESCRIPCIÓN | D5: UNIDAD | E5: CANTIDAD | F5: VR. UNT. | G5: VR. PARCIAL
B6: 1 | C6: PRELIMINARES | G6: =SUM(G7:G8) -> 1084580 | J6: =ROUND(G6*1.3,2) -> 1409954
B7: 1.1 | C7: Suministro e instalación de cerca en lona verde h=2.10 m | D7: ML | E7: ='MEMORIA DE CANTIDADES'!H13 -> 20 | F7: ='1-2 PRELIMINARES-DEMOLICION'!F$25 -> 28711 | G7: =E7*F7 -> 574220
B8: 1.2 | C8: Desmonte de manto zetal existene | D8: M2 | E8: ='MEMORIA DE CANTIDADES'!H19 -> 42.53 | F8: ='1-2 PRELIMINARES-DEMOLICION'!F40 -> 12000 | G8: =E8*F8 -> 510360
B9: 2 | C9: DEMOLICIONES Y DESMONTE DE ELEMENTOS | G9: =SUM(G10:G11) -> 252539 | J9: =ROUND(G9*1.3,2) -> 328300.7
B10: 2.1 | C10: Demolición muros e-0.15m, con retiro | D10: M2 | E10: =+'MEMORIA DE CANTIDADES'!H26 -> 9 | F10: ='1-2 PRELIMINARES-DEMOLICION'!F$55 -> 26467 | G10: =E10*F10 -> 238203
B11: 2.2 | C11: Desmonte de ventanas, ventana-rejas con marco. | D11: UN | E11: =+'MEMORIA DE CANTIDADES'!H32 -> 1 | F11: ='1-2 PRELIMINARES-DEMOLICION'!F$68 -> 14336 | G11: =E11*F11 -> 14336
B12: 3 | C12: MAMPOSTERIA | G12: =SUM(G13:G14) -> 10630817 | J12: =ROUND(G12*1.3,2) -> 13820063
B13: 3.1 | C13: Construcción de Muro en ladrillo igual al existente de 30x10 de e=0.15m | D13: M2 | E13: =+'MEMORIA DE CANTIDADES'!H50 -> 128.6 | F13: ='3-4 MAMPOSTERIA-ESTRUCTURA'!F$23 -> 79329 | G13: =E13*F13 -> 10201709
B14: 3.2 | C14: Construcción de Alfajía en concreto 3000 psi, e= 0.15x0.25 incluye acero de refuerzo de 60000 p.s.i (2ø3/8" refuerzo y e=ø1/4" c. 0,20 m) | D14: ML | E14: =+'MEMORIA DE CANTIDADES'!H56 -> 6 | F14: ='3-4 MAMPOSTERIA-ESTRUCTURA'!F$40 -> 71518 | G14: =E14*F14 -> 429108
B15: 4 | C15: ESTRUCTURA | G15: =SUM(G16:G17) -> 2190396.4 | J15: =ROUND(G15*1.3,2) -> 2847515.3
B16: 4.1 | C16: Suministro de Acero de refuerzo de 60000 p.s.i | D16: Kg | E16: ='MEMORIA DE CANTIDADES'!H63 -> 250 | F16: ='3-4 MAMPOSTERIA-ESTRUCTURA'!F$58 -> 7599 | G16: =E16*F16 -> 1899750
B17: 4.2 | C17: Construcción de Dintel en concreto 0.15x0.12m, incl. Acero | D17: ML | E17: ='MEMORIA DE CANTIDADES'!H69 -> 4.6 | F17: ='3-4 MAMPOSTERIA-ESTRUCTURA'!F$75 -> 63184 | G17: =E17*F17 -> 290646.4
B18: 5 | C18: INSTALACIONES ELÉCTRICAS | G18: =SUM(G19:G28) -> 12696205 | J18: =ROUND(G18*1.3,2) -> 16505066
B19: 5.1 | C19: Suministro e Instalación de Tablero de automáticos 12 circuitos.Incluye Tacos. | D19: UN | E19: ='MEMORIA DE CANTIDADES'!H76 -> 1 | F19: ='5 ELECTRICAS'!F$22 -> 631358 | G19: =E19*F19 -> 631358
B20: 5.2 | C20: Suministro e Instalación de Salida bifásica | D20: UN | E20: ='MEMORIA DE CANTIDADES'!H82 -> 12 | F20: ='5 ELECTRICAS'!F$41 -> 118293 | G20: =E20*F20 -> 1419516
B21: 5.3 | C21: Suministro e Instalación de Salida toma corriente doble 110v | D21: UN | E21: ='MEMORIA DE CANTIDADES'!H88 -> 12 | F21: ='5 ELECTRICAS'!F$64 -> 67596 | G21: =E21*F21 -> 811152
B22: 5.4 | C22: Suministro e Instalación de luminaria panel LED de 0.6x0.6 incluye conectores de resorte cinta, accesorios de fijaciòn y soporte, instalado según reglamento NTC 2050 | D22: UN | E22: ='MEMORIA DE CANTIDADES'!H94 -> 18 | F22: ='5 ELECTRICAS'!F$82 -> 173984 | G22: =E22*F22 -> 3131712
B23: 5.5 | C23: Suministro e instalación de Puesta a tierra de tablero de distribución, polo a tierra, varilla c. W. 2,40 ml | D23: UN | E23: ='MEMORIA DE CANTIDADES'!H100 -> 1 | F23: ='5 ELECTRICAS'!F$100 -> 196275 | G23: =E23*F23 -> 196275
B24: 5.6 | C24: Red electrica en tuberia pvc de 1/2", incluye 2 No 12 , para luminarias | D24: ML | E24: ='MEMORIA DE CANTIDADES'!H106 -> 80 | F24: =+'5 ELECTRICAS'!F$120 -> 43951 | G24: =E24*F24 -> 3516080
B25: 5.7 | C25: Instalacion salida interruptor doble 110 V | D25: UN | E25: ='MEMORIA DE CANTIDADES'!H112 -> 3 | F25: =+'5 ELECTRICAS'!F$142 -> 62428 | G25: =E25*F25 -> 187284
B26: 5.8 | C26: Red electrica en tuberia pvc de 1/2", incluye 1 linea No 12 + 1 neutro No 12 + 1 Linea No 12 | D26: ML | E26: ='MEMORIA DE CANTIDADES'!H118 -> 10 | F26: =+'5 ELECTRICAS'!F162 -> 47019 | G26: =E26*F26 -> 470190
B27: 5.9 | C27: Red electrica en tuberia EMT de 1/2", incluye 1 linea No 12 + 1 neutro No 12 + 1 Linea No 12 | D27: ML | E27: ='MEMORIA DE CANTIDADES'!H124 -> 20 | F27: =+'5 ELECTRICAS'!F183 -> 53133 | G27: =E27*F27 -> 1062660
B28: 5.10 | C28: Suministro e Instalación de Acometida eléctrica bifasica trifilar | D28: UN | E28: ='MEMORIA DE CANTIDADES'!H130 -> 1 | F28: =+'5 ELECTRICAS'!F209 -> 1269978 | G28: =E28*F28 -> 1269978
B29: 6 | C29: PAÑETES E IMPERMEABILIZACION | G29: =SUM(G30:G33) -> 10143283 | J29: =ROUND(G29*1.3,2) -> 13186268
B30: 6.1 | C30: Suministro y Aplicación de Pañete muros 1:4; incluye filo y dilataciones | D30: M2 | E30: ='MEMORIA DE CANTIDADES'!H137 -> 10 | F30: ='6-7-8 PAÑETES-CUBIERTA-'!F$22 -> 27145 | G30: =E30*F30 -> 271450
B31: 6.2 | C31: Suministro y Aplicación de Alistado pendientado en mortero para placa | D31: M2 | E31: ='MEMORIA DE CANTIDADES'!H143 -> 122.73 | F31: ='6-7-8 PAÑETES-CUBIERTA-'!F$37 -> 64023 | G31: =E31*F31 -> 7857542.8
B32: 6.3 | C32: Suministro y Aplicación de Pañete impermeabilizado 1:4 | D32: M2 | E32: ='MEMORIA DE CANTIDADES'!H149 -> 10 | F32: ='6-7-8 PAÑETES-CUBIERTA-'!F$51 -> 34561 | G32: =E32*F32 -> 345610
B33: 6.4 | C33: Suministro e Impermeabilización manto zetal 600 terraza | D33: M2 | E33: ='MEMORIA DE CANTIDADES'!H155 -> 20 | F33: ='6-7-8 PAÑETES-CUBIERTA-'!F$68 -> 83434 | G33: =E33*F33 -> 1668680
B34: 7 | C34: CUBIERTAS | G34: =SUM(G35:G38) -> 6365326 | J34: =ROUND(G34*1.3,2) -> 8274923.8
B35: 7.1 | C35: Suministro e instalación de Cubierta en teja con trapecios, valles h=35mm cal.28, color, 1080 mm ancho total, incluye tornillos fijadores. | D35: M2 | E35: ='MEMORIA DE CANTIDADES'!H162 -> 40.5 | F35: ='6-7-8 PAÑETES-CUBIERTA-'!F$88 -> 75678 | G35: =E35*F35 -> 3064959
B36: 7.2 | C36: Suministro e Instalación de Flanche remate cubierta | D36: ML | E36: ='MEMORIA DE CANTIDADES'!H168 -> 14 | F36: ='6-7-8 PAÑETES-CUBIERTA-'!F$104 -> 21893 | G36: =E36*F36 -> 306502
B37: 7.3 | C37: Suministro e Instalación de Cercha para cubierta en perfil metalico | D37: ML | E37: ='MEMORIA DE CANTIDADES'!H174 -> 15 | F37: ='6-7-8 PAÑETES-CUBIERTA-'!F$124 -> 152521 | G37: =E37*F37 -> 2287815
B38: 7.4 | C38: Instalación de Canal en lámina galvanizada cal. 22; ds=50 | D38: ML | E38: ='MEMORIA DE CANTIDADES'!H180 -> 10 | F38: =+'6-7-8 PAÑETES-CUBIERTA-'!F$141 -> 70605 | G38: =E38*F38 -> 706050
B39: 8 | C39: ACABADOS | G39: =SUM(G40:G41) -> 7918979.9 | J39: =ROUND(G39*1.3,2) -> 10294674
B40: 8.1 | C40: Suministro e Instalación de Cieloraso en drywall | D40: M2 | E40: ='MEMORIA DE CANTIDADES'!H187 -> 15 | F40: ='6-7-8 PAÑETES-CUBIERTA-'!F$169 -> 82921 | G40: =E40*F40 -> 1243815
B41: 8.2 | C41: Suministro e instalación de cielo raso blanco en PVC. (El gravado o detalle del material esta sujeto a aprobación del supervisor). | D41: M2 | E41: ='MEMORIA DE CANTIDADES'!H193 -> 89.9 | F41: ='6-7-8 PAÑETES-CUBIERTA-'!F$190 -> 74251 | G41: =E41*F41 -> 6675164.9
B42: 9 | C42: PISOS Y ENCHAPES | G42: =SUM(G43:G46) -> 21870061 | J42: =ROUND(G42*1.3,2) -> 28431079
B43: 9.1 | C43: Alistado de pisos en mortero | D43: M2 | E43: ='MEMORIA DE CANTIDADES'!H200 -> 112.73 | F43: ='9 PISOS-ENCHAPES'!F$22 -> 23571 | G43: =E43*F43 -> 2657158.8
B44: 9.2 | C44: Suministro e Instalación de Piso en granito pulido y brillado | D44: M2 | E44: ='MEMORIA DE CANTIDADES'!H206 -> 112.73 | F44: ='9 PISOS-ENCHAPES'!F44 -> 159114 | G44: =E44*F44 -> 17936921
B45: 9.3 | C45: Suministro e Instalación de Guardaescoba en cerámica tráfico #5, tipo granilla | D45: ML | E45: ='MEMORIA DE CANTIDADES'!H212 -> 68.5 | F45: ='9 PISOS-ENCHAPES'!F$60 -> 17429 | G45: =E45*F45 -> 1193886.5
B46: 9.4 | C46: Acabado boca puerta en concreto | D46: M2 | E46: ='MEMORIA DE CANTIDADES'!H218 -> 2 | F46: ='9 PISOS-ENCHAPES'!F76 -> 41047 | G46: =E46*F46 -> 82094
B47: 10 | C47: CARPINTERÍA METÁLICA | G47: =SUM(G48:G50) -> 5970491.7 | J47: =ROUND(G47*1.3,2) -> 7761639.2
B48: 10.1 | C48: Suministro e Instalación de Luceta metálica en lamina cal. 18-tubo cuadrado 1" | D48: M2 | E48: ='MEMORIA DE CANTIDADES'!H225 -> 8.74 | F48: ='10 CARPI- METAL'!F$24 -> 208309 | G48: =E48*F48 -> 1820620.7
B49: 10.2 | C49: Suministro e Instalación de Puerta con marco metálico cal. 18 y vidrio 1.50-2.60x2.20 | D49: UN | E49: ='MEMORIA DE CANTIDADES'!H231 -> 3 | F49: ='10 CARPI- METAL'!F$43 -> 1305749 | G49: =E49*F49 -> 3917247
B50: 10.3 | C50: Suministro e Instalación de Bajante en pvc de 4" | D50: ML | E50: ='MEMORIA DE CANTIDADES'!H237 -> 4 | F50: ='10 CARPI- METAL'!F$61 -> 58156 | G50: =E50*F50 -> 232624
B51: 11 | C51: PINTURA GENERAL | G51: =SUM(G52:G53) -> 5097912.6 | J51: =ROUND(G51*1.3,2) -> 6627286.4
B52: 11.1 | C52: Limpieza de muro en ladrillo a la vista y pintura en sika transparente | D52: M2 | E52: ='MEMORIA DE CANTIDADES'!H245 -> 257.2 | F52: ='11 PINTURA'!F23 -> 18625 | G52: =+E52*F52 -> 4790350
B53: 11.2 | C53: Suministro y Aplicación de Esmalte sobre sobre puertas y ventanas metalicas. Incluye anticorrosivo | D53: M2 | E53: ='MEMORIA DE CANTIDADES'!H253 -> 16.94 | F53: ='11 PINTURA'!F$40 -> 18156 | G53: =E53*F53 -> 307562.64
B54: 12 | C54: LIMPIEZA GENERAL | G54: =SUM(G55) -> 332230.11 | J54: =ROUND(G54*1.3,2) -> 431899.14
B55: 12.1 | C55: Aseo final de obra | D55: M2 | E55: ='MEMORIA DE CANTIDADES'!H260 -> 122.73 | F55: ='12 LIMPIEZA'!F$19 -> 2707 | G55: =E55*F55 -> 332230.11
B56: TOTAL COSTOS DIRECTOS | G56: =ROUND(G6+G9+G12+G15+G18+G29+G34+G39+G42+G47+G51+G54,0) -> 84552821 | J56: =SUM(J2:J55) -> 1.0991867e+08
B57: ADMINISTRACION | F57: 0.24 | G57: =ROUND($G$56*F57,0) -> 20292677
B58: IMPREVISTOS | F58: 0.01 | G58: =ROUND($G$56*F58,0) -> 845528
B59: UTILIDADES | F59: 0.05 | G59: =ROUND($G$56*F59,0) -> 4227641
B60: SUBTOTAL COSTOS INDIRECTOS | F60: =SUM(F57:F59) -> 0.3 | G60: =ROUND(SUM(G57:G59),0) -> 25365846
B61: COSTO TOTAL | G61: =G56+G60 -> 109918667
J62: 225234966 | K62: TOPE
G63: 2500000 | J63: 115305321 | K63: OSPINA
B64: Elaboró: | G64: =G61+G63 -> 112418667 | J64: =G61 -> 109918667 | K64: AMBORCO
J65: =+J63+J64 -> 225223988 | K65: TOTAL
J66: =+J62-J65 -> 10978 | K66: OK
B71: =ROTULOS!$C$11 -> ING. YOALVETH LOZANO LOSADA
B72: =ROTULOS!$C$12 -> Profesional Universitario de Apoyo Técnico
B73: =ROTULOS!$C$13 -> M.P 70202-137680 TLM

Sheet MEMORIA DE CANTIDADES
A1: =ROTULOS!B2 -> DEPARTAMENTO DEL HUILA
A2: =ROTULOS!B3 -> MUNICIPIO DE PALERMO
A3: =ROTULOS!C10 -> AMPLIACIÓN DE LA SEDE PRINCIPAL DE LA INSTITUCIÓN EDUCATIVA JOSÉ REINEL CERQUERA DEL MUNICIPIO DE PALERMO HUILA
A5: ITEM | B5: ACTIVIDAD | C5: UNIDAD
A6: ='PPTO I.E JOSE REINEL'!B6 -> 1 | B6: ='PPTO I.E JOSE REINEL'!C6 -> PRELIMINARES
A8: ='PPTO I.E JOSE REINEL'!B7 -> 1.1 | B8: ='PPTO I.E JOSE REINEL'!C7 -> Suministro e instalación de cerca en lona verde h=2.10 m | C8: ='PPTO I.E JOSE REINEL'!D7 -> ML
A9: DESCRIPCION Y/O UBICACIÓN | C9: Largo (m) | D9: Ancho(m) | E9: Alto(m) | F9: Espesor Promedio(m) | G9: Cantidad | H9: Subtotal
A10: Area de trabajo | C10: 20 | H10: =C10 -> 20
H11: =+C11*D11 -> 0
A13: Total | H13: =ROUND(SUM(H10:H12),2) -> 20
A14: ='PPTO I.E JOSE REINEL'!B8 -> 1.2 | B14: ='PPTO I.E JOSE REINEL'!C8 -> Desmonte de manto zetal existene | C14: ='PPTO I.E JOSE REINEL'!D8 -> M2
A15: DESCRIPCION Y/O UBICACIÓN | C15: Largo (m) | D15: Ancho(m) | E15: Alto(m) | F15: Espesor Promedio(m) | G15: Cantidad | H15: Subtotal
A16: Area de trabajo | C16: 12.15 | D16: 3.5 | H16: =+C16*D16 -> 42.525
A19: Total | H19: =ROUND(SUM(H16:H18),2) -> 42.53
A20: ='PPTO I.E JOSE REINEL'!B9 -> 2 | B20: ='PPTO I.E JOSE REINEL'!C9 -> DEMOLICIONES Y DESMONTE DE ELEMENTOS
A21: ='PPTO I.E JOSE REINEL'!B10 -> 2.1 | B21: ='PPTO I.E JOSE REINEL'!C10 -> Demolición muros e-0.15m, con retiro | C21: ='PPTO I.E JOSE REINEL'!D10 -> M2
A22: DESCRIPCION Y/O UBICACIÓN | C22: Largo (m) | D22: Ancho(m) | E22: Alto(m) | F22: Espesor Promedio(m) | G22: Cantidad | H22: Subtotal
A23: Demolicion de muro a la vista acceso aulas y antepechos | C23: 3 | E23: 1 | H23: =+C23*E23 -> 3
C24: 3 | E24: 1 | H24: =+C24*E24 -> 3
C25: 3 | E25: 1 | H25: =+C25*E25 -> 3
A26: Total | H26: =ROUND(SUM(H23:H25),2) -> 9
A27: ='PPTO I.E JOSE REINEL'!B11 -> 2.2 | B27: ='PPTO I.E JOSE REINEL'!C11 -> Desmonte de ventanas, ventana-rejas con marco. | C27: ='PPTO I.E JOSE REINEL'!D11 -> UN
A28: DESCRIPCION Y/O UBICACIÓN | C28: Largo (m) | D28: Ancho(m) | E28: Alto(m) | F28: Espesor Promedio(m) | G28: Cantidad | H28: Subtotal
A29: Ventana en aluminio existete | G29: 1 | H29: =+G29 -> 1
A32: Total | H32: =ROUND(SUM(H29:H31),2) -> 1
A33: ='PPTO I.E JOSE REINEL'!B12 -> 3 | B33: ='PPTO I.E JOSE REINEL'!C12 -> MAMPOSTERIA
A34: ='PPTO I.E JOSE REINEL'!B13 -> 3.1 | B34: ='PPTO I.E JOSE REINEL'!C13 -> Construcción de Muro en ladrillo igual al existente de 30x10 de e=0.15m | C34: ='PPTO I.E JOSE REINEL'!D13 -> M2
A35: DESCRIPCION Y/O UBICACIÓN | C35: Largo (m) | D35: Ancho(m) | E35: Alto(m) | F35: Espesor Promedio(m) | G35: Cantidad | H35: Subtotal
A36: Aula segundo piso | C36: 14.5 | E36: 2.8 | H36: =+C36*E36 -> 40.6
A37: Aula segundo piso | C37: 14.5 | E37: 2.8 | H37: =+C37*E37 -> 40.6
A38: Aula segundo piso | C38: 6.2 | E38: 2.8 | H38: =+C38*E38 -> 17.36
A39: Aula segundo piso | C39: 6.2 | E39: 2.8 | H39: =+C39*E39 -> 17.36
A40: Aula segundo piso | C40: 6.2 | E40: 2.8 | H40: =+C40*E40 -> 17.36
A41: Aula segundo piso | C41: 6.2 | E41: 1.1 | H41: =+C41*E41 -> 6.82
A42: Aula segundo piso | C42: 3 | E42: 1.1 | H42: =+C42*E42 -> 3.3
A43: Aula segundo piso | C43: 3 | E43: 1.1 | H43: =+C43*E43 -> 3.3
A44: Vanos de Ventanas superiores | C44: 2.1 | E44: 0.65 | G44: -4 | H44: =+C44*E44*G44 -> -5.46
A45: Vanos de Ventanas Inferiores | C45: 2.1 | E45: 0.39 | G45: -4 | H45: =+C45*E45*G45 -> -3.276
A46: Vanos de puertas | C46: 1 | E46: 2.6 | G46: -2 | H46: =+C46*E46*G46 -> -5.2
A47: Puerta cceso canal | C47: 1.6 | E47: =+E46 -> 2.6 | G47: -1 | H47: =+C47*E47*G47 -> -4.16
A50: Total | H50: =ROUND(SUM(H36:H49),2) -> 128.6
A51: ='PPTO I.E JOSE REINEL'!B14 -> 3.2 | B51: ='PPTO I.E JOSE REINEL'!C14 -> Construcción de Alfajía en concreto 3000 psi, e= 0.15x0.25 incluye acero de refuerzo de 60000 p.s.i (2ø3/8" refuerzo y e=ø1/4" c. 0,20 m) | C51: ='PPTO I.E JOSE REINEL'!D14 -> ML
A52: DESCRIPCION Y/O UBICACIÓN | C52: Largo (m) | D52: Ancho(m) | E52: Alto(m) | F52: Espesor Promedio(m) | G52: Cantidad | H52: Subtotal
A53: terrazas segundo piso | C53: 6 | H53: =+C53 -> 6
A56: Total | H56: =ROUND(SUM(H53:H55),2) -> 6
A57: ='PPTO I.E JOSE REINEL'!B15 -> 4 | B57: ='PPTO I.E JOSE REINEL'!C15 -> ESTRUCTURA
A58: ='PPTO I.E JOSE REINEL'!B16 -> 4.1 | B58: ='PPTO I.E JOSE REINEL'!C16 -> Suministro de Acero de refuerzo de 60000 p.s.i | C58: ='PPTO I.E JOSE REINEL'!D16 -> Kg
A59: DESCRIPCION Y/O UBICACIÓN | C59: Largo (m) | D59: Ancho(m) | E59: Alto(m) | F59: Espesor Promedio(m) | G59: Cantidad | H59: Subtotal
A60: Area de trabajo | H60: 250
A63: Total | H63: =ROUND(SUM(H60:H62),2) -> 250
A64: ='PPTO I.E JOSE REINEL'!B17 -> 4.2 | B64: ='PPTO I.E JOSE REINEL'!C17 -> Construcción de Dintel en concreto 0.15x0.12m, incl. Acero | C64: ='PPTO I.E JOSE REINEL'!D17 -> ML
A65: DESCRIPCION Y/O UBICACIÓN | C65: Largo (m) | D65: Ancho(m) | E65: Alto(m) | F65: Espesor Promedio(m) | G65: Cantidad | H65: Subtotal
A66: Area de trabajo | C66: 4.6 | H66: =C66 -> 4.6
A69: Total | H69: =ROUND(SUM(H66:H68),2) -> 4.6
A70: ='PPTO I.E JOSE REINEL'!B18 -> 5 | B70: ='PPTO I.E JOSE REINEL'!C18 -> INSTALACIONES ELÉCTRICAS
A71: ='PPTO I.E JOSE REINEL'!B19 -> 5.1 | B71: ='PPTO I.E JOSE REINEL'!C19 -> Suministro e Instalación de Tablero de automáticos 12 circuitos.Incluye Tacos. | C71: ='PPTO I.E JOSE REINEL'!D19 -> UN
A72: DESCRIPCION Y/O UBICACIÓN | C72: Largo (m) | D72: Ancho(m) | E72: Alto(m) | F72: Espesor Promedio(m) | G72: Cantidad | H72: Subtotal
A73: Area de trabajo | H73: 1
A76: Total | H76: =ROUND(SUM(H73:H75),2) -> 1
A77: ='PPTO I.E JOSE REINEL'!B20 -> 5.2 | B77: ='PPTO I.E JOSE REINEL'!C20 -> Suministro e Instalación de Salida bifásica | C77: ='PPTO I.E JOSE REINEL'!D20 -> UN
A78: DESCRIPCION Y/O UBICACIÓN | C78: Largo (m) | D78: Ancho(m) | E78: Alto(m) | F78: Espesor Promedio(m) | G78: Cantidad | H78: Subtotal
A79: Area de trabajo | H79: 12
A82: Total | H82: =ROUND(SUM(H79:H81),2) -> 12
A83: ='PPTO I.E JOSE REINEL'!B21 -> 5.3 | B83: ='PPTO I.E JOSE REINEL'!C21 -> Suministro e Instalación de Salida toma corriente doble 110v | C83: ='PPTO I.E JOSE REINEL'!D21 -> UN
A84: DESCRIPCION Y/O UBICACIÓN | C84: Largo (m) | D84: Ancho(m) | E84: Alto(m) | F84: Espesor Promedio(m) | G84: Cantidad | H84: Subtotal
A85: Area de trabajo | H85: 12
A88: Total | H88: =ROUND(SUM(H85:H87),2) -> 12
A89: ='PPTO I.E JOSE REINEL'!B22 -> 5.4 | B89: ='PPTO I.E JOSE REINEL'!C22 -> Suministro e Instalación de luminaria panel LED de 0.6x0.6 incluye conectores de resorte cinta, accesorios de fijaciòn y soporte, instalado según reglamento NTC 2050 | C89: ='PPTO I.E JOSE REINEL'!D22 -> UN
A90: DESCRIPCION Y/O UBICACIÓN | C90: Largo (m) | D90: Ancho(m) | E90: Alto(m) | F90: Espesor Promedio(m) | G90: Cantidad | H90: Subtotal
A91: Area de trabajo | H91: 18
A94: Total | H94: =ROUND(SUM(H91:H93),2) -> 18
A95: ='PPTO I.E JOSE REINEL'!B23 -> 5.5 | B95: ='PPTO I.E JOSE REINEL'!C23 -> Suministro e instalación de Puesta a tierra de tablero de distribución, polo a tierra, varilla c. W. 2,40 ml | C95: ='PPTO I.E JOSE REINEL'!D23 -> UN
A96: DESCRIPCION Y/O UBICACIÓN | C96: Largo (m) | D96: Ancho(m) | E96: Alto(m) | F96: Espesor Promedio(m) | G96: Cantidad | H96: Subtotal
A97: Area de trabajo | H97: 1
A100: Total | H100: =ROUND(SUM(H97:H99),2) -> 1
A101: ='PPTO I.E JOSE REINEL'!B24 -> 5.6 | B101: ='PPTO I.E JOSE REINEL'!C24 -> Red electrica en tuberia pvc de 1/2", incluye 2 No 12 , para luminarias | C101: ='PPTO I.E JOSE REINEL'!D24 -> ML
A102: DESCRIPCION Y/O UBICACIÓN | C102: Largo (m) | D102: Ancho(m) | E102: Alto(m) | F102: Espesor Promedio(m) | G102: Cantidad | H102: Subtotal
A103: Area de trabajo | C103: 80 | H103: =C103 -> 80
A106: Total | H106: =ROUND(SUM(H103:H105),2) -> 80
A107: ='PPTO I.E JOSE REINEL'!B25 -> 5.7 | B107: ='PPTO I.E JOSE REINEL'!C25 -> Instalacion salida interruptor doble 110 V | C107: ='PPTO I.E JOSE REINEL'!D25 -> UN
A108: DESCRIPCION Y/O UBICACIÓN | C108: Largo (m) | D108: Ancho(m) | E108: Alto(m) | F108: Espesor Promedio(m) | G108: Cantidad | H108: Subtotal
A109: Area de trabajo | H109: 3
A112: Total | H112: =ROUND(SUM(H109:H111),2) -> 3
A113: ='PPTO I.E JOSE REINEL'!B26 -> 5.8 | B113: ='PPTO I.E JOSE REINEL'!C26 -> Red electrica en tuberia pvc de 1/2", incluye 1 linea No 12 + 1 neutro No 12 + 1 Linea No 12 | C113: ='PPTO I.E JOSE REINEL'!D26 -> ML
A114: DESCRIPCION Y/O UBICACIÓN | C114: Largo (m) | D114: Ancho(m) | E114: Alto(m) | F114: Espesor Promedio(m) | G114: Cantidad | H114: Subtotal
A115: Area de trabajo | C115: 10 | H115: =C115 -> 10
A118: Total | H118: =ROUND(SUM(H115:H117),2) -> 10
A119: ='PPTO I.E JOSE REINEL'!B27 -> 5.9 | B119: ='PPTO I.E JOSE REINEL'!C27 -> Red electrica en tuberia EMT de 1/2", incluye 1 linea No 12 + 1 neutro No 12 + 1 Linea No 12 | C119: ='PPTO I.E JOSE REINEL'!D27 -> ML
A120: DESCRIPCION Y/O UBICACIÓN | C120: Largo (m) | D120: Ancho(m) | E120: Alto(m) | F120: Espesor Promedio(m) | G120: Cantidad | H120: Subtotal
A121: Area de trabajo | C121: 20 | H121: =C121 -> 20
A124: Total | H124: =ROUND(SUM(H121:H123),2) -> 20
A125: ='PPTO I.E JOSE REINEL'!B28 -> 5.10 | B125: ='PPTO I.E JOSE REINEL'!C28 -> Suministro e Instalación de Acometida eléctrica bifasica trifilar | C125: ='PPTO I.E JOSE REINEL'!D28 -> UN
A126: DESCRIPCION Y/O UBICACIÓN | C126: Largo (m) | D126: Ancho(m) | E126: Alto(m) | F126: Espesor Promedio(m) | G126: Cantidad | H126: Subtotal
A127: Area de trabajo | H127: 1
A130: Total | H130: =ROUND(SUM(H127:H129),2) -> 1
A131: ='PPTO I.E JOSE REINEL'!B29 -> 6 | B131: ='PPTO I.E JOSE REINEL'!C29 -> PAÑETES E IMPERMEABILIZACION
A132: ='PPTO I.E JOSE REINEL'!B30 -> 6.1 | B132: ='PPTO I.E JOSE REINEL'!C30 -> Suministro y Aplicación de Pañete muros 1:4; incluye filo y dilataciones | C132: ='PPTO I.E JOSE REINEL'!D30 -> M2
A133: DESCRIPCION Y/O UBICACIÓN | C133: Largo (m) | D133: Ancho(m) | E133: Alto(m) | F133: Espesor Promedio(m) | G133: Cantidad | H133: Subtotal
A134: Area de trabajo | H134: 10
A137: Total | H137: =ROUND(SUM(H134:H136),2) -> 10
...

Sheet LISTADO DE MATERIALES
A1: =ROTULOS!B2 -> DEPARTAMENTO DEL HUILA
A2: =ROTULOS!B3 -> MUNICIPIO DE PALERMO
A3: =ROTULOS!B4 -> AMPLIACIÓN DE LA SEDE PRINCIPAL DE LA INSTITUCION EDUCATIVA JOSÉ REINEL DEL MUNICIPIO DE PALERMO HUILA
A4: INSUMOS - VIGENCIA 2025
A5: CÓDIGO | B5: MATERIALES, EQUIPO y MAQUINARIA, JORNALES | C5: UNIDAD | D5: V/r. UNT 2025
A6: M001 | B6: Acero Fy=2,400 Kg/cm2 | C6: KG | D6: 6250
A7: M002 | B7: Acero Fy=4,200 kg/cm2 | C7: KG | D7: 6250
A8: M003 | B8: Acido Muriatico | C8: GL | D8: 39000
A9: M004 | B9: Accesorio para fijacion varilla | C9: UND | D9: 11200
A10: M005 | B10: Accesorio PVC 2" sanitario | C10: UND | D10: 10932
A11: M006 | B11: Accesorio PVC 3" sanitario | C11: UND | D11: 17950
A12: M007 | B12: Accesorio PVC 4" sanitario | C12: UND | D12: 17900
A13: M008 | B13: Accesorio PVC" sanitario | C13: UND | D13: 72280
A14: M009 | B14: Accesorios empaques y tornillos | C14: GL | D14: 10500
A15: M010 | B15: Adaptador macho pvc 1/2" | C15: UND | D15: 600
A16: M011 | B16: Adaptador terminal pvc ½" conduit | C16: UND | D16: 1200
A17: M012 | B17: Adaptador terminal emt ½" conduit | C17: UND | D17: 68900
... A556: M551 | B556: pozo séptico integrado de 7.500 litros (incluye: tanque cilindrico horizontal de 7,500 lt negro: 1 und.material filtrante: 920 unds. tuerca 5/16: 8 unds.tornillo 5/16-pulg x long. 3 ½-pulg: 8 unds.tapa septilisto: 2 unds.trampa de grasas 105 lt: 1 und.tapa rotoplast 105 lt: 1 und.tee sanitario de 2-pulg: 2 unds.niple sanitario de 2-pulg x 20 cm: 2 unds.) | C556: UND | D556: 14587500
B557: Lampara 40x40

Sheet MO
B1: =ROTULOS!B2 -> DEPARTAMENTO DEL HUILA
B2: =ROTULOS!B3 -> MUNICIPIO DE PALERMO
B3: =ROTULOS!B4 -> AMPLIACIÓN DE LA SEDE PRINCIPAL DE LA INSTITUCION EDUCATIVA JOSÉ REINEL DEL MUNICIPIO DE PALERMO HUILA
B5: ANÁLISIS DE PRECIOS UNITARIOS - SUBPRODUCTOS - VIGENCIA 2025 | H5: SALARIO 2025 | I5: 1423500 | J5: ok
H6: SALARIO DIA PROMEDIO | I6: =I5/30 -> 47450 | J6: ok
B7: AYUDANTE (Incl. Prestaciones) | H7: SUB TRANSPORTE | I7: 200000 | J7: ok
B9: DESCRIPCIÓN | C9: UNIDAD | D9: CANT | E9: V/r UNITARIO | F9: V/r PARCIAL
B11: AYUDANTE | C11: DIA | D11: 1 | E11: =+I6 -> 47450 | F11: =E11*D11 -> 47450
B13: PRESTACIONES SOCIALES | I13: COSTO TOTAL | J13: PATRONO | K13: EMPLEADO
B14: Subsidio de transporte | C14: % | D14: =(F14/E14) -> 0.1405 | E14: =E$11 -> 47450 | F14: =I7/30 -> 6666.67 | H14: PENSION | I14: 0.16 | J14: 0.12 | K14: =I14-J14 -> 0.04 | L14: ok
B15: Cesantias | C15: % | D15: 0.0833 | E15: =E$11 -> 47450 | F15: =E15*D15 -> 3952.59 | H15: SALUD | I15: 0.125 | J15: 0.085 | K15: =I15-J15 -> 0.04 | L15: ok
B16: Intereses de cesantias | C16: % | D16: 0.01 | E16: =E$11 -> 47450 | F16: =E16*D16 -> 474.5 | H16: RIESGOS | I16: 0.0696 | J16: 0.0696 | K16: =I16-J16 -> 0 | L16: ok
B17: Prima legal | C17: % | D17: 0.0833 | E17: =E$11 -> 47450 | F17: =E17*D17 -> 3952.59 | I17: =SUM(I14:I16) -> 0.3546 | J17: =SUM(J14:J16) -> 0.2746 | K17: =SUM(K14:K16) -> 0.08
B18: Vacaciones | C18: % | D18: 0.0416 | E18: =E$11 -> 47450 | F18: =E18*D18 -> 1973.92
B19: Seguridad Social | C19: % | D19: 0.3546 | E19: =E$11 -> 47450 | F19: =E19*D19 -> 16825.77
B21: APORTES PARAFISCALES:
B22: Caja de compesnacion familiar | C22: % | D22: 0.04 | E22: =E$11 -> 47450 | F22: =E22*D22 -> 1898
B23: Sena | C23: % | D23: 0.02 | E23: =E$11 -> 47450 | F23: =E23*D23 -> 949
B24: FIC | C24: % | D24: 0.0175 | E24: =E$11 -> 47450 | F24: =E24*D24 -> 830.38
B25: ICBF | C25: % | D25: 0.03 | E25: =E$11 -> 47450 | F25: =E25*D25 -> 1423.5
B27: DOTACION | C27: % | D27: 0.0528 | E27: =E$11 -> 47450 | F27: =E27*D27 -> 2505.36
B29: INCREMENTO TOTAL | C29: % | D29: =SUM(D14:D27) -> 0.8736
C31: [ DIA ] | E31: V/r UNITARIO | F31: =SUM(F11:F27) -> 88902.28
C32: [ HR ] | F32: =F31/8 -> 11112.79
B34: OFICIAL (Incl. Prestaciones)
B36: DESCRIPCIÓN | C36: UNIDAD | D36: CANT | E36: V/r UNITARIO | F36: V/r PARCIAL
B38: OFICIAL | C38: DIA | D38: 1 | E38: 70000 | F38: =E38*D38 -> 70000
B40: PRESTACIONES SOCIALES
B41: Subsidio de transporte | C41: % | D41: =(F41/E41) -> 0.0952 | E41: =E$38 -> 70000 | F41: =I7/30 -> 6666.67
B42: Cesantias | C42: % | D42: 0.0833 | E42: =E$38 -> 70000 | F42: =E42*D42 -> 5831
B43: Intereses de cesantias | C43: % | D43: 0.01 | E43: =E$38 -> 70000 | F43: =E43*D43 -> 700
B44: Prima legal | C44: % | D44: 0.0833 | E44: =E$38 -> 70000 | F44: =E44*D44 -> 5831
B45: Vacaciones | C45: % | D45: 0.0416 | E45: =E$38 -> 70000 | F45: =E45*D45 -> 2912
B46: Seguridad Social | C46: % | D46: 0.3546 | E46: =E$38 -> 70000 | F46: =E46*D46 -> 24822
B48: APORTES PARAFISCALES:
B49: Caja de compesnacion familiar | C49: % | D49: 0.04 | E49: =E$38 -> 70000 | F49: =E49*D49 -> 2800
B50: Sena | C50: % | D50: 0.02 | E50: =E$38 -> 70000 | F50: =E50*D50 -> 1400
B51: FIC | C51: % | D51: 0.0175 | E51: =E$38 -> 70000 | F51: =E51*D51 -> 1225
B52: ICBF | C52: % | D52: 0.03 | E52: =E$38 -> 70000 | F52: =E52*D52 -> 2100
B54: DOTACION | C54: % | D54: 0.0528 | E54: =E$38 -> 70000 | F54: =E54*D54 -> 3696
B56: INCREMENTO TOTAL | C56: % | D56: =SUM(D41:D54) -> 0.8283
C58: [ DIA ] | E58: V/r UNITARIO | F58: =SUM(F38:F54) -> 127983.67
C59: [ HR ] | F59: =F58/8 -> 15997.96
B61: MANO DE OBRA A
B63: DESCRIPCIÓN | C63: UNIDAD | D63: CANT | E63: V/r UNITARIO | F63: V/r PARCIAL
B65: OFICIAL (Incl. Prestaciones) | C65: HR | D65: 1 | E65: =$F$59 -> 15997.96 | F65: =E65*D65 -> 15997.96
B66: AYUDANTE (Incl. Prestaciones) | C66: HR | D66: 1 | E66: =$F$32 -> 11112.79 | F66: =E66*D66 -> 11112.79
C68: [ HR ] | E68: V/r UNITARIO | F68: =ROUND(F65+F66,0) -> 27111
B70: MANO DE OBRA B
B72: DESCRIPCIÓN | C72: UNIDAD | D72: CANT | E72: V/r UNITARIO | F72: V/r PARCIAL
B74: AYUDANTE (Incl. Prestaciones) | C74: HR | D74: 1 | E74: =$F$32 -> 11112.79 | F74: =E74*D74 -> 11112.79
B75: AYUDANTE (Incl. Prestaciones) | C75: HR | D75: 1 | E75: =$F$32 -> 11112.79 | F75: =E75*D75 -> 11112.79
C77: [ HR ] | E77: V/r UNITARIO | F77: =ROUND(F74+F75,0) -> 22226
B79: MANO DE OBRA C
B81: DESCRIPCIÓN | C81: UNIDAD | D81: CANT | E81: V/r UNITARIO | F81: V/r PARCIAL
B83: AYUDANTE (Incl. Prestaciones) | C83: HR | D83: 1 | E83: =$F$32 -> 11112.79 | F83: =E83*D83 -> 11112.79
B84: AYUDANTE (Incl. Prestaciones) | C84: HR | D84: 1 | E84: =$F$32 -> 11112.79 | F84: =E84*D84 -> 11112.79
B85: AYUDANTE (Incl. Prestaciones) | C85: HR | D85: 1 | E85: =$F$32 -> 11112.79 | F85: =E85*D85 -> 11112.79
C87: [ HR ] | E87: V/r UNITARIO | F87: =ROUND(F84+F85+F83,0) -> 33338
B89: MANO DE OBRA D
B91: DESCRIPCIÓN | C91: UNIDAD | D91: CANT | E91: V/r UNITARIO | F91: V/r PARCIAL
B93: OFICIAL (Incl. Prestaciones) | C93: HR | D93: 1 | E93: =F59 -> 15997.96 | F93: =E93*D93 -> 15997.96
B94: AYUDANTE (Incl. Prestaciones) | C94: HR | D94: 1 | E94: =$F$32 -> 11112.79 | F94: =E94*D94 -> 11112.79
B95: AYUDANTE (Incl. Prestaciones) | C95: HR | D95: 1 | E95: =$F$32 -> 11112.79 | F95: =E95*D95 -> 11112.79
C97: [ HR ] | E97: V/r UNITARIO | F97: =ROUND(F94+F95+F93,0) -> 38224
B99: DESCRIPCIÓN | C99: UNIDAD | D99: CANT | E99: V/r UNITARIO | F99: V/r PARCIAL
B101: OFICIAL (Incl. Prestaciones) | C101: HR | D101: 1.1 | E101: =$F$59 -> 15997.96 | F101: =E101*D101 -> 17597.76
B102: AYUDANTE (Incl. Prestaciones) | C102: HR | D102: 1.1 | E102: =$F$32 -> 11112.79 | F102: =E102*D102 -> 12224.07
C104: [ HR ] | E104: V/r UNITARIO | F104: =ROUND(F101+F102,0) -> 29822
B106: MANO DE OBRA CARPINTERIA
B108: DESCRIPCIÓN | C108: UNIDAD | D108: CANT | E108: V/r UNITARIO | F108: V/r PARCIAL
B110: OFICIAL (Incl. Prestaciones) | C110: HR | D110: 1.2 | E110: =$F$59 -> 15997.96 | F110: =E110*D110 -> 19197.55
B111: AYUDANTE (Incl. Prestaciones) | C111: HR | D111: 1.2 | E111: =$F$32 -> 11112.79 | F111: =E111*D111 -> 13335.35
C113: [ HR ] | E113: V/r UNITARIO | F113: =ROUND(F110+F111,0) -> 32533
B115: MANO DE OBRA PINTURA
B117: DESCRIPCIÓN | C117: UNIDAD | D117: CANT | E117: V/r UNITARIO | F117: V/r PARCIAL
B119: OFICIAL (Incl. Prestaciones) | C119: HR | D119: 1.15 | E119: =$F$59 -> 15997.96 | F119: =E119*D119 -> 18397.65
B120: AYUDANTE (Incl. Prestaciones) | C120: HR | D120: 1.15 | E120: =$F$32 -> 11112.79 | F120: =E120*D120 -> 12779.71
C122: [ HR ] | E122: V/r UNITARIO | F122: =ROUND(F119+F120,0) -> 31177
B124: MANO DE OBRA ELECTRICA
B126: DESCRIPCIÓN | C126: UNIDAD | D126: CANT | E126: V/r UNITARIO | F126: V/r PARCIAL
B128: OFICIAL (Incl. Prestaciones) | C128: HR | D128: 1.3 | E128: =$F$59 -> 15997.96 | F128: =E128*D128 -> 20797.35
B129: AYUDANTE (Incl. Prestaciones) | C129: HR | D129: 1.3 | E129: =$F$32 -> 11112.79 | F129: =E129*D129 -> 14446.63
C131: [ HR ] | E131: V/r UNITARIO | F131: =ROUND(F128+F129,0) -> 35244
B134: TRASNPORTE DE MATERIALES
B135: VIAJE DE TRANSPORTE DE MATERIALES DE FERRETERIA | E135: VJ | F135: 450000
B139: Elaboró:
B146: =ROTULOS!$C$11 -> ING. YOALVETH LOZANO LOSADA
B147: =ROTULOS!$C$12 -> Profesional Universitario de Apoyo Técnico
B148: =ROTULOS!$C$13 -> M.P 70202-137680 TLM

Sheet ANALISIS BASICOS
B1: =ROTULOS!B2 -> DEPARTAMENTO DEL HUILA
B2: =ROTULOS!B3 -> MUNICIPIO DE PALERMO
B3: =ROTULOS!B4 -> AMPLIACIÓN DE LA SEDE PRINCIPAL DE LA INSTITUCION EDUCATIVA JOSÉ REINEL DEL MUNICIPIO DE PALERMO HUILA
B5: ANÁLISIS DE PRECIOS UNITARIOS - SUBPRODUCTOS
B7: CONCRETO 3500 PSI | E7: Unidad: | F7: M3
B9: DESCRIPCIÓN | C9: UNIDAD | D9: CANT | E9: V/r UNITARIO | F9: V/r PARCIAL
B10: MATERIALES : | F10: =SUM(F11:F15) -> 467400
B11: CEMENTO GRIS | C11: KG | D11: 380 | E11: =+'LISTADO DE MATERIALES'!D90 -> 800 | F11: =E11*D11 -> 304000
B12: ARENA | C12: M3 | D12: 0.6 | E12: ='LISTADO DE MATERIALES'!D43 -> 75000 | F12: =E12*D12 -> 45000
B13: GRAVILLA DE PLANTA | C13: M3 | D13: 0.76 | E13: ='LISTADO DE MATERIALES'!D158 -> 130000 | F13: =E13*D13 -> 98800
B14: AGUA | C14: LT | D14: 180 | E14: ='LISTADO DE MATERIALES'!D23 -> 100 | F14: =E14*D14 -> 18000
B15: ENSAYOS | C15: UND | D15: 0.01 | E15: =+'LISTADO DE MATERIALES'!D538 -> 160000 | F15: =E15*D15 -> 1600
B17: EQUIPO Y HERRAMIENTAS: | F17: =SUM(F18:F19) -> 11000
B18: HERRAMIENTA MENOR | C18: GL | D18: 1 | E18: ='LISTADO DE MATERIALES'!D170 -> 3000 | F18: =E18*D18 -> 3000
B19: MEZCLADORA | C19: DIA | D19: 0.1 | E19: =+'LISTADO DE MATERIALES'!D215 -> 80000 | F19: =E19*D19 -> 8000
B21: MANO DE OBRA: | F21: =SUM(F22:F23) -> 130131.57
B22: OFICIAL (incl. Prestaciones) | C22: DIA | D22: 0.6 | E22: =MO!F$58 -> 127983.67 | F22: =E22*D22 -> 76790.2
B23: AYUIDANTE (Incl. Prestaciones) | C23: DIA | D23: 0.6 | E23: =MO!F$31 -> 88902.28 | F23: =E23*D23 -> 53341.37
C25: [ M3 ] V/r. COSTO DIRECTO = | F25: =ROUND(F21+F17+F10,0) -> 608532
B28: CONCRETO 3000 PSI (1:2:3) | E28: Unidad: | F28: M3
B30: DESCRIPCIÓN | C30: UNIDAD | D30: CANT | E30: V/r UNITARIO | F30: V/r PARCIAL
B31: MATERIALES : | F31: =SUM(F32:F36) -> 436600
B32: CEMENTO GRIS | C32: KG | D32: 350 | E32: =+'LISTADO DE MATERIALES'!D90 -> 800 | F32: =E32*D32 -> 280000
B33: ARENA | C33: M3 | D33: 0.52 | E33: ='LISTADO DE MATERIALES'!D43 -> 75000 | F33: =E33*D33 -> 39000
B34: GRAVILLA DE PLANTA | C34: M3 | D34: 0.9 | E34: 110000 | F34: =E34*D34 -> 99000
B35: AGUA | C35: LT | D35: 170 | E35: ='LISTADO DE MATERIALES'!D23 -> 100 | F35: =E35*D35 -> 17000
B36: ENSAYOS | C36: UND | D36: 0.01 | E36: =E15 -> 160000 | F36: =E36*D36 -> 1600
B38: EQUIPO Y HERRAMIENTAS: | F38: =SUM(F39:F40) -> 11000
B39: HERRAMIENTA MENOR | C39: GL | D39: 1 | E39: ='LISTADO DE MATERIALES'!D170 -> 3000 | F39: =E39*D39 -> 3000
B40: MEZCLADORA | C40: DIA | D40: 0.1 | E40: =+'LISTADO DE MATERIALES'!D215 -> 80000 | F40: =E40*D40 -> 8000
B42: MANO DE OBRA: | F42: =SUM(F43:F44) -> 130131.57
B43: OFICIAL (incl. Prestaciones) | C43: DIA | D43: 0.6 | E43: =MO!F$58 -> 127983.67 | F43: =E43*D43 -> 76790.2
B44: AYUIDANTE (Incl. Prestaciones) | C44: DIA | D44: 0.6 | E44: =MO!F$31 -> 88902.28 | F44: =E44*D44 -> 53341.37
C46: [ M3 ] V/r. COSTO DIRECTO = | F46: =ROUND(F42+F38+F31,0) -> 577732
B49: CONCRETO DE 2.500 PSI (1:3:3) | E49: Unidad: | F49: M3
B51: DESCRIPCIÓN | C51: UNIDAD | D51: CANT | E51: V/r UNITARIO | F51: V/r PARCIAL
B52: MATERIALES : | F52: =SUM(F53:F57) -> 394100
B53: CEMENTO GRIS | C53: KG | D53: 300 | E53: =+'LISTADO DE MATERIALES'!D90 -> 800 | F53: =E53*D53 -> 240000
B54: ARENA | C54: M3 | D54: 0.72 | E54: =E33 -> 75000 | F54: =E54*D54 -> 54000
B55: GRAVILLA DE PLANTA | C55: M3 | D55: 0.72 | E55: =E34 -> 110000 | F55: =E55*D55 -> 79200
B56: AGUA | C56: LT | D56: 193 | E56: =E35 -> 100 | F56: =E56*D56 -> 19300
B57: ENSAYOS | C57: UND | D57: 0.01 | E57: =E36 -> 160000 | F57: =E57*D57 -> 1600
B59: EQUIPO Y HERRAMIENTAS: | F59: =SUM(F60:F61) -> 11000
B60: HERRAMIENTA MENOR | C60: GL | D60: 1 | E60: ='LISTADO DE MATERIALES'!D170 -> 3000 | F60: =E60*D60 -> 3000
B61: MEZCLADORA | C61: DIA | D61: 0.1 | E61: =+'LISTADO DE MATERIALES'!D215 -> 80000 | F61: =E61*D61 -> 8000
B63: MANO DE OBRA: | F63: =SUM(F64:F65) -> 75910.08
B64: OFICIAL (incl. Prestaciones) | C64: DIA | D64: 0.35 | E64: =MO!F$58 -> 127983.67 | F64: =E64*D64 -> 44794.28
B65: AYUIDANTE (Incl. Prestaciones) | C65: DIA | D65: 0.35 | E65: =MO!F$31 -> 88902.28 | F65: =E65*D65 -> 31115.8
C67: [M3 ] V/r. COSTO DIRECTO = | F67: =ROUND(F63+F59+F52,0) -> 481010
B70: CONCRETO DE 1.700 PSI (1:3:6) | E70: Unidad: | F70: M3
B72: DESCRIPCIÓN | C72: UNIDAD | D72: CANT | E72: V/r UNITARIO | F72: V/r PARCIAL
B73: MATERIALES : | F73: =SUM(F74:F77) -> 333150
B74: CEMENTO GRIS | C74: KG | D74: 210 | E74: =+'LISTADO DE MATERIALES'!D90 -> 800 | F74: =E74*D74 -> 168000
B75: ARENA | C75: M3 | D75: 0.51 | E75: =E33 -> 75000 | F75: =E75*D75 -> 38250
B76: GRAVILLA DE PLANTA | C76: M3 | D76: 1 | E76: =E34 -> 110000 | F76: =E76*D76 -> 110000
B77: AGUA | C77: LT | D77: 169 | E77: =E56 -> 100 | F77: =E77*D77 -> 16900
B79: EQUIPO Y HERRAMIENTAS: | F79: =SUM(F80:F81) -> 11000
B80: HERRAMIENTA MENOR | C80: GL | D80: 1 | E80: ='LISTADO DE MATERIALES'!D170 -> 3000 | F80: =E80*D80 -> 3000
B81: MEZCLADORA | C81: DIA | D81: 0.1 | E81: =+'LISTADO DE MATERIALES'!D215 -> 80000 | F81: =E81*D81 -> 8000
B83: MANO DE OBRA: | F83: =SUM(F84:F85) -> 75910.08
B84: OFICIAL (incl. Prestaciones) | C84: DIA | D84: 0.35 | E84: =MO!F$58 -> 127983.67 | F84: =E84*D84 -> 44794.28
B85: AYUIDANTE (Incl. Prestaciones) | C85: DIA | D85: 0.35 | E85: =MO!F$31 -> 88902.28 | F85: =E85*D85 -> 31115.8
C87: [ M3 ] V/r. COSTO DIRECTO = | F87: =ROUND(F83+F79+F73,0) -> 420060
B89: CONCRETO CICLOPEO | E89: Unidad: | F89: M3
B91: DESCRIPCIÓN | C91: UNIDAD | D91: CANT | E91: V/r UNITARIO | F91: V/r PARCIAL
B92: MATERIALES : | F92: =SUM(F93:F94) -> 316606
B93: PIEDRA DE RIO MEDIA ZONGA | C93: M3 | D93: 0.4 | E93: =+'LISTADO DE MATERIALES'!D237 -> 70000 | F93: =E93*D93 -> 28000
B94: MATERIAL CONCRETO DE 2500 PSI | C94: M3 | D94: 0.6 | E94: =+F67 -> 481010 | F94: =E94*D94 -> 288606
B96: EQUIPO Y HERRAMIENTAS: | F96: =SUM(F97:F98) -> 9800
B97: HERRAMIENTA MENOR | C97: GL | D97: 0.6 | E97: ='LISTADO DE MATERIALES'!D170 -> 3000 | F97: =E97*D97 -> 1800
B98: MEZCLADORA | C98: DIA | D98: 0.1 | E98: =+'LISTADO DE MATERIALES'!D215 -> 80000 | F98: =E98*D98 -> 8000
B100: MANO DE OBRA: | F100: =SUM(F101:F102) -> 119287.27
B101: OFICIAL (incl. Prestaciones) | C101: DIA | D101: 0.55 | E101: =MO!F$58 -> 127983.67 | F101: =E101*D101 -> 70391.02
B102: AYUIDANTE (Incl. Prestaciones) | C102: DIA | D102: 0.55 | E102: =MO!F$31 -> 88902.28 | F102: =E102*D102 -> 48896.25
C104: [ M3 ] V/r. COSTO DIRECTO = | F104: =ROUND(F100+F96+F92,0) -> 445693
B106: MORTERO 1:3 | E106: Unidad: | F106: M3
B108: DESCRIPCIÓN | C108: UNIDAD | D108: CANT | E108: V/r UNITARIO | F108: V/r PARCIAL
B109: MATERIALES : | F109: =SUM(F110:F112) -> 461250
B110: CEMENTO GRIS | C110: M3 | D110: 454 | E110: =+'LISTADO DE MATERIALES'!D90 -> 800 | F110: =E110*D110 -> 363200
B111: ARENA DE REVOQUE | C111: M3 | D111: 1.05 | E111: ='LISTADO DE MATERIALES'!D44 -> 75000 | F111: =E111*D111 -> 78750
B112: AGUA | C112: LT | D112: 193 | E112: =E77 -> 100 | F112: =E112*D112 -> 19300
B114: EQUIPO Y HERRAMIENTAS: | F114: =SUM(F115:F115) -> 3000
B115: HERRAMIENTA MENOR | C115: GL | D115: 1 | E115: ='LISTADO DE MATERIALES'!D170 -> 3000 | F115: =E115*D115 -> 3000
B117: MANO DE OBRA: | F117: =SUM(F118:F118) -> 88902.28
B118: AYUDANTE (Incl. Prestaciones) | C118: DIA | D118: 1 | E118: =MO!F$31 -> 88902.28 | F118: =E118*D118 -> 88902.28
C120: V/r. COSTO DIRECTO = | F120: =ROUND(F117+F114+F109,0) -> 553152
B122: MORTERO 1:3 IMPERMEABILIZADO | E122: Unidad: | F122: M3
B124: DESCRIPCIÓN | C124: UNIDAD | D124: CANT | E124: V/r UNITARIO | F124: V/r PARCIAL
B125: MATERIALES : | F125: =SUM(F126:F129) -> 826020
B126: CEMENTO GRIS | C126: M3 | D126: 454 | E126: =+'LISTADO DE MATERIALES'!D90 -> 800 | F126: =E126*D126 -> 363200
B127: AREAN DE REVOQUE | C127: M3 | D127: 1.05 | E127: ='LISTADO DE MATERIALES'!D44 -> 75000 | F127: =E127*D127 -> 78750
B128: SIKA 1 | C128: KG | D128: 19.3 | E128: ='LISTADO DE MATERIALES'!D276 -> 18900 | F128: =E128*D128 -> 364770
B129: AGUA | C129: LT | D129: 193 | E129: =E112 -> 100 | F129: =E129*D129 -> 19300
B131: EQUIPO Y HERRAMIENTAS: | F131: =SUM(F132:F132) -> 3000
B132: HERRAMIENTA MENOR | C132: GL | D132: 1 | E132: ='LISTADO DE MATERIALES'!D170 -> 3000 | F132: =E132*D132 -> 3000
B134: MANO DE OBRA: | F134: =SUM(F135:F135) -> 88902.28
B135: AYUIDANTE (Incl. Prestaciones) | C135: DIA | D135: 1 | E135: =MO!F$31 -> 88902.28 | F135: =E135*D135 -> 88902.28
C137: [ M3 ] V/r. COSTO DIRECTO = | F137: =ROUND(F134+F131+F125,0) -> 917922
B139: MORTERO 1:4 | E139: Unidad: | F139: M3
B141: DESCRIPCIÓN | C141: UNIDAD | D141: CANT | E141: V/r UNITARIO | F141: V/r PARCIAL
...

Sheet 1-2 PRELIMINARES-DEMOLICION
B1: =ROTULOS!B2 -> DEPARTAMENTO DEL HUILA
B2: =ROTULOS!B3 -> MUNICIPIO DE PALERMO
B3: =ROTULOS!C10 -> AMPLIACIÓN DE LA SEDE PRINCIPAL DE LA INSTITUCIÓN EDUCATIVA JOSÉ REINEL CERQUERA DEL MUNICIPIO DE PALERMO HUILA
B5: ANÁLISIS DE PRECIOS UNITARIOS - COSTOS DIRECTOS
B7: 1. PRELIMINARES
A9: ='PPTO I.E JOSE REINEL'!B7 -> 1.1 | B9: ='PPTO I.E JOSE REINEL'!C7 -> Suministro e instalación de cerca en lona verde h=2.10 m | E9: Unidad: | F9: ='PPTO I.E JOSE REINEL'!D7 -> ML
B11: DESCRIPCIÓN | C11: UNIDAD | D11: CANT | E11: V/r UNITARIO | F11: V/r PARCIAL
B13: MATERIALES: | F13: =ROUND(SUM(F14:F17),0) -> 21904
B14: GUADUA SOBREBASA | C14: =+'LISTADO DE MATERIALES'!C165 -> UND | D14: 2 | E14: ='LISTADO DE MATERIALES'!D$165 -> 7150 | F14: =E14*D14 -> 14300
B15: =+'LISTADO DE MATERIALES'!B257 -> puntilla 1 1/2" a 3" | C15: =+'LISTADO DE MATERIALES'!C257 -> LB | D15: 0.06 | E15: =+'LISTADO DE MATERIALES'!D$257 -> 7900 | F15: =E15*D15 -> 474
B16: ='LISTADO DE MATERIALES'!B24 -> Alambre Negro No 18 | C16: KG | D16: 0.15 | E16: ='LISTADO DE MATERIALES'!D$24 -> 7800 | F16: =E16*D16 -> 1170
B17: =+'LISTADO DE MATERIALES'!B206 -> lona verde | C17: =+'LISTADO DE MATERIALES'!C206 -> ML | D17: 1 | E17: ='LISTADO DE MATERIALES'!D$206 -> 5960 | F17: =E17*D17 -> 5960
B19: EQUIPO Y HERRAMIENTAS: | F19: =ROUND(SUM(F20),0) -> 300
B20: HERRAMIENTA MENOR | C20: UND | D20: 0.1 | E20: =+'LISTADO DE MATERIALES'!D$170 -> 3000 | F20: =E20*D20 -> 300
B22: MANO DE OBRA: | F22: =ROUND(SUM(F23),0) -> 6507
B23: MANO DE OBRA: | C23: HR | D23: 0.24 | E23: =MO!F$68 -> 27111 | F23: =E23*D23 -> 6506.64
C25: [ M2 ] V/r. COSTO DIRECTO = | F25: =ROUND(F22+F19+F13,0) -> 28711
A27: ='PPTO I.E JOSE REINEL'!B8 -> 1.2 | B27: ='PPTO I.E JOSE REINEL'!C8 -> Desmonte de manto zetal existene | E27: Unidad: | F27: ='PPTO I.E JOSE REINEL'!D8 -> M2
B29: DESCRIPCIÓN | C29: UNIDAD | D29: CANT | E29: V/r UNITARIO | F29: V/r PARCIAL
B31: MATERIALES: | F31: =ROUND(SUM(F32),0) -> 0
F32: =E32*D32 -> 0
B34: EQUIPO Y HERRAMIENTAS: | F34: =ROUND(SUM(F35),0) -> 1156
B35: HERRAMIENTA MENOR | C35: UND | D35: 0.3854 | E35: =+'LISTADO DE MATERIALES'!D$170 -> 3000 | F35: =E35*D35 -> 1156.2
B37: MANO DE OBRA: | F37: =ROUND(SUM(F38),0) -> 10844
B38: MANO DE OBRA: | C38: HR | D38: 0.4 | E38: =MO!F$68 -> 27111 | F38: =E38*D38 -> 10844.4
C40: [ M2 ] V/r. COSTO DIRECTO = | F40: =ROUND(F37+F34+F31,0) -> 12000
B42: 2. DEMOLICIONES Y DESMONTE DE ELEMENTOS
A44: ='PPTO I.E JOSE REINEL'!B10 -> 2.1 | B44: ='PPTO I.E JOSE REINEL'!C10 -> Demolición muros e-0.15m, con retiro | E44: Unidad: | F44: ='PPTO I.E JOSE REINEL'!D10 -> M2
B46: DESCRIPCIÓN | C46: UNIDAD | D46: CANT | E46: V/r UNITARIO | F46: V/r PARCIAL
B48: EQUIPO Y HERRAMIENTAS: | F48: =ROUND(SUM(F49:F50),0) -> 10200
B49: HERREMIENTA MENOR | C49: UND | D49: 0.4 | E49: ='LISTADO DE MATERIALES'!D170 -> 3000 | F49: =E49*D49 -> 1200
B50: ='LISTADO DE MATERIALES'!B388 -> volqueta 5 m3 | C50: VJ | D50: 0.05 | E50: ='LISTADO DE MATERIALES'!D388 -> 180000 | F50: =E50*D50 -> 9000
B52: MANO DE OBRA | F52: =ROUND(SUM(F53),0) -> 16267
B53: MANO DE OBRA | C53: HR | D53: 0.6 | E53: =MO!F68 -> 27111 | F53: =E53*D53 -> 16266.6
C55: [ M2 ] V/r. COSTO DIRECTO | F55: =ROUND(F52+F48,0) -> 26467
A57: ='PPTO I.E JOSE REINEL'!B11 -> 2.2 | B57: ='PPTO I.E JOSE REINEL'!C11 -> Desmonte de ventanas, ventana-rejas con marco. | E57: Unidad: | F57: ='PPTO I.E JOSE REINEL'!D11 -> UN
B59: DESCRIPCIÓN | C59: UNIDAD | D59: CANT | E59: V/r UNITARIO | F59: V/r PARCIAL
B61: EQUIPO Y HERRAMIENTAS: | F61: =ROUND(SUM(F62:F63),0) -> 780
B62: HERRAMIENTA MENOR | C62: UND | D62: 0.1 | E62: ='LISTADO DE MATERIALES'!D$170 -> 3000 | F62: =E62*D62 -> 300
B63: ANDAMIO TUBULAR 1.5 X 1.5 | C63: DIA | D63: 0.1 | E63: ='LISTADO DE MATERIALES'!D$27 -> 4800 | F63: =E63*D63 -> 480
B65: MANO DE OBRA | F65: =ROUND(SUM(F66),0) -> 13556
B66: MANO DE OBRA | C66: HR | D66: 0.5 | E66: =MO!F$68 -> 27111 | F66: =E66*D66 -> 13555.5
C68: V/r. COSTO DIRECTO | F68: =ROUND((F61+F65),0) -> 14336

Sheet 3-4 MAMPOSTERIA-ESTRUCTURA
B1: =ROTULOS!B2 -> DEPARTAMENTO DEL HUILA
B2: ='1-2 PRELIMINARES-DEMOLICION'!B2:F2 -> MUNICIPIO DE PALERMO
B3: =ROTULOS!B4 -> AMPLIACIÓN DE LA SEDE PRINCIPAL DE LA INSTITUCION EDUCATIVA JOSÉ REINEL DEL MUNICIPIO DE PALERMO HUILA
B5: ANÁLISIS DE PRECIOS UNITARIOS - COSTOS DIRECTOS
B7: 3. MAMPOSTERIA
A9: ='PPTO I.E JOSE REINEL'!B13 -> 3.1 | B9: ='PPTO I.E JOSE REINEL'!C13 -> Construcción de Muro en ladrillo igual al existente de 30x10 de e=0.15m | E9: Unidad: | F9: ='PPTO I.E JOSE REINEL'!D13 -> M2
B11: DESCRIPCIÓN | C11: UNIDAD | D11: CANT | E11: V/r UNITARIO | F11: V/r PARCIAL
B12: MATERIALES : | F12: =ROUND(SUM(F13:F14),0) -> 56536
B13: LADRILLO TOLETE COMUN | C13: UND | D13: 41 | E13: ='LISTADO DE MATERIALES'!D$188 -> 1100 | F13: =E13*D13 -> 45100
B14: MORTERO 1:4 | C14: M3 | D14: 0.025 | E14: ='ANALISIS BASICOS'!F$153 -> 457427 | F14: =E14*D14 -> 11435.68
B16: EQUIPO Y HERRAMIENTAS: | F16: =ROUND(SUM(F17:F18),0) -> 2460
B17: ANDAMIO TUBULAR 1.5 X 1.5 | C17: DIA | D17: 0.2 | E17: ='LISTADO DE MATERIALES'!D$27 -> 4800 | F17: =E17*D17 -> 960
B18: HERRAMIENTA MENOR | C18: UND | D18: 0.5 | E18: ='LISTADO DE MATERIALES'!D$170 -> 3000 | F18: =E18*D18 -> 1500
B20: MANO DE OBRA: | F20: =ROUND(SUM(F21),0) -> 20333
B21: MANO DE OBRA: | C21: HR | D21: 0.75 | E21: =MO!F$68 -> 27111 | F21: =E21*D21 -> 20333.25
C23: [ M2 ] V/r. COSTO DIRECTO = | F23: =ROUND(F20+F16+F12,0) -> 79329
A25: ='PPTO I.E JOSE REINEL'!B14 -> 3.2 | B25: ='PPTO I.E JOSE REINEL'!C14 -> Construcción de Alfajía en concreto 3000 psi, e= 0.15x0.25 incluye acero de refuerzo de 60000 p.s.i (2ø3/8" refuerzo y e=ø1/4" c. 0,20 m) | E25: Unidad: | F25: ='PPTO I.E JOSE REINEL'!D13 -> M2
B27: DESCRIPCIÓN | C27: UNIDAD | D27: CANT | E27: V/r UNITARIO | F27: V/r PARCIAL
B28: MATERIALES : | F28: =ROUND(SUM(F29:F32),0) -> 32063
B29: FORMALETA | C29: M2 | D29: 0.06 | E29: ='LISTADO DE MATERIALES'!D$146 -> 70277 | F29: =E29*D29 -> 4216.62
B30: ='LISTADO DE MATERIALES'!B24 -> Alambre Negro No 18 | C30: ='LISTADO DE MATERIALES'!C24 -> KG | D30: 0.03 | E30: ='LISTADO DE MATERIALES'!D$24 -> 7800 | F30: =E30*D30 -> 234
B31: ACERO FY =4.200 KG/CM2; 2 | C31: KG | D31: 1.46 | E31: ='LISTADO DE MATERIALES'!D$6 -> 6250 | F31: =E31*D31 -> 9125
B32: CONCRETO DE 3.000 PSI | C32: M3 | D32: 0.032 | E32: ='ANALISIS BASICOS'!F$46 -> 577732 | F32: =E32*D32 -> 18487.42
B34: EQUIPO Y HERRAMIENTAS: | F34: =ROUND(SUM(F35),0) -> 1500
B35: HERRAMIENTA MENOR | C35: UND | D35: 0.5 | E35: ='LISTADO DE MATERIALES'!D$170 -> 3000 | F35: =E35*D35 -> 1500
B37: MANO DE OBRA: | F37: =ROUND(SUM(F38),0) -> 37955
B38: MANO DE OBRA: | C38: HR | D38: 1.4 | E38: =MO!F$68 -> 27111 | F38: =E38*D38 -> 37955.4
C40: [ ML ] V/r. COSTO DIRECTO = | F40: =ROUND(F37+F34+F28,0) -> 71518
B42: 4. ESTRUCTURA
A44: ='PPTO I.E JOSE REINEL'!B16 -> 4.1 | B44: ='PPTO I.E JOSE REINEL'!C16 -> Suministro de Acero de refuerzo de 60000 p.s.i | E44: Unidad: | F44: ='PPTO I.E JOSE REINEL'!D16 -> Kg
B46: DESCRIPCIÓN | C46: UNIDAD | D46: CANT | E46: V/r UNITARIO | F46: V/r PARCIAL
B47: MATERIALES : | F47: =ROUND(SUM(F48:F49),0) -> 6406
B48: ACERO FY=4.200 KG/CM2 | C48: KG | D48: 1 | E48: ='LISTADO DE MATERIALES'!D$7 -> 6250 | F48: =E48*D48 -> 6250
B49: ALAMBRE NEGRO # 18 | C49: KG | D49: 0.02 | E49: ='LISTADO DE MATERIALES'!D$24 -> 7800 | F49: =E49*D49 -> 156
B51: EQUIPO Y HERRAMIENTAS: | F51: =ROUND(SUM(F52:F53),0) -> 380
B52: HERRAMIENTA MENOR | C52: UND | D52: 0.01 | E52: ='LISTADO DE MATERIALES'!D$170 -> 3000 | F52: =E52*D52 -> 30
B53: SEGUETA (SIN MARCO) | C53: UND | D53: 0.01 | E53: =+'LISTADO DE MATERIALES'!D$269 -> 35000 | F53: =E53*D53 -> 350
B55: MANO DE OBRA: | F55: =ROUND(SUM(F56),0) -> 813
B56: MANO DE OBRA: | C56: HR | D56: 0.03 | E56: =MO!F$68 -> 27111 | F56: =E56*D56 -> 813.33
C58: [ kg ] V/r. COSTO DIRECTO = | F58: =F55+F51+F47 -> 7599
A60: ='PPTO I.E JOSE REINEL'!B17 -> 4.2 | B60: ='PPTO I.E JOSE REINEL'!C17 -> Construcción de Dintel en concreto 0.15x0.12m, incl. Acero | E60: Unidad: | F60: ='PPTO I.E JOSE REINEL'!D17 -> ML
B62: DESCRIPCIÓN | C62: UNIDAD | D62: CANT | E62: V/r UNITARIO | F62: V/r PARCIAL
B63: MATERIALES : | F63: =ROUND(SUM(F64:F67),0) -> 29751
B64: FÓRMALET A | C64: M2 | D64: 0.03 | E64: ='LISTADO DE MATERIALES'!D$146 -> 70277 | F64: =E64*D64 -> 2108.31
B65: ='LISTADO DE MATERIALES'!B$24 -> Alambre Negro No 18 | C65: ='LISTADO DE MATERIALES'!C24 -> KG | D65: 0.12 | E65: ='LISTADO DE MATERIALES'!D$24 -> 7800 | F65: =E65*D65 -> 936
B66: ACERO FY=2.400 KG/CM2 | C66: KG | D66: 1.5 | E66: ='LISTADO DE MATERIALES'!D$6 -> 6250 | F66: =E66*D66 -> 9375
B67: CONCRETO 3000 psi | C67: M3 | D67: 0.03 | E67: ='ANALISIS BASICOS'!F$46 -> 577732 | F67: =E67*D67 -> 17331.96
B69: EQUIPO Y HERRAMIENTAS: | F69: =ROUND(SUM(F70),0) -> 900
B70: HERRAMIENTA MENOR | C70: UND | D70: 0.3 | E70: ='LISTADO DE MATERIALES'!D$170 -> 3000 | F70: =E70*D70 -> 900
B72: MANO DE OBRA: | F72: =ROUND(SUM(F73),0) -> 32533
B73: MANO DE OBRA | C73: HR | D73: 1.2 | E73: =MO!F$68 -> 27111 | F73: =E73*D73 -> 32533.2
C75: [ Ml ] V/r. COSTO DIRECTO | F75: =ROUND(F63+F69+F72,0) -> 63184

Sheet 5 ELECTRICAS
B1: =ROTULOS!B2 -> DEPARTAMENTO DEL HUILA
B2: =ROTULOS!B3 -> MUNICIPIO DE PALERMO
B3: =ROTULOS!B4 -> AMPLIACIÓN DE LA SEDE PRINCIPAL DE LA INSTITUCION EDUCATIVA JOSÉ REINEL DEL MUNICIPIO DE PALERMO HUILA
B5: ANÁLISIS DE PRECIOS UNITARIOS - COSTOS DIRECTOS
B7: 5. INSTALACIONES ELECTRICAS
A9: ='PPTO I.E JOSE REINEL'!B19 -> 5.1 | B9: ='PPTO I.E JOSE REINEL'!C19 -> Suministro e Instalación de Tablero de automáticos 12 circuitos.Incluye Tacos. | E9: UNIDAD: | F9: ='PPTO I.E JOSE REINEL'!D19 -> UN
B11: DESCRIPCIÓN | C11: UNIDAD | D11: CANT | E11: V/r UNITARIO | F11: V/r PARCIAL
B12: MATERIALES : | F12: =ROUND(SUM(F13:F14),0) -> 410000
B13: TABLERO DE 12 CTOS | C13: UND | D13: 1 | E13: ='LISTADO DE MATERIALES'!D$285 -> 200000 | F13: =E13*D13 -> 200000
B14: BREAKER 15-40AMP. | C14: UND | D14: 12 | E14: ='LISTADO DE MATERIALES'!D$63 -> 17500 | F14: =E14*D14 -> 210000
B16: EQUIPO Y HERRAMIENTAS: | F16: =ROUND(SUM(F17),0) -> 18000
B17: HERRAMIENTA MENOR | C17: UND | D17: 6 | E17: ='LISTADO DE MATERIALES'!D$170 -> 3000 | F17: =E17*D17 -> 18000
B19: MANO DE OBRA: | F19: =ROUND(SUM(F20),0) -> 203358
B20: MANO DE OBRA ELECTRICA | C20: HR | D20: 5.77 | E20: =MO!F$131 -> 35244 | F20: =E20*D20 -> 203357.88
C22: [ UND ] V/r. COSTO DIRECTO = | F22: =ROUND(F19+F16+F12,0) -> 631358
A24: ='PPTO I.E JOSE REINEL'!B20 -> 5.2 | B24: ='PPTO I.E JOSE REINEL'!C20 -> Suministro e Instalación de Salida bifásica | E24: UNIDAD: | F24: ='PPTO I.E JOSE REINEL'!D20 -> UN
B26: DESCRIPCIÓN | C26: UNIDAD | D26: CANT | E26: V/r UNITARIO | F26: V/r PARCIAL
B27: MATERIALES : | F27: =ROUND(SUM(F28:F33),0) -> 89198
B28: TUBO CONDUIT PVC 1/2" | C28: ML | D28: 4.36 | E28: ='LISTADO DE MATERIALES'!D$345 -> 4000 | F28: =E28*D28 -> 17440
B29: ALAMBRE DE COBRE# 12 AWG | C29: ML | D29: 6.16 | E29: ='LISTADO DE MATERIALES'!D$41 -> 6717 | F29: =E29*D29 -> 41376.72
B30: ADAPTADOR TERMINAL PVC 1/2" | C30: UND | D30: 2 | E30: ='LISTADO DE MATERIALES'!D$16 -> 1200 | F30: =E30*D30 -> 2400
B31: CINTA AISLANTE | C31: UND | D31: 0.05 | E31: ='LISTADO DE MATERIALES'!D$96 -> 28500 | F31: =E31*D31 -> 1425
B32: CAJA GALVANIZADA DE 2X4 | C32: UND | D32: 1 | E32: =+'LISTADO DE MATERIALES'!D$69 -> 956 | F32: =E32*D32 -> 956
B33: TOMA BIFASICA | C33: UND | D33: 1 | E33: =+'LISTADO DE MATERIALES'!D$317 -> 25600 | F33: =E33*D33 -> 25600
B35: EQUIPO Y HERRAMIENTAS: | F35: =ROUND(SUM(F36),0) -> 900
B36: HERRAMIENTA MENOR | C36: UND | D36: 0.3 | E36: ='LISTADO DE MATERIALES'!D$170 -> 3000 | F36: =E36*D36 -> 900
B38: MANO DE OBRA: | F38: =ROUND(SUM(F39),0) -> 28195
B39: MANO DE OBRA ELECTRICA | C39: HR | D39: 0.8 | E39: =MO!F$131 -> 35244 | F39: =E39*D39 -> 28195.2
C41: [ UND ] V/r. COSTO DIRECTO = | F41: =ROUND(F38+F35+F27,0) -> 118293
A44: ='PPTO I.E JOSE REINEL'!B21 -> 5.3 | B44: ='PPTO I.E JOSE REINEL'!C21 -> Suministro e Instalación de Salida toma corriente doble 110v | E44: UNIDAD: | F44: ='PPTO I.E JOSE REINEL'!D21 -> UN
B46: DESCRIPCIÓN | C46: UNIDAD | D46: CANT | E46: V/r UNITARIO | F46: V/r PARCIAL
B47: MATERIALES : | F47: =ROUND(SUM(F48:F56),0) -> 42325
B48: TUBO CONDUIT PVC 1/2" | C48: ML | D48: 0.5 | E48: =+'LISTADO DE MATERIALES'!D$345 -> 4000 | F48: =E48*D48 -> 2000
B49: ALAMBRE DE COBRE# 10 AWG | C49: ML | D49: 1.03 | E49: ='LISTADO DE MATERIALES'!D$40 -> 6880 | F49: =E49*D49 -> 7086.4
B50: ALAMBRE DE COBRE# 14 AWG | C50: ML | D50: 1.03 | E50: ='LISTADO DE MATERIALES'!D$42 -> 6000 | F50: =E50*D50 -> 6180
B51: ADAPTADOR TERMINAL PVC 1/2" | C51: UND | D51: 2 | E51: =+'LISTADO DE MATERIALES'!D$16 -> 1200 | F51: =E51*D51 -> 2400
B52: CINTA AISLANTE | C52: UND | D52: 0.05 | E52: =+'LISTADO DE MATERIALES'!D$96 -> 28500 | F52: =E52*D52 -> 1425
B53: CAJA GALVANIZADA DE 2X4 | C53: UND | D53: 1 | E53: =+'LISTADO DE MATERIALES'!D$69 -> 956 | F53: =E53*D53 -> 956
B54: SOLDADURA PVC (1/4 Ga) | C54: UND | D54: 0.01 | E54: ='LISTADO DE MATERIALES'!D$280 -> 88900 | F54: =E54*D54 -> 889
B55: LIMPIADOR PVC (12 ONZ) | C55: UND | D55: 0.01 | E55: ='LISTADO DE MATERIALES'!D$204 -> 38900 | F55: =E55*D55 -> 389
B56: TOMA CORRIENTE DOBLE P-T | C56: UND | D56: 1 | E56: ='LISTADO DE MATERIALES'!D$321 -> 21000 | F56: =E56*D56 -> 21000
B58: EQUIPO Y HERRAMIENTAS: | F58: =ROUND(SUM(F59),0) -> 600
B59: HERRAMIENTA MENOR | C59: UND | D59: 0.2 | E59: ='LISTADO DE MATERIALES'!D170 -> 3000 | F59: =E59*D59 -> 600
B61: MANO DE OBRA: | F61: =ROUND(SUM(F62),0) -> 24671
B62: MANO DE OBRA ELECTRICA | C62: HR | D62: 0.7 | E62: =MO!F$131 -> 35244 | F62: =E62*D62 -> 24670.8
C64: [ UND ] V/r. COSTO DIRECTO = | F64: =ROUND(F61+F58+F47,0) -> 67596
A66: ='PPTO I.E JOSE REINEL'!B22 -> 5.4 | B66: ='PPTO I.E JOSE REINEL'!C22 -> Suministro e Instalación de luminaria panel LED de 0.6x0.6 incluye conectores de resorte cinta, accesorios de fijaciòn y soporte, instalado según reglamento NTC 2050 | E66: UNIDAD: | F66: ='PPTO I.E JOSE REINEL'!D22 -> UN
B68: DESCRIPCIÓN | C68: UNIDAD | D68: CANT | E68: V/r UNITARIO | F68: V/r PARCIAL
B69: MATERIALES : | F69: =ROUND(SUM(F70:F74),0) -> 113169
B70: TUBO CONDUIT PVC 1/2" | C70: ML | D70: 0.5 | E70: =+'LISTADO DE MATERIALES'!D$345 -> 4000 | F70: =E70*D70 -> 2000
B71: ALAMBRE DE COBRE# 12 AWG | C71: ML | D71: 1.03 | E71: =+'LISTADO DE MATERIALES'!D$41 -> 6717 | F71: =E71*D71 -> 6918.51
B72: CINTA AISLANTE | C72: UND | D72: 0.5 | E72: =+'LISTADO DE MATERIALES'!D$96 -> 28500 | F72: =E72*D72 -> 14250
B73: LAMPARA LED DE 40W | C73: UND | D73: 1 | E73: 55000 | F73: =E73*D73 -> 55000
B74: CAJA CUADRADA DE SOPORTE PARA LAMPARA | C74: UND | D74: 1 | E74: 35000 | F74: =E74*D74 -> 35000
B76: EQUIPO Y HERRAMIENTAS: | F76: =ROUND(SUM(F77),0) -> 900
B77: HERRAMIENTA MENOR | C77: UND | D77: 0.3 | E77: ='LISTADO DE MATERIALES'!D$170 -> 3000 | F77: =E77*D77 -> 900
B79: MANO DE OBRA: | F79: =ROUND(SUM(F80),0) -> 59915
B80: MANO DE OBRA ELECTRICA | C80: HR | D80: 1.7 | E80: =MO!F$131 -> 35244 | F80: =E80*D80 -> 59914.8
C82: [ UND ] V/r. COSTO DIRECTO = | F82: =ROUND(F79+F76+F69,0) -> 173984
A85: ='PPTO I.E JOSE REINEL'!B23 -> 5.5 | B85: ='PPTO I.E JOSE REINEL'!C23 -> Suministro e instalación de Puesta a tierra de tablero de distribución, polo a tierra, varilla c. W. 2,40 ml | E85: UNIDAD: | F85: ='PPTO I.E JOSE REINEL'!D23 -> UN
B87: DESCRIPCIÓN | C87: UNIDAD | D87: CANT | E87: V/r UNITARIO | F87: V/r PARCIAL
B88: MATERIALES : | F88: =ROUND(SUM(F89:F92),0) -> 115738
B89: VARILLA COOPER WELL 2.4 DE 1/2" | C89: UND | D89: 1 | E89: ='LISTADO DE MATERIALES'!D$368 -> 58136 | F89: =E89*D89 -> 58136
B90: ACCESORIOS PARA FIJACION VARILLA | C90: UND | D90: 1 | E90: ='LISTADO DE MATERIALES'!D$9 -> 11200 | F90: =E90*D90 -> 11200
B91: ALAMBRE DE COBRE No.12 THWN | C91: ML | D91: 6 | E91: ='LISTADO DE MATERIALES'!D$41 -> 6717 | F91: =E91*D91 -> 40302
B92: HIDROSOLDA | C92: KG | D92: 1 | E92: ='LISTADO DE MATERIALES'!D$171 -> 6100 | F92: =E92*D92 -> 6100
B94: EQUIPO Y HERRAMIENTAS: | F94: =ROUND(SUM(F95),0) -> 3000
B95: HERRAMIENTA MENOR | C95: UND | D95: 1 | E95: ='LISTADO DE MATERIALES'!D$170 -> 3000 | F95: =E95*D95 -> 3000
B97: MANO DE OBRA: | F97: =ROUND(SUM(F98),0) -> 77537
B98: MANO DE OBRA ELECTRICA | C98: HR | D98: 2.2 | E98: =MO!F$131 -> 35244 | F98: =E98*D98 -> 77536.8
C100: [ UND ] V/r. COSTO DIRECTO = | F100: =ROUND(F97+F94+F88,0) -> 196275
A102: ='PPTO I.E JOSE REINEL'!B24 -> 5.6 | B102: ='PPTO I.E JOSE REINEL'!C24 -> Red electrica en tuberia pvc de 1/2", incluye 2 No 12 , para luminarias | E102: UNIDAD: | F102: ='PPTO I.E JOSE REINEL'!D24 -> ML
B104: DESCRIPCIÓN | C104: UNIDAD | D104: CANT | E104: V/r UNITARIO | F104: V/r PARCIAL
B105: MATERIALES : | F105: =ROUND(SUM(F106:F112),0) -> 26275
B106: TUBO CONDUIT PVC 1/2" | C106: ML | D106: 1.03 | E106: ='LISTADO DE MATERIALES'!D$345 -> 4000 | F106: =E106*D106 -> 4120
B107: ALAMBRE DE COBRE# 10 THWN | C107: ML | D107: 2.03 | E107: ='LISTADO DE MATERIALES'!D$40 -> 6880 | F107: =E107*D107 -> 13966.4
B108: ALAMBRE DE COBRE# 14 THWN | C108: ML | D108: 1.03 | E108: ='LISTADO DE MATERIALES'!D$42 -> 6000 | F108: =E108*D108 -> 6180
B109: CURVA PVC DE 1/2" | C109: UND | D109: 0.25 | E109: ='LISTADO DE MATERIALES'!D$119 -> 800 | F109: =E109*D109 -> 200
B110: CINTA AISLANTE SCOTCH 700 3M 3/4" X 20 MTS | C110: UND | D110: 0.05 | E110: ='LISTADO DE MATERIALES'!D$96 -> 28500 | F110: =E110*D110 -> 1425
B111: SOLDADURA PVC [1/4 GAL . ) | C111: UND | D111: 0.003 | E111: ='LISTADO DE MATERIALES'!D$280 -> 88900 | F111: =E111*D111 -> 266.7
B112: LIMPIADOR PVC (12 0NZ) | C112: UND | D112: 0.003 | E112: ='LISTADO DE MATERIALES'!D$204 -> 38900 | F112: =E112*D112 -> 116.7
B114: EQUIPO Y HERRAMIENTAS: | F114: =ROUND(SUM(F115),0) -> 900
B115: HERRAMIENTA MENOR | C115: UND | D115: 0.3 | E115: ='LISTADO DE MATERIALES'!D$170 -> 3000 | F115: =E115*D115 -> 900
B117: MANO DE OBRA: | F117: =ROUND(SUM(F118),0) -> 16776
B118: MANO DE OBRA ELECTRICA | C118: HR | D118: 0.476 | E118: =MO!F$131 -> 35244 | F118: =E118*D118 -> 16776.14
C120: [ ML] V/r. COSTO DIRECTO = | F120: =ROUND(F117+F114+F105,0) -> 43951
A123: ='PPTO I.E JOSE REINEL'!B25 -> 5.7 | B123: ='PPTO I.E JOSE REINEL'!C25 -> Instalacion salida interruptor doble 110 V | E123: UNIDAD: | F123: ='PPTO I.E JOSE REINEL'!D25 -> UN
B125: DESCRIPCIÓN | C125: UNIDAD | D125: CANT | E125: V/r UNITARIO | F125: V/r PARCIAL
B126: MATERIALES : | F126: =ROUND(SUM(F127:F134),0) -> 49486
B127: TUBO CONDUIT PVC 1/2" | C127: ML | D127: 1.1 | E127: ='LISTADO DE MATERIALES'!D$345 -> 4000 | F127: =E127*D127 -> 4400
B128: ALAMBRE DE COBRE# 12 THWN | C128: ML | D128: 2 | E128: ='LISTADO DE MATERIALES'!D$41 -> 6717 | F128: =E128*D128 -> 13434
B129: ADAPTADOR TERMINAL PVC 1/2" | C129: UND | D129: 2 | E129: ='LISTADO DE MATERIALES'!D$16 -> 1200 | F129: =E129*D129 -> 2400
B130: CINTA AISLANTE SCOTCH 700 3M 3/4" X 20 MTS | C130: UND | D130: 0.04 | E130: ='LISTADO DE MATERIALES'!D$96 -> 28500 | F130: =E130*D130 -> 1140
B131: CAJA PLASTICA 2X4 5800 | C131: UND | D131: 1 | E131: ='LISTADO DE MATERIALES'!D$69 -> 956 | F131: =E131*D131 -> 956
B132: INTERRRUPTOR DOBLE | C132: UND | D132: 1 | E132: ='LISTADO DE MATERIALES'!D$176 -> 26900 | F132: =E132*D132 -> 26900
B133: SOLDADURA PVC [1/4 GAL . ) | C133: UND | D133: 0.002 | E133: ='LISTADO DE MATERIALES'!D$280 -> 88900 | F133: =E133*D133 -> 177.8
B134: LIMPIADOR PVC (12 0NZ) | C134: UND | D134: 0.002 | E134: ='LISTADO DE MATERIALES'!D$204 -> 38900 | F134: =E134*D134 -> 77.8
B136: EQUIPO Y HERRAMIENTAS: | F136: =ROUND(SUM(F137),0) -> 600
B137: HERRAMIENTA MENOR | C137: UND | D137: 0.2 | E137: ='LISTADO DE MATERIALES'!D$170 -> 3000 | F137: =E137*D137 -> 600
B139: MANO DE OBRA: | F139: =ROUND(SUM(F140),0) -> 12342
...

Sheet 6-7-8 PAÑETES-CUBIERTA-
B1: =ROTULOS!B2 -> DEPARTAMENTO DEL HUILA
B2: =ROTULOS!B3 -> MUNICIPIO DE PALERMO
B3: =ROTULOS!B4 -> AMPLIACIÓN DE LA SEDE PRINCIPAL DE LA INSTITUCION EDUCATIVA JOSÉ REINEL DEL MUNICIPIO DE PALERMO HUILA
B5: ANÁLISIS DE PRECIOS UNITARIOS - COSTOS DIRECTOS
B7: 6. PAÑETES E IMPERMEABILIZACION
A9: ='PPTO I.E JOSE REINEL'!B30 -> 6.1 | B9: ='PPTO I.E JOSE REINEL'!C30 -> Suministro y Aplicación de Pañete muros 1:4; incluye filo y dilataciones | E9: UNIDAD: | F9: ='PPTO I.E JOSE REINEL'!D30 -> M2
B11: DESCRIPCIÓN | C11: UNIDAD | D11: CANT | E11: V/r UNITARIO | F11: V/r PARCIAL
B12: MATERIALES : | F12: =ROUND(SUM(F13),0) -> 9149
B13: MORTERO 1:4 | C13: M3 | D13: 0.02 | E13: ='ANALISIS BASICOS'!F$153 -> 457427 | F13: =E13*D13 -> 9148.54
B15: EQUIPO Y HERRAMIENTAS: | F15: =ROUND(SUM(F16:F17),0) -> 4440
B16: HERRAMIENTA MENOR | C16: UND | D16: 1 | E16: ='LISTADO DE MATERIALES'!D$170 -> 3000 | F16: =E16*D16 -> 3000
B17: ANDAMIO TUBULA 1.5 X 1.5 | C17: DIA | D17: 0.3 | E17: ='LISTADO DE MATERIALES'!D$27 -> 4800 | F17: =E17*D17 -> 1440
B19: MANO DE OBRA: | F19: =ROUND(SUM(F20),0) -> 13556
B20: MANO DE OBRA: | C20: HR | D20: 0.5 | E20: =MO!F$68 -> 27111 | F20: =E20*D20 -> 13555.5
C22: [ M2 ] V/r. COSTO DIRECTO = | F22: =ROUND(F19+F15+F12,0) -> 27145
A24: ='PPTO I.E JOSE REINEL'!B31 -> 6.2 | B24: ='PPTO I.E JOSE REINEL'!C31 -> Suministro y Aplicación de Alistado pendientado en mortero para placa | E24: UNIDAD: | F24: ='PPTO I.E JOSE REINEL'!D31 -> M2
B26: DESCRIPCIÓN | C26: UNIDAD | D26: CANT | E26: V/r UNITARIO | F26: V/r PARCIAL
B27: MATERIALES : | F27: =ROUND(SUM(F28),0) -> 45896
B28: MORTERO 1:3 impermeabilizado | C28: M3 | D28: 0.05 | E28: ='ANALISIS BASICOS'!F$137 -> 917922 | F28: =E28*D28 -> 45896.1
B30: EQUIPO Y HERRAMIENTAS: | F30: =ROUND(SUM(F31:F32),0) -> 1860
B31: HERRAMIENTA MENOR | C31: UND | D31: 0.3 | E31: ='LISTADO DE MATERIALES'!D$170 -> 3000 | F31: =E31*D31 -> 900
B32: ANDAMIO TUBULAR 1.5 X 1.5 | C32: DIA | D32: 0.2 | E32: ='LISTADO DE MATERIALES'!D$27 -> 4800 | F32: =E32*D32 -> 960
B34: MANO DE OBRA: | F34: =ROUND(SUM(F35),0) -> 16267
B35: MANO DE OBRA: | C35: HR | D35: 0.6 | E35: =MO!F$68 -> 27111 | F35: =E35*D35 -> 16266.6
C37: [ M2 ] V/r. COSTO DIRECTO = | F37: =ROUND(F34+F30+F27,0) -> 64023
A39: ='PPTO I.E JOSE REINEL'!B32 -> 6.3 | B39: ='PPTO I.E JOSE REINEL'!C32 -> Suministro y Aplicación de Pañete impermeabilizado 1:4 | E39: UNIDAD: | F39: ='PPTO I.E JOSE REINEL'!D32 -> M2
B41: DESCRIPCIÓN | C41: UNIDAD | D41: CANT | E41: V/r UNITARIO | F41: V/r PARCIAL
B42: MATERIALES : | F42: =ROUND(SUM(F43),0) -> 20555
B43: MORTERO 1:4 IMPERMEABILIZADO | C43: M3 | D43: 0.025 | E43: ='ANALISIS BASICOS'!F$171 -> 822197 | F43: =E43*D43 -> 20554.93
B45: EQUIPO Y HERRAMIENTAS: | F45: =ROUND(SUM(F46),0) -> 450
B46: HERRAMIENTA MENOR | C46: UND | D46: 0.15 | E46: ='LISTADO DE MATERIALES'!D$170 -> 3000 | F46: =E46*D46 -> 450
B48: MANO DE OBRA: | F48: =ROUND(SUM(F49),0) -> 13556
B49: MANO DE OBRA: | C49: HR | D49: 0.5 | E49: =MO!F$68 -> 27111 | F49: =E49*D49 -> 13555.5
C51: [ M2 ] V/r. COSTO DIRECTO = | F51: =ROUND(F48+F45+F42,0) -> 34561
A54: ='PPTO I.E JOSE REINEL'!B33 -> 6.4 | B54: ='PPTO I.E JOSE REINEL'!C33 -> Suministro e Impermeabilización manto zetal 600 terraza | E54: UNIDAD: | F54: ='PPTO I.E JOSE REINEL'!D33 -> M2
B56: DESCRIPCIÓN | C56: UNIDAD | D56: CANT | E56: V/r UNITARIO | F56: V/r PARCIAL
B57: MATERIALES : | F57: =ROUND(SUM(F58:F59),0) -> 41378
B58: IMPRIMANTE | C58: GL | D58: 0.16 | E58: ='LISTADO DE MATERIALES'!D$174 -> 45800 | F58: =E58*D58 -> 7328
B59: MANTO FIBERGLAS 600XT | C59: M2 | D59: 1 | E59: ='LISTADO DE MATERIALES'!D$211 -> 34050 | F59: =E59*D59 -> 34050
B61: EQUIPO Y HERRAMIENTAS: | F61: =ROUND(SUM(F62:F63),0) -> 28500
B62: HERRAMIENTA MENOR | C62: UND | D62: 0.2 | E62: ='LISTADO DE MATERIALES'!D$170 -> 3000 | F62: =E62*D62 -> 600
B63: EQUIPO A GAS | C63: UND | D63: 1 | E63: ='LISTADO DE MATERIALES'!D$138 -> 27900 | F63: =E63*D63 -> 27900
B65: MANO DE OBRA: | F65: =ROUND(SUM(F66),0) -> 13556
B66: MANO DE OBRA: | C66: HR | D66: 0.5 | E66: =MO!F$68 -> 27111 | F66: =E66*D66 -> 13555.5
C68: [ M2 ] V/r. COSTO DIRECTO = | F68: =ROUND(F65+F61+F57,0) -> 83434
B71: 7. CUBIERTA Y ESTRUCTURA DE CUBIERTA
A73: ='PPTO I.E JOSE REINEL'!B35 -> 7.1 | B73: ='PPTO I.E JOSE REINEL'!C35 -> Suministro e instalación de Cubierta en teja con trapecios, valles h=35mm cal.28, color, 1080 mm ancho total, incluye tornillos fijadores. | E73: UNIDAD: | F73: ='PPTO I.E JOSE REINEL'!D35 -> M2
B75: DESCRIPCIÓN | C75: UNIDAD | D75: CANT | E75: V/r UNITARIO | F75: V/r PARCIAL
B76: MATERIALES : | F76: =ROUND(SUM(F77:F79),0) -> 60934
B77: CUBIERTA EN TEJA CON TRAPECIOS, VALLES H=35MM CAL.28, COLOR, 1080 MM ANCHO TOTAL, INCLUYE TORNILLOS FIJADORES | C77: M2 | D77: 1 | E77: ='LISTADO DE MATERIALES'!D$313 -> 38500 | F77: =E77*D77 -> 38500
B78: TORNILLO FIJA ALA | C78: UND | D78: 4 | E78: ='LISTADO DE MATERIALES'!D$326 -> 3000 | F78: =E78*D78 -> 12000
B79: TORNILLO AUTOPERFORANTE AJOVER | C79: UND | D79: 6 | E79: =+'LISTADO DE MATERIALES'!D$324 -> 1739 | F79: =E79*D79 -> 10434
B81: EQUIPO Y HERRAMIENTAS: | F81: =ROUND(SUM(F82:F83),0) -> 3900
B82: HERRAMIENTA MENOR | C82: UND | D82: 0.5 | E82: ='LISTADO DE MATERIALES'!D$170 -> 3000 | F82: =E82*D82 -> 1500
B83: ANDAMIO TUBULAR 1.5 X 1.5 | C83: DIA | D83: 0.5 | E83: ='LISTADO DE MATERIALES'!D$27 -> 4800 | F83: =E83*D83 -> 2400
B85: MANO DE OBRA: | F85: =ROUND(SUM(F86),0) -> 10844
B86: MANO DE OBRA: | C86: HR | D86: 0.4 | E86: =MO!F$68 -> 27111 | F86: =E86*D86 -> 10844.4
C88: V/r. COSTO DIRECTO = | F88: =ROUND(F85+F81+F76,0) -> 75678
A91: ='PPTO I.E JOSE REINEL'!B36 -> 7.2 | B91: ='PPTO I.E JOSE REINEL'!C36 -> Suministro e Instalación de Flanche remate cubierta | E91: UNIDAD: | F91: ='PPTO I.E JOSE REINEL'!D36 -> ML
B93: DESCRIPCIÓN | C93: UNIDAD | D93: CANT | E93: V/r UNITARIO | F93: V/r PARCIAL
B94: MATERIALES : | F94: =ROUND(SUM(F95:F96),0) -> 12560
B95: LAMINA GALVANIZADA CAL. 22 | C95: UND | D95: 0.1 | E95: ='LISTADO DE MATERIALES'!D$195 -> 112000 | F95: =E95*D95 -> 11200
B96: PUNTILLA 1 1/2" a 3" DE ACERO | C96: LB | D96: 0.17 | E96: ='LISTADO DE MATERIALES'!D$258 -> 8000 | F96: =E96*D96 -> 1360
B98: EQUIPO Y HERRAMIENTAS: | F98: =ROUND(SUM(F99),0) -> 1200
B99: HERRAMIENTA MENOR | C99: UND | D99: 0.4 | E99: ='LISTADO DE MATERIALES'!D$170 -> 3000 | F99: =E99*D99 -> 1200
B101: MANO DE OBRA: | F101: =ROUND(SUM(F102),0) -> 8133
B102: MANO DE OBRA: | C102: HR | D102: 0.3 | E102: =MO!F$68 -> 27111 | F102: =E102*D102 -> 8133.3
C104: [ ML ] V/r. COSTO DIRECTO = | F104: =ROUND(F98+F94+F101,0) -> 21893
A106: ='PPTO I.E JOSE REINEL'!B37 -> 7.3 | B106: ='PPTO I.E JOSE REINEL'!C37 -> Suministro e Instalación de Cercha para cubierta en perfil metalico | E106: UNIDAD: | F106: ='PPTO I.E JOSE REINEL'!D37 -> ML
B108: DESCRIPCIÓN | C108: UNIDAD | D108: CANT | E108: V/r UNITARIO | F108: V/r PARCIAL
B109: MATERIALES : | F109: =ROUND(SUM(F110:F114),0) -> 55588
B110: ANGULO 1/8" X 1½" | C110: ML | D110: 2 | E110: ='LISTADO DE MATERIALES'!D$28 -> 9761 | F110: =E110*D110 -> 19522
B111: ANGULO 1/8" X 1" | C111: ML | D111: 2 | E111: ='LISTADO DE MATERIALES'!D$29 -> 4986 | F111: =E111*D111 -> 9972
B112: ANGULO 1/8" X 3/4" | C112: ML | D112: 3 | E112: ='LISTADO DE MATERIALES'!D$30 -> 3100 | F112: =E112*D112 -> 9300
B113: SOLDADURA 1/8" METAL | C113: KG | D113: 0.6 | E113: ='LISTADO DE MATERIALES'!D$281 -> 23596 | F113: =E113*D113 -> 14157.6
B114: ANTICORROSIVO | C114: GAL | D114: 0.04 | E114: ='LISTADO DE MATERIALES'!D$37 -> 65900 | F114: =E114*D114 -> 2636
B116: EQUIPO Y HERRAMIENTAS: | F116: =ROUND(SUM(F117:F119),0) -> 15600
B117: HERRAMIENTA MENOR | C117: UND | D117: 1 | E117: ='LISTADO DE MATERIALES'!D$170 -> 3000 | F117: =E117*D117 -> 3000
B118: EQUIPO ELECTRICO DE SOLDADURA | C118: DIA | D118: 0.09 | E118: ='LISTADO DE MATERIALES'!D$137 -> 100000 | F118: =E118*D118 -> 9000
B119: PULIDORA | C119: DIA | D119: 0.08 | E119: ='LISTADO DE MATERIALES'!D$256 -> 45000 | F119: =E119*D119 -> 3600
B121: MANO DE OBRA: | F121: =ROUND(SUM(F122),0) -> 81333
B122: MANO DE OBRA CARPINTERIA | C122: HR | D122: 2.5 | E122: =MO!F$113 -> 32533 | F122: =E122*D122 -> 81332.5
C124: [ ML ] V/r. COSTO DIRECTO = | F124: =ROUND(F121+F116+F109,0) -> 152521
A126: ='PPTO I.E JOSE REINEL'!B38 -> 7.4 | B126: ='PPTO I.E JOSE REINEL'!C38 -> Instalación de Canal en lámina galvanizada cal. 22; ds=50 | E126: UNIDAD: | F126: ='PPTO I.E JOSE REINEL'!D38 -> ML
B128: DESCRIPCIÓN | C128: UNIDAD | D128: CANT | E128: V/r UNITARIO | F128: V/r PARCIAL
B129: MATERIALES : | F129: =ROUND(SUM(F130:F133),0) -> 36572
B130: LAMINA GALV. CAL. 22 | C130: UND | D130: 0.25 | E130: ='LISTADO DE MATERIALES'!D$195 -> 112000 | F130: =E130*D130 -> 28000
B131: PLATINA DE 1/4"X1" | C131: ML | D131: 0.35 | E131: ='LISTADO DE MATERIALES'!D$246 -> 7800 | F131: =E131*D131 -> 2730
B132: SOLDADURA WESTARCO 8013X1/8" | C132: KG | D132: 0.08 | E132: ='LISTADO DE MATERIALES'!D$281 -> 23596 | F132: =E132*D132 -> 1887.68
B133: ANTICORROSIVO | C133: GAL | D133: 0.06 | E133: =+'LISTADO DE MATERIALES'!D$37 -> 65900 | F133: =E133*D133 -> 3954
B135: EQUIPO Y HERRAMIENTAS: | F135: =ROUND(SUM(F136),0) -> 1500
B136: HERRAMIENTA MENOR | C136: UND | D136: 0.5 | E136: ='LISTADO DE MATERIALES'!D$170 -> 3000 | F136: =E136*D136 -> 1500
B138: MANO DE OBRA: | F138: =ROUND(SUM(F139),0) -> 32533
B139: MANO DE OBRA CARPINTERIA | C139: HR | D139: 1 | E139: =MO!F$113 -> 32533 | F139: =E139*D139 -> 32533
C141: [ ML ] V/r. COSTO DIRECTO = | F141: =ROUND(F138+F135+F129,0) -> 70605
B142: 8. ACABADOS
A144: ='PPTO I.E JOSE REINEL'!B40 -> 8.1 | B144: ='PPTO I.E JOSE REINEL'!C40 -> Suministro e Instalación de Cieloraso en drywall | E144: UNIDAD: | F144: ='PPTO I.E JOSE REINEL'!D40 -> M2
B146: DESCRIPCIÓN | C146: UNIDAD | D146: CANT | E146: V/r UNITARIO | F146: V/r PARCIAL
B147: MATERIALES : | F147: =ROUND(SUM(F148:F159),0) -> 37244
B148: Placa de yeso 12,7 mm Gyplac 2,44x1,22 26.00 K Cielo-Pared | C148: UND | D148: 0.8 | E148: ='LISTADO DE MATERIALES'!D$443 -> 33900 | F148: =E148*D148 -> 27120
...

Sheet 9 PISOS-ENCHAPES
B1: =ROTULOS!B2 -> DEPARTAMENTO DEL HUILA
B2: =ROTULOS!B3 -> MUNICIPIO DE PALERMO
B3: =ROTULOS!B4 -> AMPLIACIÓN DE LA SEDE PRINCIPAL DE LA INSTITUCION EDUCATIVA JOSÉ REINEL DEL MUNICIPIO DE PALERMO HUILA
B5: ANÁLISIS DE PRECIOS UNITARIOS - COSTOS DIRECTOS
B7: 9. PISOS Y ENCHAPES
A10: ='PPTO I.E JOSE REINEL'!B43 -> 9.1 | B10: ='PPTO I.E JOSE REINEL'!C43 -> Alistado de pisos en mortero | E10: UNIDAD: | F10: ='PPTO I.E JOSE REINEL'!D43 -> M2
B12: DESCRIPCIÓN | C12: UNIDAD | D12: CANT | E12: V/r UNITARIO | F12: V/r PARCIAL
B13: MATERIALES : | F13: =ROUND(SUM(F14),0) -> 13723
B14: MORTERO 1:4 | C14: M3 | D14: 0.03 | E14: ='ANALISIS BASICOS'!F$153 -> 457427 | F14: =E14*D14 -> 13722.81
B16: EQUIPO Y HERRAMIENTAS: | F16: =ROUND(SUM(F17),0) -> 630
B17: HERRAMIENTA MENOR | C17: UND | D17: 0.21 | E17: ='LISTADO DE MATERIALES'!D$170 -> 3000 | F17: =E17*D17 -> 630
B19: MANO DE OBRA: | F19: =ROUND(SUM(F20),0) -> 9218
B20: MANO DE OBRA: | C20: HR | D20: 0.34 | E20: =MO!F$68 -> 27111 | F20: =E20*D20 -> 9217.74
C22: [ M2 ] V/r. COSTO DIRECTO = | F22: =ROUND(F19+F16+F13,0) -> 23571
A24: ='PPTO I.E JOSE REINEL'!B44 -> 9.2 | B24: ='PPTO I.E JOSE REINEL'!C44 -> Suministro e Instalación de Piso en granito pulido y brillado | E24: UNIDAD: | F24: ='PPTO I.E JOSE REINEL'!D44 -> M2
B26: DESCRIPCIÓN | C26: UNIDAD | D26: CANT | E26: V/r UNITARIO | F26: V/r PARCIAL
B27: MATERIALES : | F27: =ROUND(SUM(F28:F35),0) -> 95047
B28: CEMENTO BLANCO | C28: KG | D28: 10 | E28: ='LISTADO DE MATERIALES'!D$89 -> 3800 | F28: =E28*D28 -> 38000
B29: MORTERO 1:3 | C29: M3 | D29: 0.03 | E29: ='ANALISIS BASICOS'!F$120 -> 553152 | F29: =E29*D29 -> 16594.56
B30: GRANITO # 2 BLANCO | C30: BT | D30: 0.6919 | E30: ='LISTADO DE MATERIALES'!D$154 -> 12285 | F30: =E30*D30 -> 8499.99
B31: GRANITO # 2 NEGRO | C31: BT | D31: 0.26 | E31: ='LISTADO DE MATERIALES'!D$155 -> 15015 | F31: =E31*D31 -> 3903.9
B32: AGUA | C32: LT | D32: 74 | E32: ='LISTADO DE MATERIALES'!D$23 -> 100 | F32: =E32*D32 -> 7400
B33: PIRLAN DE COBRE | C33: ML | D33: 1.2 | E33: ='LISTADO DE MATERIALES'!D$244 -> 15420 | F33: =E33*D33 -> 18504
B34: CERA PISO | C34: LB | D34: 0.1 | E34: ='LISTADO DE MATERIALES'!D$91 -> 18500 | F34: =E34*D34 -> 1850
B35: HILAZA | C35: KG | D35: 0.05 | E35: ='LISTADO DE MATERIALES'!D$172 -> 5890 | F35: =E35*D35 -> 294.5
B37: EQUIPO Y HERRAMIENTAS: | F37: =ROUND(SUM(F38:F39),0) -> 23400
B38: HERRAMIENTA MENOR | C38: UND | D38: 0.3 | E38: ='LISTADO DE MATERIALES'!D$170 -> 3000 | F38: =E38*D38 -> 900
B39: PULIDORA PARA PISO + OPERARARIO | C39: M2 | D39: 0.5 | E39: ='LISTADO DE MATERIALES'!D$256 -> 45000 | F39: =E39*D39 -> 22500
B41: MANO DE OBRA: | F41: =ROUND(SUM(F42),0) -> 40667
B42: MANO DE OBRA: | C42: HR | D42: 1.5 | E42: =MO!F$68 -> 27111 | F42: =E42*D42 -> 40666.5
C44: [ M2 ] V/r. COSTO DIRECTO = | F44: =ROUND(F41+F37+F27,0) -> 159114
A47: ='PPTO I.E JOSE REINEL'!B45 -> 9.3 | B47: ='PPTO I.E JOSE REINEL'!C45 -> Suministro e Instalación de Guardaescoba en cerámica tráfico #5, tipo granilla | E47: UNIDAD: | F47: ='PPTO I.E JOSE REINEL'!D45 -> ML
B49: DESCRIPCIÓN | C49: UNIDAD | D49: CANT | E49: V/r UNITARIO | F49: V/r PARCIAL
B50: MATERIALES : | F50: =ROUND(SUM(F51:F52),0) -> 11862
B51: TABLETA CERAMICA TIPO GRANILLA | C51: M2 | D51: 0.1 | E51: ='LISTADO DE MATERIALES'!D$292 -> 44459 | F51: =E51*D51 -> 4445.9
B52: PEGAENCHAPE | C52: KG | D52: 0.4 | E52: ='LISTADO DE MATERIALES'!D$228 -> 18540 | F52: =E52*D52 -> 7416
B54: EQUIPO Y HERRAMIENTAS: | F54: =ROUND(SUM(F55),0) -> 1500
B55: HERRAMIENTA MENOR | C55: UND | D55: 0.5 | E55: ='LISTADO DE MATERIALES'!D$170 -> 3000 | F55: =E55*D55 -> 1500
B57: MANO DE OBRA: | F57: =ROUND(SUM(F58),0) -> 4067
B58: MANO DE OBRA: | C58: HR | D58: 0.15 | E58: =MO!F$68 -> 27111 | F58: =E58*D58 -> 4066.65
C60: [ Ml ] V/r. COSTO DIRECTO = | F60: =ROUND(F57+F54+F50,0) -> 17429
A63: ='PPTO I.E JOSE REINEL'!B46 -> 9.4 | B63: ='PPTO I.E JOSE REINEL'!C46 -> Acabado boca puerta en concreto | E63: UNIDAD: | F63: ='PPTO I.E JOSE REINEL'!D46 -> M2
B65: DESCRIPCIÓN | C65: UNIDAD | D65: CANT | E65: V/r UNITARIO | F65: V/r PARCIAL
B66: MATERIALES : | F66: =ROUND(SUM(F67),0) -> 38481
B67: ='ANALISIS BASICOS'!B49 -> CONCRETO DE 2.500 PSI (1:3:3) | C67: ='ANALISIS BASICOS'!F49 -> M3 | D67: 0.08 | E67: ='ANALISIS BASICOS'!F67 -> 481010 | F67: =E67*D67 -> 38480.8
B70: EQUIPO Y HERRAMIENTAS: | F70: =ROUND(SUM(F71),0) -> 300
B71: HERRAMIENTA MENOR | C71: UND | D71: 0.1 | E71: ='LISTADO DE MATERIALES'!D$170 -> 3000 | F71: =E71*D71 -> 300
B73: MANO DE OBRA: | F73: =ROUND(SUM(F74),0) -> 2266
B74: MANO DE OBRA: | C74: HR | D74: 0.083582 | E74: =MO!F$68 -> 27111 | F74: =E74*D74 -> 2265.99
C76: [ M2 ] V/r. COSTO DIRECTO = | F76: =ROUND(F73+F70+F66,0) -> 41047

Sheet 10 CARPI- METAL
B1: =ROTULOS!B2 -> DEPARTAMENTO DEL HUILA
B2: =ROTULOS!B3 -> MUNICIPIO DE PALERMO
B3: =ROTULOS!B4 -> AMPLIACIÓN DE LA SEDE PRINCIPAL DE LA INSTITUCION EDUCATIVA JOSÉ REINEL DEL MUNICIPIO DE PALERMO HUILA
B5: ANÁLISIS DE PRECIOS UNITARIOS - COSTOS DIRECTOS
B7: 10. CARPINTERIA METALICA
A9: ='PPTO I.E JOSE REINEL'!B48 -> 10.1 | B9: ='PPTO I.E JOSE REINEL'!C48 -> Suministro e Instalación de Luceta metálica en lamina cal. 18-tubo cuadrado 1" | E9: UNIDAD: | F9: ='PPTO I.E JOSE REINEL'!D48 -> M2
B11: DESCRIPCIÓN | C11: UNIDAD | D11: CANT | E11: V/r UNITARIO | F11: V/r PARCIAL
B12: MATERIALES : | F12: =ROUND(SUM(F13:F16),0) -> 142043
B13: TUBO CUADRADO DE 1" | C13: ML | D13: 7 | E13: ='LISTADO DE MATERIALES'!D$224 -> 10500 | F13: =E13*D13 -> 73500
B14: LAMINA C.R. CAL 18 | C14: UND | D14: 0.4 | E14: ='LISTADO DE MATERIALES'!D$190 -> 158400 | F14: =E14*D14 -> 63360
B15: SOLDADURA DE 1/8" METAL | C15: KG | D15: 0.08 | E15: ='LISTADO DE MATERIALES'!D$281 -> 23596 | F15: =E15*D15 -> 1887.68
B16: ANTICORROSIVO | C16: GAL | D16: 0.05 | E16: ='LISTADO DE MATERIALES'!D$37 -> 65900 | F16: =E16*D16 -> 3295
B18: EQUIPO Y HERRAMIENTAS: | F18: =ROUND(SUM(F19),0) -> 1200
B19: HERRAMIENTA MENOR | C19: UND | D19: 0.4 | E19: ='LISTADO DE MATERIALES'!D$170 -> 3000 | F19: =E19*D19 -> 1200
B21: MANO DE OBRA: | F21: =ROUND(SUM(F22),0) -> 65066
B22: MANO DE OBRA CARPINTERIA | C22: HR | D22: 2 | E22: =MO!F$113 -> 32533 | F22: =E22*D22 -> 65066
C24: V/r. COSTO DIRECTO = | F24: =ROUND(F21+F18+F12,0) -> 208309
A26: ='PPTO I.E JOSE REINEL'!B49 -> 10.2 | B26: ='PPTO I.E JOSE REINEL'!C49 -> Suministro e Instalación de Puerta con marco metálico cal. 18 y vidrio 1.50-2.60x2.20 | E26: UNIDAD: | F26: ='PPTO I.E JOSE REINEL'!D49 -> UN
B28: DESCRIPCIÓN | C28: UNIDAD | D28: CANT | E28: V/r UNITARIO | F28: V/r PARCIAL
B29: MATERIALES : | F29: =ROUND(SUM(F30:F35),0) -> 895486
B30: BISAGRA COBRIZADA 3" | C30: UND | D30: 6 | E30: ='LISTADO DE MATERIALES'!D$56 -> 3400 | F30: =E30*D30 -> 20400
B31: LAMINA C.R. CAL. 18 | C31: UND | D31: 2.8 | E31: ='LISTADO DE MATERIALES'!D$190 -> 158400 | F31: =E31*D31 -> 443520
B32: SOLDADURA DE 1/8" METAL | C32: KG | D32: 0.41641 | E32: ='LISTADO DE MATERIALES'!D$281 -> 23596 | F32: =E32*D32 -> 9825.61
B33: ANTICORROSIVO | C33: GAL | D33: 0.6 | E33: ='LISTADO DE MATERIALES'!D$37 -> 65900 | F33: =E33*D33 -> 39540
B34: CHAPA YALE SEGURIDAD | C34: UND | D34: 1 | E34: ='LISTADO DE MATERIALES'!D$93 -> 150000 | F34: =E34*D34 -> 150000
B35: VIDRIO BRONCE 5 MM | C35: M2 | D35: 3.87 | E35: ='LISTADO DE MATERIALES'!D384 -> 60000 | F35: =E35*D35 -> 232200
B37: EQUIPO Y HERRAMIENTAS: | F37: =ROUND(SUM(F38),0) -> 3600
B38: HERRAMIENTA MENOR | C38: UND | D38: 1.2 | E38: ='LISTADO DE MATERIALES'!D$170 -> 3000 | F38: =E38*D38 -> 3600
B40: MANO DE OBRA: | F40: =ROUND(SUM(F41),0) -> 406663
B41: MANO DE OBRA CARPINTERIA | C41: HR | D41: 12.5 | E41: =MO!F$113 -> 32533 | F41: =E41*D41 -> 406662.5
C43: [ UND ] V/r. COSTO DIRECTO = | F43: =ROUND(F40+F37+F29,0) -> 1305749
A46: ='PPTO I.E JOSE REINEL'!B50 -> 10.3 | B46: ='PPTO I.E JOSE REINEL'!C50 -> Suministro e Instalación de Bajante en pvc de 4" | E46: UNIDAD: | F46: ='PPTO I.E JOSE REINEL'!D50 -> ML
B48: DESCRIPCIÓN | C48: UNIDAD | D48: CANT | E48: V/r UNITARIO | F48: V/r PARCIAL
B49: MATERIALES : | F49: =ROUND(SUM(F50:F53),0) -> 30630
B50: LAMINA GALV. CAL. 22 | C50: UND | D50: 0.2 | E50: ='LISTADO DE MATERIALES'!D$195 -> 112000 | F50: =E50*D50 -> 22400
B51: PLATINA DE 1/4"X1" | C51: ML | D51: 0.35 | E51: ='LISTADO DE MATERIALES'!D$248 -> 6825 | F51: =E51*D51 -> 2388.75
B52: SOLDADURA WESTARCO 8013X1/8" | C52: KG | D52: 0.08 | E52: ='LISTADO DE MATERIALES'!D$281 -> 23596 | F52: =E52*D52 -> 1887.68
B53: ANTICORROSIVO | C53: GAL | D53: 0.06 | E53: ='LISTADO DE MATERIALES'!D$37 -> 65900 | F53: =E53*D53 -> 3954
B55: EQUIPO Y HERRAMIENTAS: | F55: =ROUND(SUM(F56),0) -> 1500
B56: HERRAMIENTA MENOR | C56: UND | D56: 0.5 | E56: ='LISTADO DE MATERIALES'!D$170 -> 3000 | F56: =E56*D56 -> 1500
B58: MANO DE OBRA: | F58: =ROUND(SUM(F59),0) -> 26026
B59: MANO DE OBRA CARPINTERIA | C59: HR | D59: 0.8 | E59: =MO!F$113 -> 32533 | F59: =E59*D59 -> 26026.4
C61: [ ML ] V/r. COSTO DIRECTO = | F61: =ROUND(F58+F55+F49,0) -> 58156

Sheet 11 PINTURA
B1: =ROTULOS!B2 -> DEPARTAMENTO DEL HUILA
B2: =ROTULOS!B3 -> MUNICIPIO DE PALERMO
B3: =ROTULOS!B4 -> AMPLIACIÓN DE LA SEDE PRINCIPAL DE LA INSTITUCION EDUCATIVA JOSÉ REINEL DEL MUNICIPIO DE PALERMO HUILA
B5: ANÁLISIS DE PRECIOS UNITARIOS - COSTOS DIRECTOS
B7: 17 APARATOS Y MUEBLES ESPECIALES
A10: ='PPTO I.E JOSE REINEL'!B52 -> 11.1 | B10: ='PPTO I.E JOSE REINEL'!C52 -> Limpieza de muro en ladrillo a la vista y pintura en sika transparente | E10: UNIDAD: | F10: ='PPTO I.E JOSE REINEL'!D52 -> M2
B12: DESCRIPCIÓN | C12: UNIDAD | D12: CANT | E12: V/r UNITARIO | F12: V/r PARCIAL
B13: MATERIALES : | F13: =ROUND(SUM(F14:F15),0) -> 8022
B14: SIKA TRANSPARENTE (3KG) | C14: UND | D14: 0.07 | E14: ='LISTADO DE MATERIALES'!D$275 -> 75600 | F14: =E14*D14 -> 5292
B15: ACIDO MURIATICO | C15: GAL | D15: 0.07 | E15: ='LISTADO DE MATERIALES'!D$8 -> 39000 | F15: =E15*D15 -> 2730
B17: EQUIPO Y HERRAMIENTAS: | F17: =ROUND(SUM(F18),0) -> 626
B18: HERRAMIENTA MENOR | C18: UND | D18: 0.2088 | E18: ='LISTADO DE MATERIALES'!D$170 -> 3000 | F18: =E18*D18 -> 626.4
B20: MANO DE OBRA: | F20: =ROUND(SUM(F21),0) -> 9977
B21: MANO DE OBRA PINTURA | C21: HR | D21: 0.32 | E21: =+MO!F$122 -> 31177 | F21: =E21*D21 -> 9976.64
C23: [M2 ] V/r. COSTO DIRECTO = | F23: =ROUND(F20+F17+F13,0) -> 18625
A26: ='PPTO I.E JOSE REINEL'!B53 -> 11.2 | B26: ='PPTO I.E JOSE REINEL'!C53 -> Suministro y Aplicación de Esmalte sobre sobre puertas y ventanas metalicas. Incluye anticorrosivo | E26: UNIDAD: | F26: ='PPTO I.E JOSE REINEL'!D53 -> M2
B28: DESCRIPCIÓN | C28: UNIDAD | D28: CANT | E28: V/r UNITARIO | F28: V/r PARCIAL
B29: MATERIALES : | F29: =ROUND(SUM(F30:F32),0) -> 6344
B30: DISOLVENTE THINNER | C30: GAL | D30: 0.03 | E30: ='LISTADO DE MATERIALES'!D$131 -> 38000 | F30: =E30*D30 -> 1140
B31: ESMALTE | C31: GAL | D31: 0.04 | E31: ='LISTADO DE MATERIALES'!D$139 -> 80000 | F31: =E31*D31 -> 3200
B32: LIJA PLIEGO 9"X11" | C32: UND | D32: 1.05 | E32: ='LISTADO DE MATERIALES'!D$201 -> 1909 | F32: =E32*D32 -> 2004.45
B34: EQUIPO Y HERRAMIENTAS: | F34: =ROUND(SUM(F35),0) -> 900
B35: HERRAMIENTA MENOR | C35: UND | D35: 0.3 | E35: ='LISTADO DE MATERIALES'!D$170 -> 3000 | F35: =E35*D35 -> 900
B37: MANO DE OBRA: | F37: =ROUND(SUM(F38),0) -> 10912
B38: MANO DE OBRA PINTURA | C38: HR | D38: 0.35 | E38: =+MO!F$122 -> 31177 | F38: =E38*D38 -> 10911.95
C40: [ M2 ] V/r. COSTO DIRECTO = | F40: =ROUND(F37+F34+F29,0) -> 18156

Sheet 12 LIMPIEZA
B1: =ROTULOS!B2 -> DEPARTAMENTO DEL HUILA
B2: =ROTULOS!B3 -> MUNICIPIO DE PALERMO
B3: =ROTULOS!B4 -> AMPLIACIÓN DE LA SEDE PRINCIPAL DE LA INSTITUCION EDUCATIVA JOSÉ REINEL DEL MUNICIPIO DE PALERMO HUILA
B5: ANÁLISIS DE PRECIOS UNITARIOS - COSTOS DIRECTOS
B7: 12. LIMPIEZA GENERAL
A9: ='PPTO I.E JOSE REINEL'!B55 -> 12.1 | B9: ='PPTO I.E JOSE REINEL'!C55 -> Aseo final de obra | E9: UNIDAD: | F9: ='PPTO I.E JOSE REINEL'!D55 -> M2
B11: DESCRIPCIÓN | C11: UNIDAD | D11: CANT | E11: V/r UNITARIO | F11: V/r PARCIAL
B12: EQUIPO Y HERRAMIENTAS: | F12: =ROUND(SUM(F13:F14),0) -> 2340
B13: HERRAMIENTA MENOR | C13: UND | D13: 0.3 | E13: ='LISTADO DE MATERIALES'!D$170 -> 3000 | F13: =E13*D13 -> 900
B14: IMPLEMENTOS DE ASEO | C14: UND | D14: 0.08 | E14: ='LISTADO DE MATERIALES'!D$537 -> 18000 | F14: =E14*D14 -> 1440
B16: MANO DE OBRA: | F16: =ROUND(SUM(F17),0) -> 367
B17: MANO DE OBRA | C17: HR | D17: 0.033 | E17: =MO!F$32 -> 11112.79 | F17: =E17*D17 -> 366.72
C19: [ M2 ] V/r. COSTO DIRECTO = | F19: =ROUND(F16+F12,0) -> 2707
